Workbook
Name diasuteis: #REF!
Name diasuteis: #REF!
Name diasuteis: #REF!
Name diasuteis: #REF!
Name diasuteis: #REF!
Name diasuteis: #REF!
Name diasuteis: #REF!
Name diasuteis: #REF!
Name diasuteis: #REF!
Name diasuteis: #REF!
Name diasuteis: #REF!
Name diasuteis: #REF!
Name diasuteis: #REF!
Name diasuteis: #REF!
Name diasuteis: #REF!
Name Ferias: #REF!
Name Ferias: #REF!
Name Ferias: #REF!
Name Ferias: #REF!
Name Ferias: #REF!
Name Ferias: #REF!
Name Ferias: #REF!
Name Ferias: #REF!
Name Ferias: #REF!
Name Ferias: #REF!
Name Ferias: #REF!
Name RD: OFFSET(#REF!,(MATCH(SMALL(#REF!,ROW()-10),#REF!,0)-1),0)
Name RD: OFFSET(#REF!,(MATCH(SMALL(#REF!,ROW()-10),#REF!,0)-1),0)
Name RD: OFFSET(#REF!,(MATCH(SMALL(#REF!,ROW()-10),#REF!,0)-1),0)
Name RD: OFFSET(#REF!,(MATCH(SMALL(#REF!,ROW()-10),#REF!,0)-1),0)
Name RD: OFFSET(#REF!,(MATCH(SMALL(#REF!,ROW()-10),#REF!,0)-1),0)
Name RD: OFFSET(#REF!,(MATCH(SMALL(#REF!,ROW()-10),#REF!,0)-1),0)
Name RD: OFFSET(#REF!,(MATCH(SMALL(#REF!,ROW()-10),#REF!,0)-1),0)
Name RD: OFFSET(#REF!,(MATCH(SMALL(#REF!,ROW()-10),#REF!,0)-1),0)
Name RD: OFFSET(#REF!,(MATCH(SMALL(#REF!,ROW()-10),#REF!,0)-1),0)
Name RD: OFFSET(#REF!,(MATCH(SMALL(#REF!,ROW()-10),#REF!,0)-1),0)
Name RD: OFFSET(#REF!,(MATCH(SMALL(#REF!,ROW()-10),#REF!,0)-1),0)

Sheet Reitoria
A1: PROCESSO: 1651/2014/UDESC | D1: OBJETO: AQUISIÇÃO DE MATERIAIS DE EXPEDIENTE PARA A UDESC | I1: VIGÊNCIA DA ATA: 15/04/2015 até 14/04/2016 | L1: AF nº 560/2015 Qtde. DT | M1: AF nº 578/2015 Qtde. DT | N1: AF nº 581/2015 Qtde. DT | O1: AF nº 583/2015 Qtde. DT | P1: AF nº 587/2015 Qtde. DT | Q1: AF nº 588/2015 Qtde. DT | R1: AF nº 1359/2015 Qtde. DT | S1: AF nº 1360/2015 Qtde. DT | T1: AF nº 2140/2015 Qtde. DT | U1: AF nº 2155/2015 Qtde. DT | V1: AF nº 2156/2015 Qtde. DT | W1: AF nº 2157/2015 Qtde. DT | X1: AF nº 2158/2015 Qtde. DT | Y1: AF nº 2159/2015 Qtde. DT | Z1: AF nº 2160/2015 Qtde. DT | AA1: AF nº 0281/2016 Qtde. DT | AB1: AF nº 336/2016 Qtde. DT
A2: CENTRO PARTICIPANTE: Reitoria
A3: FORNECEDOR | B3: LOTE | C3: ITEM | D3: PRODUTO - CARACTERÍSTICAS MÍNIMAS | E3: UNIDADE | F3: MARCA | G3: DETALHAMENTO | H3: Preço UNITÁRIO (R$) | I3: Qtde Registrada | J3: Saldo / Automático | K3: ALERTA | L3: 42121 | M3: 42122 | N3: 42122 | O3: 42122 | P3: 42122 | Q3: 42122 | R3: 42221 | S3: 42221 | T3: 42318 | U3: 42319 | V3: 42319 | W3: 42319 | X3: 42319 | Y3: 42319 | Z3: 42319 | AA3: 42451 | AB3: 42464
A4: LICITAMIX MAT. DE ESC. LTDA ME | B4: 1 | C4: 1 | D4: AGENDA PERMANENTE, PARA MARCAR COMPROMISSOS, com no mínimo 100 folhas. Com fitilho marcador de páginas, medindo aproximadamente 145 X 205mm | E4: Peça | F4: FTD | G4: 33.90.30.16 | H4: 18.92 | I4: 80 | J4: =I4-(SUM(L4:AB4)) -> 55 | K4: =IF(J4<0,"ATENÇÃO","OK") -> OK | L4: 0 | M4: 0 | N4: 0 | O4: 0 | P4: 0 | Q4: 0 | R4: 0 | S4: 0 | T4: 0 | U4: 0 | V4: 0 | W4: 0 | X4: 25 | Y4: 0 | Z4: 0 | AA4: 0 | AB4: 0
C5: 2 | D5: APAGADOR PARA QUADRO BRANCO, com corpo plástico de alta resistência, base com feltro de no mínimo 2mm. Medidas: comprimento entre 15 e 18 cm; largura igual ou maior que 6 cm; altura entre 3cm e 5cm. Espaço no corpo do apagador para armazenar 2 canetas marcadoras para quadro branco. | E5: Peça | F5: KIT | G5: 33.90.30.16 | H5: 5.3 | I5: 20 | J5: =I5-(SUM(L5:AB5)) -> 0 | K5: =IF(J5<0,"ATENÇÃO","OK") -> OK | L5: 20 | M5: 0 | N5: 0 | O5: 0 | P5: 0 | Q5: 0 | R5: 0 | S5: 0 | T5: 0 | U5: 0 | V5: 0 | W5: 0 | X5: 0 | Y5: 0 | Z5: 0 | AA5: 0 | AB5: 0
A6: DIAL DEPARTAMENTOS EIRELI EPP | B6: 2 | C6: 3 | D6: Aplicador/suporte para fita adesiva de 48mm X 50m, com serrilha e cabo para empacotamento | E6: peça | F6: JOCAR | G6: 33.90.30.16 | H6: 13.68 | I6: 10 | J6: =I6-(SUM(L6:AB6)) -> 5 | K6: =IF(J6<0,"ATENÇÃO","OK") -> OK | L6: 0 | M6: 0 | N6: 0 | O6: 0 | P6: 5 | Q6: 0 | R6: 0 | S6: 0 | T6: 0 | U6: 0 | V6: 0 | W6: 0 | X6: 0 | Y6: 0 | Z6: 0 | AA6: 0 | AB6: 0
C7: 4 | D7: BORRACHA DE PAPELARIA NA COR VERDE PARA COLOCAR NA PARTE DE CIMA LAPIS | E7: peça | F7: LEONORA | G7: 33.90.30.16 | H7: 0.07 | J7: =I7-(SUM(L7:AB7)) -> 0 | K7: =IF(J7<0,"ATENÇÃO","OK") -> OK | L7: 0 | M7: 0 | N7: 0 | O7: 0 | P7: 0 | Q7: 0 | R7: 0 | S7: 0 | T7: 0 | U7: 0 | V7: 0 | W7: 0 | X7: 0 | Y7: 0 | Z7: 0 | AA7: 0 | AB7: 0
C8: 5 | D8: BORRACHA PLASTICA, COR BRANCA,COM CINTA PLASTICA,MEDINDO 58X34,5X12mm. Com registro no INMETRO. | E8: peça | F8: LEONORA | G8: 33.90.30.16 | H8: 0.7 | I8: 240 | J8: =I8-(SUM(L8:AB8)) -> 120 | K8: =IF(J8<0,"ATENÇÃO","OK") -> OK | L8: 0 | M8: 0 | N8: 0 | O8: 0 | P8: 120 | Q8: 0 | R8: 0 | S8: 0 | T8: 0 | U8: 0 | V8: 0 | W8: 0 | X8: 0 | Y8: 0 | Z8: 0 | AA8: 0 | AB8: 0
C9: 6 | D9: BARBANTE DE ALGODAO, com 08 (oito) fios, ROLO COM APROXIMADAMENTE 400 GRAMAS | E9: peça | F9: KOREA | G9: 33.90.30.16 | H9: 5.74 | I9: 50 | J9: =I9-(SUM(L9:AB9)) -> 50 | K9: =IF(J9<0,"ATENÇÃO","OK") -> OK | L9: 0 | M9: 0 | N9: 0 | O9: 0 | P9: 0 | Q9: 0 | R9: 0 | S9: 0 | T9: 0 | U9: 0 | V9: 0 | W9: 0 | X9: 0 | Y9: 0 | Z9: 0 | AA9: 0 | AB9: 0
C10: 7 | D10: APONTADOR DE LAPIS, DE PLASTICO, TIPO COLEGIAL, Com recipiente para segurar sobras do lápis apontado, medindo aproximadamente 5 cm | E10: Peça | F10: LEONORA | G10: 33.90.30.16 | H10: 0.45 | I10: 100 | J10: =I10-(SUM(L10:AB10)) -> 100 | K10: =IF(J10<0,"ATENÇÃO","OK") -> OK | L10: 0 | M10: 0 | N10: 0 | O10: 0 | P10: 0 | Q10: 0 | R10: 0 | S10: 0 | T10: 0 | U10: 0 | V10: 0 | W10: 0 | X10: 0 | Y10: 0 | Z10: 0 | AA10: 0 | AB10: 0
C11: 8 | D11: BANDEJA PARA DOCUMENTOS, EM ACRILICO, COM 1 DIVISÃO, na cor transparente – tamanho A4 | E11: Peça | F11: NOVACRIL | G11: 33.90.30.16 | H11: 9.32 | I11: 30 | J11: =I11-(SUM(L11:AB11)) -> 15 | K11: =IF(J11<0,"ATENÇÃO","OK") -> OK | L11: 0 | M11: 0 | N11: 0 | O11: 0 | P11: 15 | Q11: 0 | R11: 0 | S11: 0 | T11: 0 | U11: 0 | V11: 0 | W11: 0 | X11: 0 | Y11: 0 | Z11: 0 | AA11: 0 | AB11: 0
C12: 9 | D12: BANDEJA PARA DOCUMENTOS, EM ACRILICO, COM 2 DIVISOES, na cor transparente – tamanho A4 | E12: Peça | F12: NOVACRIL | G12: 33.90.30.16 | H12: 18.23 | I12: 30 | J12: =I12-(SUM(L12:AB12)) -> 15 | K12: =IF(J12<0,"ATENÇÃO","OK") -> OK | L12: 0 | M12: 0 | N12: 0 | O12: 0 | P12: 15 | Q12: 0 | R12: 0 | S12: 0 | T12: 0 | U12: 0 | V12: 0 | W12: 0 | X12: 0 | Y12: 0 | Z12: 0 | AA12: 0 | AB12: 0
C13: 10 | D13: BANDEJA PARA DOCUMENTOS, EM ACRILICO, COM 3 DIVISOES, NA COR TRANSPARENTE, TAMANHO A4 | E13: Peça | F13: NOVACRIL | G13: 33.90.30.16 | H13: 28.08 | I13: 30 | J13: =I13-(SUM(L13:AB13)) -> 15 | K13: =IF(J13<0,"ATENÇÃO","OK") -> OK | L13: 0 | M13: 0 | N13: 0 | O13: 0 | P13: 15 | Q13: 0 | R13: 0 | S13: 0 | T13: 0 | U13: 0 | V13: 0 | W13: 0 | X13: 0 | Y13: 0 | Z13: 0 | AA13: 0 | AB13: 0
A14: ALEXANDRA DOS PASSOS EIRELI EPP | B14: 3 | C14: 11 | D14: BLOCO DE RASCUNHO, AUTO ADESIVO, medindo 38 X 51mm, pacote com 4 blocos. Adesivos removíveis com 100 folhas, similar a marca post it. | E14: pacote | F14: MAKE | G14: 33.90.30.16 | H14: 2.06 | I14: 400 | J14: =I14-(SUM(L14:AB14)) -> 0 | K14: =IF(J14<0,"ATENÇÃO","OK") -> OK | L14: 0 | M14: 0 | N14: 0 | O14: 0 | P14: 0 | Q14: 192 | R14: 0 | S14: 208 | T14: 0 | U14: 0 | V14: 0 | W14: 0 | X14: 0 | Y14: 0 | Z14: 0 | AA14: 0 | AB14: 0
C15: 12 | D15: BLOCO DE RASCUNHO, AUTO ADESIVO, medindo 76 X 102mm, pacote com 100 folhas, amarelo, para recados. Adesivos removíveis, similar a marca post it. | E15: Peça | F15: JOCAR | G15: 33.90.30.16 | H15: 1.14 | I15: 400 | J15: =I15-(SUM(L15:AB15)) -> 0 | K15: =IF(J15<0,"ATENÇÃO","OK") -> OK | L15: 0 | M15: 0 | N15: 0 | O15: 0 | P15: 0 | Q15: 192 | R15: 0 | S15: 208 | T15: 0 | U15: 0 | V15: 0 | W15: 0 | X15: 0 | Y15: 0 | Z15: 0 | AA15: 0 | AB15: 0
A16: DIAL DEPARTAMENTOS EIRELI EPP | B16: 4 | C16: 13 | D16: ALFINETE COLORIDO, ponta redonda, CAIXA COM 50 UNIDADES | E16: Caixa | F16: JOCAR | G16: 33.90.30.16 | H16: 1.46 | I16: 30 | J16: =I16-(SUM(L16:AB16)) -> 20 | K16: =IF(J16<0,"ATENÇÃO","OK") -> OK | L16: 0 | M16: 0 | N16: 0 | O16: 0 | P16: 10 | Q16: 0 | R16: 0 | S16: 0 | T16: 0 | U16: 0 | V16: 0 | W16: 0 | X16: 0 | Y16: 0 | Z16: 0 | AA16: 0 | AB16: 0
C17: 14 | D17: APAGADOR, PARA QUADRO NEGRO, em madeira, base com feltro, medindo aproximadamente 15 X 6 X 4cm | E17: Peça | F17: CAGEMA | G17: 33.90.30.16 | H17: 1.59 | J17: =I17-(SUM(L17:AB17)) -> 0 | K17: =IF(J17<0,"ATENÇÃO","OK") -> OK | L17: 0 | M17: 0 | N17: 0 | O17: 0 | P17: 0 | Q17: 0 | R17: 0 | S17: 0 | T17: 0 | U17: 0 | V17: 0 | W17: 0 | X17: 0 | Y17: 0 | Z17: 0 | AA17: 0 | AB17: 0
C18: 15 | D18: BOBINA DE PAPEL, TÉRMICO, MEDINDO 57MM X 30M, CAIXA COM 10 UNIDADES, 1 via | E18: Caixa | F18: ALLSOMA | G18: 33.90.30.16 | H18: 19.98 | J18: =I18-(SUM(L18:AB18)) -> 0 | K18: =IF(J18<0,"ATENÇÃO","OK") -> OK | L18: 0 | M18: 0 | N18: 0 | O18: 0 | P18: 0 | Q18: 0 | R18: 0 | S18: 0 | T18: 0 | U18: 0 | V18: 0 | W18: 0 | X18: 0 | Y18: 0 | Z18: 0 | AA18: 0 | AB18: 0
C19: 16 | D19: BLOCO DE PAPEL, FLIP CHART COM PICOTE, COM 50 FOLHAS, medindo aproximadamente 64cm X 88cm. | E19: Peça | F19: S.R | G19: 33.90.30.16 | H19: 14.85 | I19: 5 | J19: =I19-(SUM(L19:AB19)) -> 5 | K19: =IF(J19<0,"ATENÇÃO","OK") -> OK | L19: 0 | M19: 0 | N19: 0 | O19: 0 | P19: 0 | Q19: 0 | R19: 0 | S19: 0 | T19: 0 | U19: 0 | V19: 0 | W19: 0 | X19: 0 | Y19: 0 | Z19: 0 | AA19: 0 | AB19: 0
C20: 17 | D20: BOBINA EM PAPEL PARA MAQUINA, BOBINA DE PAPEL TERMICO,MEDINDO 76MM X 40M, COM 1 VIA, | E20: Peça | F20: ALLSOMA | G20: 33.90.30.16 | H20: 3.11 | J20: =I20-(SUM(L20:AB20)) -> 0 | K20: =IF(J20<0,"ATENÇÃO","OK") -> OK | L20: 0 | M20: 0 | N20: 0 | O20: 0 | P20: 0 | Q20: 0 | R20: 0 | S20: 0 | T20: 0 | U20: 0 | V20: 0 | W20: 0 | X20: 0 | Y20: 0 | Z20: 0 | AA20: 0 | AB20: 0
C21: 18 | D21: CADERNO TIPO ESCOLAR, CAPA DURA, TIPO UNIVERSITARIO, COM 200 FOLHAS, Formato 203 X 280mm | E21: Peça | F21: PANAMERICANA | G21: 33.90.30.16 | H21: 4.58 | I21: 30 | J21: =I21-(SUM(L21:AB21)) -> 20 | K21: =IF(J21<0,"ATENÇÃO","OK") -> OK | L21: 0 | M21: 0 | N21: 0 | O21: 0 | P21: 10 | Q21: 0 | R21: 0 | S21: 0 | T21: 0 | U21: 0 | V21: 0 | W21: 0 | X21: 0 | Y21: 0 | Z21: 0 | AA21: 0 | AB21: 0
C22: 19 | D22: CADERNO TIPO ESCOLAR, TAMANHO PEQUENO COM 48 FOLHAS, capa dura tipo brochura. | E22: Peça | F22: PANAMERICANA | G22: 33.90.30.16 | H22: 1.47 | I22: 30 | J22: =I22-(SUM(L22:AB22)) -> 30 | K22: =IF(J22<0,"ATENÇÃO","OK") -> OK | L22: 0 | M22: 0 | N22: 0 | O22: 0 | P22: 0 | Q22: 0 | R22: 0 | S22: 0 | T22: 0 | U22: 0 | V22: 0 | W22: 0 | X22: 0 | Y22: 0 | Z22: 0 | AA22: 0 | AB22: 0
C23: 20 | D23: Calculadora média (portátil), tela inclinada para 12 dígitos, duas fontes de energia e desligamento (bateria e energia solar) telas de raiz quadrada e porcentagem, tela de apagar o último dígito, medidas aproximadas: 9 x 12 cm. | E23: Peça | F23: CLASSE | G23: 33.90.30.16 | H23: 10.13 | I23: 50 | J23: =I23-(SUM(L23:AB23)) -> 40 | K23: =IF(J23<0,"ATENÇÃO","OK") -> OK | L23: 0 | M23: 0 | N23: 0 | O23: 0 | P23: 10 | Q23: 0 | R23: 0 | S23: 0 | T23: 0 | U23: 0 | V23: 0 | W23: 0 | X23: 0 | Y23: 0 | Z23: 0 | AA23: 0 | AB23: 0
A24: ALEXANDRA DOS PASSOS EIRELI EPP | B24: 5 | C24: 21 | D24: CANETA ESFEROGRAFICA, NA COR AZUL, Corpo em poliestireno cristal, com protetor plástico entre a carga e o corpo da caneta; esfera em tungstênio; espessura da ponta de 1,00mm; formato redondo; ponta em latão usinado com esfera de tungstênio; tampa antiasfixiante. MARCA BIC, justificativa da marca anexada no processo e embasada no relatório de análise de produtos do "INMETRO". | E24: Peça | F24: BIC | G24: 33.90.30.16 | H24: 0.39 | I24: 2300 | J24: =I24-(SUM(L24:AB24)) -> 0 | K24: =IF(J24<0,"ATENÇÃO","OK") -> OK | L24: 0 | M24: 0 | N24: 0 | O24: 0 | P24: 0 | Q24: 1000 | R24: 0 | S24: 500 | T24: 800 | U24: 0 | V24: 0 | W24: 0 | X24: 0 | Y24: 0 | Z24: 0 | AA24: 0 | AB24: 0
C25: 22 | D25: CANETA ESFEROGRAFICA, NA COR PRETA, Corpo em poliestireno cristal, com protetor plástico entre a carga e o corpo da caneta; esfera em tungstênio;formato redondo; ponta em latão usinado com esfera de tungstênio; tampa antiasfixiante. MARCA BIC, justificativa da marca anexada no processo e embasada no relatório de análise de produtos do "INMETRO". | E25: Peça | F25: BIC | G25: 33.90.30.16 | H25: 0.39 | I25: 2300 | J25: =I25-(SUM(L25:AB25)) -> 0 | K25: =IF(J25<0,"ATENÇÃO","OK") -> OK | L25: 0 | M25: 0 | N25: 0 | O25: 0 | P25: 0 | Q25: 1000 | R25: 0 | S25: 300 | T25: 1000 | U25: 0 | V25: 0 | W25: 0 | X25: 0 | Y25: 0 | Z25: 0 | AA25: 0 | AB25: 0
C26: 23 | D26: CANETA ESFEROGRAFICA, NA COR VERDE, Corpo em poliestireno cristal, com protetor plástico entre a carga e o corpo da caneta; esfera em tungstênio; espessura da ponta de 1,00mm; formato redondo; ponta em latão usinado com esfera de tungstênio; tampa antiasfixiante. MARCA BIC, justificativa da marca anexada no processo e embasada no relatório de análise de produtos do "INMETRO". | E26: Peça | F26: BIC | G26: 33.90.30.16 | H26: 0.33 | J26: =I26-(SUM(L26:AB26)) -> 0 | K26: =IF(J26<0,"ATENÇÃO","OK") -> OK | L26: 0 | M26: 0 | N26: 0 | O26: 0 | P26: 0 | Q26: 0 | R26: 0 | S26: 0 | T26: 0 | U26: 0 | V26: 0 | W26: 0 | X26: 0 | Y26: 0 | Z26: 0 | AA26: 0 | AB26: 0
C27: 24 | D27: CANETA ESFEROGRAFICA, NA COR VERMELHA, Corpo em poliestireno cristal, com protetor plástico entre a carga e o corpo da caneta; esfera em tungstênio; espessura da ponta de 1,00mm; formato redondo; ponta em latão usinado com esfera de tungstênio; tampa antiasfixiante. MARCA BIC, justificativa da marca anexada no processo e embasada no relatório de análise de produtos do "INMETRO". | E27: Peça | F27: BIC | G27: 33.90.30.16 | H27: 0.33 | J27: =I27-(SUM(L27:AB27)) -> 0 | K27: =IF(J27<0,"ATENÇÃO","OK") -> OK | L27: 0 | M27: 0 | N27: 0 | O27: 0 | P27: 0 | Q27: 0 | R27: 0 | S27: 0 | T27: 0 | U27: 0 | V27: 0 | W27: 0 | X27: 0 | Y27: 0 | Z27: 0 | AA27: 0 | AB27: 0
A28: DIAL DEPARTAMENTOS EIRELI EPP | B28: 6 | C28: 25 | D28: PINCEL ATOMICO NA COR AZUL, PONTA OBLÍQUA (CHANFRADA), COM REGISTRO NO INMETRO. | E28: Peça | F28: J.STAMP | G28: 33.90.30.16 | H28: 0.82 | I28: 100 | J28: =I28-(SUM(L28:AB28)) -> 100 | K28: =IF(J28<0,"ATENÇÃO","OK") -> OK | L28: 0 | M28: 0 | N28: 0 | O28: 0 | P28: 0 | Q28: 0 | R28: 0 | S28: 0 | T28: 0 | U28: 0 | V28: 0 | W28: 0 | X28: 0 | Y28: 0 | Z28: 0 | AA28: 0 | AB28: 0
C29: 26 | D29: PINCEL ATOMICO NA COR PRETA PONTA OBLÍQUA (CHANFRADA), COM REGISTRO NO INMETRO. | E29: Peça | F29: J.STAMP | G29: 33.90.30.16 | H29: 0.82 | I29: 100 | J29: =I29-(SUM(L29:AB29)) -> 100 | K29: =IF(J29<0,"ATENÇÃO","OK") -> OK | L29: 0 | M29: 0 | N29: 0 | O29: 0 | P29: 0 | Q29: 0 | R29: 0 | S29: 0 | T29: 0 | U29: 0 | V29: 0 | W29: 0 | X29: 0 | Y29: 0 | Z29: 0 | AA29: 0 | AB29: 0
C30: 27 | D30: PINCEL ATOMICO NA COR VERDE PONTA OBLÍQUA (CHANFRADA), COM REGISTRO NO INMETRO. | E30: Peça | F30: J.STAMP | G30: 33.90.30.16 | H30: 0.82 | I30: 100 | J30: =I30-(SUM(L30:AB30)) -> 100 | K30: =IF(J30<0,"ATENÇÃO","OK") -> OK | L30: 0 | M30: 0 | N30: 0 | O30: 0 | P30: 0 | Q30: 0 | R30: 0 | S30: 0 | T30: 0 | U30: 0 | V30: 0 | W30: 0 | X30: 0 | Y30: 0 | Z30: 0 | AA30: 0 | AB30: 0
C31: 28 | D31: PINCEL ATOMICO NA COR VERMELHA PONTA OBLÍQUA (CHANFRADA), COM REGISTRO NO INMETRO. | E31: Peça | F31: J.STAMP | G31: 33.90.30.16 | H31: 0.82 | I31: 100 | J31: =I31-(SUM(L31:AB31)) -> 100 | K31: =IF(J31<0,"ATENÇÃO","OK") -> OK | L31: 0 | M31: 0 | N31: 0 | O31: 0 | P31: 0 | Q31: 0 | R31: 0 | S31: 0 | T31: 0 | U31: 0 | V31: 0 | W31: 0 | X31: 0 | Y31: 0 | Z31: 0 | AA31: 0 | AB31: 0
C32: 29 | D32: CANETA HIDROGRAFICA FOSFORESCENTE PARA DESTAQUE DE TEXTO, NA COR AMARELA, escrita de aproximadamente 3 mm de largura | E32: Peça | F32: JOCAR | G32: 33.90.30.16 | H32: 0.63 | I32: 360 | J32: =I32-(SUM(L32:AB32)) -> 240 | K32: =IF(J32<0,"ATENÇÃO","OK") -> OK | L32: 0 | M32: 0 | N32: 0 | O32: 0 | P32: 120 | Q32: 0 | R32: 0 | S32: 0 | T32: 0 | U32: 0 | V32: 0 | W32: 0 | X32: 0 | Y32: 0 | Z32: 0 | AA32: 0 | AB32: 0
C33: 30 | D33: CANETA HIDROGRAFICA FOSFORESCENTE PARA DESTAQUE DE TEXTO, NA COR VERDE, escrita de aproximadamente 3 mm de largura | E33: Peça | F33: JOCAR | G33: 33.90.30.16 | H33: 0.63 | I33: 240 | J33: =I33-(SUM(L33:AB33)) -> 240 | K33: =IF(J33<0,"ATENÇÃO","OK") -> OK | L33: 0 | M33: 0 | N33: 0 | O33: 0 | P33: 0 | Q33: 0 | R33: 0 | S33: 0 | T33: 0 | U33: 0 | V33: 0 | W33: 0 | X33: 0 | Y33: 0 | Z33: 0 | AA33: 0 | AB33: 0
C34: 31 | D34: CANETA ESFEROGRAFICA, COM TINTA ANTI-FRAUDE, com tinta segura e resistente a teste de água e luz composta de resinas termoplástica, tinta a base de solventes corantes orgânicos, ponta tungstênio, 0,7mm, cor preta. Similar a Unni ball Vision Elite. | E34: Peça | F34: UNIBALL | G34: 33.90.30.16 | H34: 5.51 | I34: 10 | J34: =I34-(SUM(L34:AB34)) -> 10 | K34: =IF(J34<0,"ATENÇÃO","OK") -> OK | L34: 0 | M34: 0 | N34: 0 | O34: 0 | P34: 0 | Q34: 0 | R34: 0 | S34: 0 | T34: 0 | U34: 0 | V34: 0 | W34: 0 | X34: 0 | Y34: 0 | Z34: 0 | AA34: 0 | AB34: 0
C35: 32 | D35: CANETA HIDROCOR, AVULSA - COR AZUL - PONTA DE 2MM | E35: Peça | F35: COMPACTOR | G35: 33.90.30.16 | H35: 0.57 | I35: 24 | J35: =I35-(SUM(L35:AB35)) -> 24 | K35: =IF(J35<0,"ATENÇÃO","OK") -> OK | L35: 0 | M35: 0 | N35: 0 | O35: 0 | P35: 0 | Q35: 0 | R35: 0 | S35: 0 | T35: 0 | U35: 0 | V35: 0 | W35: 0 | X35: 0 | Y35: 0 | Z35: 0 | AA35: 0 | AB35: 0
C36: 33 | D36: CANETA HIDROCOR, AVULSA - COR LARANJA - PONTA DE 2MM | E36: Peça | F36: COMPACTOR | G36: 33.90.30.16 | H36: 0.57 | I36: 24 | J36: =I36-(SUM(L36:AB36)) -> 24 | K36: =IF(J36<0,"ATENÇÃO","OK") -> OK | L36: 0 | M36: 0 | N36: 0 | O36: 0 | P36: 0 | Q36: 0 | R36: 0 | S36: 0 | T36: 0 | U36: 0 | V36: 0 | W36: 0 | X36: 0 | Y36: 0 | Z36: 0 | AA36: 0 | AB36: 0
C37: 34 | D37: CANETA HIDROCOR, AVULSA - COR PRETA - PONTA DE 2MM | E37: Peça | F37: COMPACTOR | G37: 33.90.30.16 | H37: 0.57 | I37: 24 | J37: =I37-(SUM(L37:AB37)) -> 24 | K37: =IF(J37<0,"ATENÇÃO","OK") -> OK | L37: 0 | M37: 0 | N37: 0 | O37: 0 | P37: 0 | Q37: 0 | R37: 0 | S37: 0 | T37: 0 | U37: 0 | V37: 0 | W37: 0 | X37: 0 | Y37: 0 | Z37: 0 | AA37: 0 | AB37: 0
C38: 35 | D38: CANETA HIDROCOR, AVULSA - COR VERDE - PONTA DE 2MM | E38: Peça | F38: COMPACTOR | G38: 33.90.30.16 | H38: 0.57 | I38: 24 | J38: =I38-(SUM(L38:AB38)) -> 24 | K38: =IF(J38<0,"ATENÇÃO","OK") -> OK | L38: 0 | M38: 0 | N38: 0 | O38: 0 | P38: 0 | Q38: 0 | R38: 0 | S38: 0 | T38: 0 | U38: 0 | V38: 0 | W38: 0 | X38: 0 | Y38: 0 | Z38: 0 | AA38: 0 | AB38: 0
C39: 36 | D39: CANETA HIDROCOR, AVULSA - COR VERMELHA - PONTA DE 2MM | E39: Peça | F39: COMPACTOR | G39: 33.90.30.16 | H39: 0.57 | I39: 24 | J39: =I39-(SUM(L39:AB39)) -> 24 | K39: =IF(J39<0,"ATENÇÃO","OK") -> OK | L39: 0 | M39: 0 | N39: 0 | O39: 0 | P39: 0 | Q39: 0 | R39: 0 | S39: 0 | T39: 0 | U39: 0 | V39: 0 | W39: 0 | X39: 0 | Y39: 0 | Z39: 0 | AA39: 0 | AB39: 0
C40: 37 | D40: CANETA HIDROCOR, COM 12 CORES, tamanho grande, lavável, com ponta fina de 2mm, com registro no INMETRO | E40: Jogo | F40: LEONORA | G40: 33.90.30.16 | H40: 2.21 | I40: 80 | J40: =I40-(SUM(L40:AB40)) -> 0 | K40: =IF(J40<0,"ATENÇÃO","OK") -> OK | L40: 0 | M40: 0 | N40: 0 | O40: 0 | P40: 80 | Q40: 0 | R40: 0 | S40: 0 | T40: 0 | U40: 0 | V40: 0 | W40: 0 | X40: 0 | Y40: 0 | Z40: 0 | AA40: 0 | AB40: 0
C41: 38 | D41: Caneta nanquim descartável Linha Técnica.Expessura de traços em(mm):0.5. Caneta descartável com ponta de poliester engastada em metal. Cor da tinta Preta | E41: Unidade | F41: UNIBALL | G41: 33.90.30.16 | H41: 7.03 | J41: =I41-(SUM(L41:AB41)) -> 0 | K41: =IF(J41<0,"ATENÇÃO","OK") -> OK | L41: 0 | M41: 0 | N41: 0 | O41: 0 | P41: 0 | Q41: 0 | R41: 0 | S41: 0 | T41: 0 | U41: 0 | V41: 0 | W41: 0 | X41: 0 | Y41: 0 | Z41: 0 | AA41: 0 | AB41: 0
C42: 39 | D42: Caneta marcador permanente, estojo com 60 cores, profissional, tinta base de água e pontas chanfradas. Similar a "magic color" | E42: Estojo | F42: MAGIC COLOR | G42: 33.90.30.16 | H42: 183.5 | J42: =I42-(SUM(L42:AB42)) -> 0 | K42: =IF(J42<0,"ATENÇÃO","OK") -> OK | L42: 0 | M42: 0 | N42: 0 | O42: 0 | P42: 0 | Q42: 0 | R42: 0 | S42: 0 | T42: 0 | U42: 0 | V42: 0 | W42: 0 | X42: 0 | Y42: 0 | Z42: 0 | AA42: 0 | AB42: 0
C43: 40 | D43: CANETA HIDROGRAFICA FOSFORESCENTE, PARA DESTAQUE DE TEXTO, NA COR LARANJA | E43: Peça | F43: JOCAR | G43: 33.90.30.16 | H43: 0.63 | I43: 120 | J43: =I43-(SUM(L43:AB43)) -> 60 | K43: =IF(J43<0,"ATENÇÃO","OK") -> OK | L43: 0 | M43: 0 | N43: 0 | O43: 0 | P43: 60 | Q43: 0 | R43: 0 | S43: 0 | T43: 0 | U43: 0 | V43: 0 | W43: 0 | X43: 0 | Y43: 0 | Z43: 0 | AA43: 0 | AB43: 0
C44: 41 | D44: CANETA HIDROGRAFICA FOSFORESCENTE, PARA DESTAQUE DE TEXTO, NA COR ROSA | E44: Peça | F44: JOCAR | G44: 33.90.30.16 | H44: 0.63 | I44: 150 | J44: =I44-(SUM(L44:AB44)) -> 150 | K44: =IF(J44<0,"ATENÇÃO","OK") -> OK | L44: 0 | M44: 0 | N44: 0 | O44: 0 | P44: 0 | Q44: 0 | R44: 0 | S44: 0 | T44: 0 | U44: 0 | V44: 0 | W44: 0 | X44: 0 | Y44: 0 | Z44: 0 | AA44: 0 | AB44: 0
C45: 42 | D45: CANETA HIDROGRAFICA FOSFORESCENTE, PARA DESTAQUE DE TEXTO,NA COR AZUL | E45: Peça | F45: JOCAR | G45: 33.90.30.16 | H45: 0.63 | I45: 120 | J45: =I45-(SUM(L45:AB45)) -> 120 | K45: =IF(J45<0,"ATENÇÃO","OK") -> OK | L45: 0 | M45: 0 | N45: 0 | O45: 0 | P45: 0 | Q45: 0 | R45: 0 | S45: 0 | T45: 0 | U45: 0 | V45: 0 | W45: 0 | X45: 0 | Y45: 0 | Z45: 0 | AA45: 0 | AB45: 0
C46: 43 | D46: CANETA MARCADOR PERMANENTE, COR AZUL, para CD e Retroprojetor, ponta 1 à 2mm | E46: Peça | F46: JOCAR | G46: 33.90.30.16 | H46: 0.93 | I46: 36 | J46: =I46-(SUM(L46:AB46)) -> 24 | K46: =IF(J46<0,"ATENÇÃO","OK") -> OK | L46: 0 | M46: 0 | N46: 0 | O46: 0 | P46: 12 | Q46: 0 | R46: 0 | S46: 0 | T46: 0 | U46: 0 | V46: 0 | W46: 0 | X46: 0 | Y46: 0 | Z46: 0 | AA46: 0 | AB46: 0
C47: 44 | D47: CANETA MARCADOR PERMANENTE, COR PRETA PARA CD e Retroprojetor, ponta 1 à 2mm | E47: Peça | F47: JOCAR | G47: 33.90.30.1633.90.30.16 | H47: 0.93 | I47: 36 | J47: =I47-(SUM(L47:AB47)) -> 36 | K47: =IF(J47<0,"ATENÇÃO","OK") -> OK | L47: 0 | M47: 0 | N47: 0 | O47: 0 | P47: 0 | Q47: 0 | R47: 0 | S47: 0 | T47: 0 | U47: 0 | V47: 0 | W47: 0 | X47: 0 | Y47: 0 | Z47: 0 | AA47: 0 | AB47: 0
C48: 45 | D48: CANETA MARCADOR PERMANENTE, COR VERDE, para CD e Retroprojetor, ponta 1 à 2mm | E48: Peça | F48: CIS | G48: 33.90.30.16 | H48: 1.23 | I48: 36 | J48: =I48-(SUM(L48:AB48)) -> 36 | K48: =IF(J48<0,"ATENÇÃO","OK") -> OK | L48: 0 | M48: 0 | N48: 0 | O48: 0 | P48: 0 | Q48: 0 | R48: 0 | S48: 0 | T48: 0 | U48: 0 | V48: 0 | W48: 0 | X48: 0 | Y48: 0 | Z48: 0 | AA48: 0 | AB48: 0
C49: 46 | D49: CANETA MARCADOR PERMANENTE, COR VERMELHA, para CD e Retroprojetor, ponta 1 à 2mm. | E49: Peça | F49: JOCAR | G49: 33.90.30.16 | H49: 0.93 | I49: 36 | J49: =I49-(SUM(L49:AB49)) -> 36 | K49: =IF(J49<0,"ATENÇÃO","OK") -> OK | L49: 0 | M49: 0 | N49: 0 | O49: 0 | P49: 0 | Q49: 0 | R49: 0 | S49: 0 | T49: 0 | U49: 0 | V49: 0 | W49: 0 | X49: 0 | Y49: 0 | Z49: 0 | AA49: 0 | AB49: 0
A50: AQUINPEL SUP. P/ INF. ESC. E PAP. EIRELI | B50: 7 | C50: 47 | D50: CANETA MARCADOR PARA QUADRO BRANCO, NA COR AZUL, não recarregável, ponta arredondada com no mínimo 3mm, refil de no mínimo 5ml. Produto com registro no INMETRO | E50: Peça | F50: GXIN | G50: 33.90.30.16 | H50: 1.97 | I50: 120 | J50: =I50-(SUM(L50:AB50)) -> 96 | K50: =IF(J50<0,"ATENÇÃO","OK") -> OK | L50: 0 | M50: 0 | N50: 0 | O50: 0 | P50: 0 | Q50: 0 | R50: 0 | S50: 0 | T50: 0 | U50: 0 | V50: 0 | W50: 0 | X50: 0 | Y50: 0 | Z50: 24 | AA50: 0 | AB50: 0
C51: 48 | D51: CANETA MARCADOR PARA QUADRO BRANCO, NA COR PRETA, não recarregável, ponta arredondada com no mínimo 3mm, refil de no mínimo 5ml. Produto com registro no INMETRO | E51: Peça | F51: GXIN | G51: 33.90.30.16 | H51: 1.97 | I51: 120 | J51: =I51-(SUM(L51:AB51)) -> 96 | K51: =IF(J51<0,"ATENÇÃO","OK") -> OK | L51: 0 | M51: 0 | N51: 0 | O51: 0 | P51: 0 | Q51: 0 | R51: 0 | S51: 0 | T51: 0 | U51: 0 | V51: 0 | W51: 0 | X51: 0 | Y51: 0 | Z51: 24 | AA51: 0 | AB51: 0
C52: 49 | D52: CANETA MARCADOR PARA QUADRO BRANCO, NA COR VERDE, não recarregável, ponta arredondada com no mínimo 3mm, refil de no mínimo 5ml. Produto com registro no INMETRO | E52: Peça | F52: GXIN | G52: 33.90.30.16 | H52: 1.97 | J52: =I52-(SUM(L52:AB52)) -> 0 | K52: =IF(J52<0,"ATENÇÃO","OK") -> OK | L52: 0 | M52: 0 | N52: 0 | O52: 0 | P52: 0 | Q52: 0 | R52: 0 | S52: 0 | T52: 0 | U52: 0 | V52: 0 | W52: 0 | X52: 0 | Y52: 0 | Z52: 0 | AA52: 0 | AB52: 0
C53: 50 | D53: CANETA MARCADOR PARA QUADRO BRANCO, NA COR VERMELHA, não recarregável, ponta arredondada com no mínimo 3mm, refil de no mínimo 5ml. Produto com registro no INMETRO | E53: Peça | F53: GXIN | G53: 33.90.30.16 | H53: 1.97 | I53: 60 | J53: =I53-(SUM(L53:AB53)) -> 60 | K53: =IF(J53<0,"ATENÇÃO","OK") -> OK | L53: 0 | M53: 0 | N53: 0 | O53: 0 | P53: 0 | Q53: 0 | R53: 0 | S53: 0 | T53: 0 | U53: 0 | V53: 0 | W53: 0 | X53: 0 | Y53: 0 | Z53: 0 | AA53: 0 | AB53: 0
C54: 51 | D54: LIMPADOR PARA QUADRO BRANCO, REMOVEDOR DE MACHAS PARA QUADRO NAO MAGNETICO, em spray líquido, frasco com 60 ml | E54: Peça | F54: RADEX | G54: 33.90.30.16 | H54: 6.47 | I54: 20 | J54: =I54-(SUM(L54:AB54)) -> 15 | K54: =IF(J54<0,"ATENÇÃO","OK") -> OK | L54: 0 | M54: 0 | N54: 0 | O54: 5 | P54: 0 | Q54: 0 | R54: 0 | S54: 0 | T54: 0 | U54: 0 | V54: 0 | W54: 0 | X54: 0 | Y54: 0 | Z54: 0 | AA54: 0 | AB54: 0
A55: DIAL DEPARTAMENTOS EIRELI EPP | B55: 8 | C55: 52 | D55: CAPA DE PROTECAO, PARA DVD/CD, em acrílico transparente, dimensões aproximadas 0,5 X 14 X 12 cm. | E55: Peça | F55: MIDIA | G55: 33.90.30.17 | H55: 1.44 | I55: 300 | J55: =I55-(SUM(L55:AB55)) -> 300 | K55: =IF(J55<0,"ATENÇÃO","OK") -> OK | L55: 0 | M55: 0 | N55: 0 | O55: 0 | P55: 0 | Q55: 0 | R55: 0 | S55: 0 | T55: 0 | U55: 0 | V55: 0 | W55: 0 | X55: 0 | Y55: 0 | Z55: 0 | AA55: 0 | AB55: 0
C56: 53 | D56: CD, MIDIA DE CD, gravavel, R, 700 Mb 80min 52 X | E56: Peça | F56: ELGIN | G56: 33.90.30.17 | H56: 0.51 | I56: 1000 | J56: =I56-(SUM(L56:AB56)) -> 1000 | K56: =IF(J56<0,"ATENÇÃO","OK") -> OK | L56: 0 | M56: 0 | N56: 0 | O56: 0 | P56: 0 | Q56: 0 | R56: 0 | S56: 0 | T56: 0 | U56: 0 | V56: 0 | W56: 0 | X56: 0 | Y56: 0 | Z56: 0 | AA56: 0 | AB56: 0
C57: 54 | D57: CD, REGRAVAVEL - 80 MINUTOS, 700 Mb 80min 52 X | E57: Peça | F57: ELGIN | G57: 33.90.30.17 | H57: 1.94 | I57: 1000 | J57: =I57-(SUM(L57:AB57)) -> 1000 | K57: =IF(J57<0,"ATENÇÃO","OK") -> OK | L57: 0 | M57: 0 | N57: 0 | O57: 0 | P57: 0 | Q57: 0 | R57: 0 | S57: 0 | T57: 0 | U57: 0 | V57: 0 | W57: 0 | X57: 0 | Y57: 0 | Z57: 0 | AA57: 0 | AB57: 0
C58: 55 | D58: DVD - VIRGEM, MIDIAS DVD-RW, RW (regravavel) 4,7 GB, 120 min | E58: Peça | F58: ELGIN | G58: 33.90.30.17 | H58: 2.32 | I58: 1000 | J58: =I58-(SUM(L58:AB58)) -> 1000 | K58: =IF(J58<0,"ATENÇÃO","OK") -> OK | L58: 0 | M58: 0 | N58: 0 | O58: 0 | P58: 0 | Q58: 0 | R58: 0 | S58: 0 | T58: 0 | U58: 0 | V58: 0 | W58: 0 | X58: 0 | Y58: 0 | Z58: 0 | AA58: 0 | AB58: 0
C59: 56 | D59: DVD, MIDIA DE DVD, R (gravável) 120 Min. 4.7 GB | E59: Peça | F59: ELGIN | G59: 33.90.30.17 | H59: 0.57 | I59: 1000 | J59: =I59-(SUM(L59:AB59)) -> 1000 | K59: =IF(J59<0,"ATENÇÃO","OK") -> OK | L59: 0 | M59: 0 | N59: 0 | O59: 0 | P59: 0 | Q59: 0 | R59: 0 | S59: 0 | T59: 0 | U59: 0 | V59: 0 | W59: 0 | X59: 0 | Y59: 0 | Z59: 0 | AA59: 0 | AB59: 0
C60: 57 | D60: Estojo para DVD - em plástico preto com Altura: 8,00mm, Largura: 13,50cm, Profundidade: 20,00cm | E60: Peça | F60: MIDIA | G60: 33.90.30.16 | H60: 2.25 | J60: =I60-(SUM(L60:AB60)) -> 0 | K60: =IF(J60<0,"ATENÇÃO","OK") -> OK | L60: 0 | M60: 0 | N60: 0 | O60: 0 | P60: 0 | Q60: 0 | R60: 0 | S60: 0 | T60: 0 | U60: 0 | V60: 0 | W60: 0 | X60: 0 | Y60: 0 | Z60: 0 | AA60: 0 | AB60: 0
A61: DIAL DEPARTAMENTOS EIRELI EPP | B61: 9 | C61: 58 | D61: Cola líquida branca, lavável, não tóxica, tubo com 90 gramas. Com registro no INMETRO | E61: Peça | F61: PIRATININGA | G61: 33.90.30.16 | H61: 0.66 | I61: 360 | J61: =I61-(SUM(L61:AB61)) -> 280 | K61: =IF(J61<0,"ATENÇÃO","OK") -> OK | L61: 0 | M61: 0 | N61: 0 | O61: 0 | P61: 80 | Q61: 0 | R61: 0 | S61: 0 | T61: 0 | U61: 0 | V61: 0 | W61: 0 | X61: 0 | Y61: 0 | Z61: 0 | AA61: 0 | AB61: 0
C62: 59 | D62: COLA PLASTICA BRANCA,LAVAVEL,NAO TOXICA PASTOSA EM BASTAO COM PESO MINIMO DE 8 GRAMAS .Com registro no INMETRO | E62: Peça | F62: LEONORA | G62: 33.90.30.16 | H62: 0.42 | I62: 360 | J62: =I62-(SUM(L62:AB62)) -> 312 | K62: =IF(J62<0,"ATENÇÃO","OK") -> OK | L62: 0 | M62: 0 | N62: 0 | O62: 0 | P62: 48 | Q62: 0 | R62: 0 | S62: 0 | T62: 0 | U62: 0 | V62: 0 | W62: 0 | X62: 0 | Y62: 0 | Z62: 0 | AA62: 0 | AB62: 0
C63: 60 | D63: CLIPS METALICO NIQUELADO PARA PAPEIS NUMERO 1/0, CAIXA COM 100 UNIDADES | E63: Peça | F63: RAFA | G63: 33.90.30.16 | H63: 1.19 | J63: =I63-(SUM(L63:AB63)) -> 0 | K63: =IF(J63<0,"ATENÇÃO","OK") -> OK | L63: 0 | M63: 0 | N63: 0 | O63: 0 | P63: 0 | Q63: 0 | R63: 0 | S63: 0 | T63: 0 | U63: 0 | V63: 0 | W63: 0 | X63: 0 | Y63: 0 | Z63: 0 | AA63: 0 | AB63: 0
C64: 61 | D64: CLIPS METALICO NIQUELADO PARA PAPEIS NUMERO 6/0 ,CAIXA COM 50 UNIDADES | E64: Peça | F64: RAFA | G64: 33.90.30.16 | H64: 1.36 | J64: =I64-(SUM(L64:AB64)) -> 0 | K64: =IF(J64<0,"ATENÇÃO","OK") -> OK | L64: 0 | M64: 0 | N64: 0 | O64: 0 | P64: 0 | Q64: 0 | R64: 0 | S64: 0 | T64: 0 | U64: 0 | V64: 0 | W64: 0 | X64: 0 | Y64: 0 | Z64: 0 | AA64: 0 | AB64: 0
C65: 62 | D65: CLIPS METALICO NIQUELADO PARA PAPEIS NUMERO 3/0, CAIXA COM 50 UNIDADES | E65: Peça | F65: RAFA | G65: 33.90.30.16 | H65: 1.19 | I65: 200 | J65: =I65-(SUM(L65:AB65)) -> 100 | K65: =IF(J65<0,"ATENÇÃO","OK") -> OK | L65: 0 | M65: 0 | N65: 0 | O65: 0 | P65: 100 | Q65: 0 | R65: 0 | S65: 0 | T65: 0 | U65: 0 | V65: 0 | W65: 0 | X65: 0 | Y65: 0 | Z65: 0 | AA65: 0 | AB65: 0
C66: 63 | D66: COLCHETE LATONADO PARA PAPEIS NUMERO 03,CAIXA COM 72 UNIDADES | E66: Peça | F66: RAFA | G66: 33.90.30.16 | H66: 1.74 | J66: =I66-(SUM(L66:AB66)) -> 0 | K66: =IF(J66<0,"ATENÇÃO","OK") -> OK | L66: 0 | M66: 0 | N66: 0 | O66: 0 | P66: 0 | Q66: 0 | R66: 0 | S66: 0 | T66: 0 | U66: 0 | V66: 0 | W66: 0 | X66: 0 | Y66: 0 | Z66: 0 | AA66: 0 | AB66: 0
C67: 64 | D67: COLCHETE LATONADO PARA PAPEIS NUMERO 08,CAIXA COM 72 UNIDADES | E67: Peça | F67: RAFA | G67: 33.90.30.16 | H67: 2.55 | J67: =I67-(SUM(L67:AB67)) -> 0 | K67: =IF(J67<0,"ATENÇÃO","OK") -> OK | L67: 0 | M67: 0 | N67: 0 | O67: 0 | P67: 0 | Q67: 0 | R67: 0 | S67: 0 | T67: 0 | U67: 0 | V67: 0 | W67: 0 | X67: 0 | Y67: 0 | Z67: 0 | AA67: 0 | AB67: 0
C68: 65 | D68: ELASTICO EM LATEX NUMERO 18 - EMBALAGEM COM 100 gramas | E68: Peça | F68: PREMIER | G68: 33.90.30.16 | H68: 1.82 | I68: 100 | J68: =I68-(SUM(L68:AB68)) -> 100 | K68: =IF(J68<0,"ATENÇÃO","OK") -> OK | L68: 0 | M68: 0 | N68: 0 | O68: 0 | P68: 0 | Q68: 0 | R68: 0 | S68: 0 | T68: 0 | U68: 0 | V68: 0 | W68: 0 | X68: 0 | Y68: 0 | Z68: 0 | AA68: 0 | AB68: 0
C69: 66 | D69: CINTA ELASTICA, PARA PROCESSO, LARGURA APROXIMADA de 4CM e aproximadamente 22 cm de comprimento não esticado | E69: Peça | F69: OLIMPIA | G69: 33.90.30.16 | H69: 0.88 | I69: 500 | J69: =I69-(SUM(L69:AB69)) -> 500 | K69: =IF(J69<0,"ATENÇÃO","OK") -> OK | L69: 0 | M69: 0 | N69: 0 | O69: 0 | P69: 0 | Q69: 0 | R69: 0 | S69: 0 | T69: 0 | U69: 0 | V69: 0 | W69: 0 | X69: 0 | Y69: 0 | Z69: 0 | AA69: 0 | AB69: 0
C70: 67 | D70: CLIPS METALICO NIQUELADO PARA PAPEIS, GALVANIZADO N. 8/0, CAIXA COM 25 UNIDADES | E70: Caixa | F70: RAFA | G70: 33.90.30.16 | H70: 1.15 | J70: =I70-(SUM(L70:AB70)) -> 0 | K70: =IF(J70<0,"ATENÇÃO","OK") -> OK | L70: 0 | M70: 0 | N70: 0 | O70: 0 | P70: 0 | Q70: 0 | R70: 0 | S70: 0 | T70: 0 | U70: 0 | V70: 0 | W70: 0 | X70: 0 | Y70: 0 | Z70: 0 | AA70: 0 | AB70: 0
C71: 68 | D71: CLIPS METALICO NIQUELADO PARA PAPEIS, NUMERO 00 CAIXA COM 100 UNIDADES | E71: Peça | F71: RAFA | G71: 33.90.30.16 | H71: 1.19 | J71: =I71-(SUM(L71:AB71)) -> 0 | K71: =IF(J71<0,"ATENÇÃO","OK") -> OK | L71: 0 | M71: 0 | N71: 0 | O71: 0 | P71: 0 | Q71: 0 | R71: 0 | S71: 0 | T71: 0 | U71: 0 | V71: 0 | W71: 0 | X71: 0 | Y71: 0 | Z71: 0 | AA71: 0 | AB71: 0
C72: 69 | D72: CLIPS METALICO NIQUELADO PARA PAPEIS, NUMERO 04 COM 100 UNIDADES, | E72: Caixa | F72: RAFA | G72: 33.90.30.16 | H72: 1.19 | I72: 200 | J72: =I72-(SUM(L72:AB72)) -> 100 | K72: =IF(J72<0,"ATENÇÃO","OK") -> OK | L72: 0 | M72: 0 | N72: 0 | O72: 0 | P72: 100 | Q72: 0 | R72: 0 | S72: 0 | T72: 0 | U72: 0 | V72: 0 | W72: 0 | X72: 0 | Y72: 0 | Z72: 0 | AA72: 0 | AB72: 0
C73: 70 | D73: CLIPS METALICO NIQUELADO PARA PAPEIS, NUMERO 2/0, CAIXA COM 100 UNIDADES | E73: Caixa | F73: RAFA | G73: 33.90.30.16 | H73: 1.19 | I73: 200 | J73: =I73-(SUM(L73:AB73)) -> 200 | K73: =IF(J73<0,"ATENÇÃO","OK") -> OK | L73: 0 | M73: 0 | N73: 0 | O73: 0 | P73: 0 | Q73: 0 | R73: 0 | S73: 0 | T73: 0 | U73: 0 | V73: 0 | W73: 0 | X73: 0 | Y73: 0 | Z73: 0 | AA73: 0 | AB73: 0
C74: 71 | D74: CLIPS, TIPO PREDENDOR DE PAPEL, MEDINDO 19MM, CAIXA COM 12 peças, corpo de metal com pintura epóxi e presilha em aço inoxidável. | E74: Caixa | F74: BRW | G74: 33.90.30.16 | H74: 1.34 | I74: 60 | J74: =I74-(SUM(L74:AB74)) -> 60 | K74: =IF(J74<0,"ATENÇÃO","OK") -> OK | L74: 0 | M74: 0 | N74: 0 | O74: 0 | P74: 0 | Q74: 0 | R74: 0 | S74: 0 | T74: 0 | U74: 0 | V74: 0 | W74: 0 | X74: 0 | Y74: 0 | Z74: 0 | AA74: 0 | AB74: 0
C75: 72 | D75: CLIPS, TIPO PRENDEDOR DE PAPEL, MEDINDO 32MM,CAIXA COM 12 peças, corpo de metal com pintura epóxi e presilha em aço inoxidável. | E75: Caixa | F75: BRW | G75: 33.90.30.16 | H75: 3.4 | I75: 60 | J75: =I75-(SUM(L75:AB75)) -> 60 | K75: =IF(J75<0,"ATENÇÃO","OK") -> OK | L75: 0 | M75: 0 | N75: 0 | O75: 0 | P75: 0 | Q75: 0 | R75: 0 | S75: 0 | T75: 0 | U75: 0 | V75: 0 | W75: 0 | X75: 0 | Y75: 0 | Z75: 0 | AA75: 0 | AB75: 0
C76: 73 | D76: CLIPS, TIPO PRENDEDOR,MEDINDO 51MM, CAIXA COM 12 peças, corpo de metal com pintura epóxi e presilha em aço inoxidável. | E76: Caixa | F76: BRW | G76: 33.90.30.16 | H76: 8.55 | I76: 60 | J76: =I76-(SUM(L76:AB76)) -> 60 | K76: =IF(J76<0,"ATENÇÃO","OK") -> OK | L76: 0 | M76: 0 | N76: 0 | O76: 0 | P76: 0 | Q76: 0 | R76: 0 | S76: 0 | T76: 0 | U76: 0 | V76: 0 | W76: 0 | X76: 0 | Y76: 0 | Z76: 0 | AA76: 0 | AB76: 0
C77: 74 | D77: CORRETIVO LIQUIDO, OPACO FRASCO COM 18ml, a base de água, não tóxico, com registro no INMETRO. | E77: Frasco | F77: ATIMA | G77: 33.90.30.16 | H77: 0.76 | I77: 24 | J77: =I77-(SUM(L77:AB77)) -> 0 | K77: =IF(J77<0,"ATENÇÃO","OK") -> OK | L77: 0 | M77: 0 | N77: 0 | O77: 0 | P77: 24 | Q77: 0 | R77: 0 | S77: 0 | T77: 0 | U77: 0 | V77: 0 | W77: 0 | X77: 0 | Y77: 0 | Z77: 0 | AA77: 0 | AB77: 0
C78: 75 | D78: CORRETIVO LIQUIDO, TIPO CANETA, secagem rápida, atóxico, mínimo 7ml, com registro no INMETRO. | E78: Peça | F78: JOCAR | G78: 33.90.30.16 | H78: 1.98 | I78: 60 | J78: =I78-(SUM(L78:AB78)) -> 36 | K78: =IF(J78<0,"ATENÇÃO","OK") -> OK | L78: 0 | M78: 0 | N78: 0 | O78: 0 | P78: 24 | Q78: 0 | R78: 0 | S78: 0 | T78: 0 | U78: 0 | V78: 0 | W78: 0 | X78: 0 | Y78: 0 | Z78: 0 | AA78: 0 | AB78: 0
C79: 76 | D79: Cola líquida branca, lavável, não tóxica, tubo com 1kg. Com registro no INMETRO | E79: Unidade | F79: PIRATININGA | G79: 33.90.30.16 | H79: 4.54 | J79: =I79-(SUM(L79:AB79)) -> 0 | K79: =IF(J79<0,"ATENÇÃO","OK") -> OK | L79: 0 | M79: 0 | N79: 0 | O79: 0 | P79: 0 | Q79: 0 | R79: 0 | S79: 0 | T79: 0 | U79: 0 | V79: 0 | W79: 0 | X79: 0 | Y79: 0 | Z79: 0 | AA79: 0 | AB79: 0
C80: 77 | D80: Cola líquida branca, lavável, não tóxica, tubo com 250g. Com registro no INMETRO | E80: Unidade | F80: PIRATININGA | G80: 33.90.30.16 | H80: 1.84 | J80: =I80-(SUM(L80:AB80)) -> 0 | K80: =IF(J80<0,"ATENÇÃO","OK") -> OK | L80: 0 | M80: 0 | N80: 0 | O80: 0 | P80: 0 | Q80: 0 | R80: 0 | S80: 0 | T80: 0 | U80: 0 | V80: 0 | W80: 0 | X80: 0 | Y80: 0 | Z80: 0 | AA80: 0 | AB80: 0
A81: ALEXANDRA DOS PASSOS EIRELI EPP | B81: 10 | C81: 78 | D81: CRACHA PARA IDENTIFICACAO, bolsa em PVC cristal, tamanho aproximado de 10 X 15cm, PVC 20 vertical, com cordão PVC. | E81: Peça | F81: DAC | G81: 33.90.30.16 | H81: 0.75 | I81: 3000 | J81: =I81-(SUM(L81:AB81)) -> 1500 | K81: =IF(J81<0,"ATENÇÃO","OK") -> OK | L81: 0 | M81: 0 | N81: 0 | O81: 0 | P81: 0 | Q81: 0 | R81: 0 | S81: 1500 | T81: 0 | U81: 0 | V81: 0 | W81: 0 | X81: 0 | Y81: 0 | Z81: 0 | AA81: 0 | AB81: 0
C82: 79 | D82: CRACHA PARA IDENTIFICACAO, PARA EVENTOS, com grampo metal tipo jacaré, tamanho 7X10cm | E82: Peça | F82: DAC | G82: 33.90.30.16 | H82: 0.57 | I82: 3000 | J82: =I82-(SUM(L82:AB82)) -> 3000 | K82: =IF(J82<0,"ATENÇÃO","OK") -> OK | L82: 0 | M82: 0 | N82: 0 | O82: 0 | P82: 0 | Q82: 0 | R82: 0 | S82: 0 | T82: 0 | U82: 0 | V82: 0 | W82: 0 | X82: 0 | Y82: 0 | Z82: 0 | AA82: 0 | AB82: 0
A83: CLEONICE OLIVEIRA DOS SANTOS ME | B83: 11 | C83: 80 | D83: DISPLAY EM ACRILICO, TRANSPARENTE PARA FOLHA A4, para sinalizar e identificar portas. Produzido em acrilico 2mm cristal dobrável, para áreas internas ou externas, suporte adesivo dupla face para fixação em qualquer superfície plana. Tamanho aproximado: 320X225mm. | E83: Peça | F83: COMVISÃO | G83: 33.90.30.16 | H83: 24.5 | I83: 120 | J83: =I83-(SUM(L83:AB83)) -> 0 | K83: =IF(J83<0,"ATENÇÃO","OK") -> OK | L83: 0 | M83: 0 | N83: 0 | O83: 0 | P83: 0 | Q83: 0 | R83: 0 | S83: 0 | T83: 0 | U83: 0 | V83: 120 | W83: 0 | X83: 0 | Y83: 0 | Z83: 0 | AA83: 0 | AB83: 0
C84: 81 | D84: DISPLAY EM ACRILICO, TRANSPARENTE, PARA FOLHA A3 | E84: Peça | F84: COMVISÃO | G84: 33.90.30.16 | H84: 39 | I84: 4 | J84: =I84-(SUM(L84:AB84)) -> 4 | K84: =IF(J84<0,"ATENÇÃO","OK") -> OK | L84: 0 | M84: 0 | N84: 0 | O84: 0 | P84: 0 | Q84: 0 | R84: 0 | S84: 0 | T84: 0 | U84: 0 | V84: 0 | W84: 0 | X84: 0 | Y84: 0 | Z84: 0 | AA84: 0 | AB84: 0
A85: DIAL DEPARTAMENTOS EIRELI EPP | B85: 12 | C85: 82 | D85: ESTILETE DE CORTE, LARGO, medindo aproximadamente 15cm, com lâmina de 2 cm de largura inclusa, cabo plástico, com registro no INMETRO | E85: Peça | F85: JOCAR | G85: 33.90.30.16 | H85: 0.81 | I85: 60 | J85: =I85-(SUM(L85:AB85)) -> 36 | K85: =IF(J85<0,"ATENÇÃO","OK") -> OK | L85: 0 | M85: 0 | N85: 0 | O85: 0 | P85: 24 | Q85: 0 | R85: 0 | S85: 0 | T85: 0 | U85: 0 | V85: 0 | W85: 0 | X85: 0 | Y85: 0 | Z85: 0 | AA85: 0 | AB85: 0
C86: 83 | D86: CARTOLINA MED. 50 X 65 CM COM 180GR/M2, NA COR AMARELA | E86: Folha | F86: BIGNARD | G86: 33.90.30.16 | H86: 0.39 | I86: 150 | J86: =I86-(SUM(L86:AB86)) -> 50 | K86: =IF(J86<0,"ATENÇÃO","OK") -> OK | L86: 0 | M86: 0 | N86: 0 | O86: 0 | P86: 100 | Q86: 0 | R86: 0 | S86: 0 | T86: 0 | U86: 0 | V86: 0 | W86: 0 | X86: 0 | Y86: 0 | Z86: 0 | AA86: 0 | AB86: 0
C87: 84 | D87: CARTOLINA MED. 50 X 65 CM COM 180GR/M2, NA COR AZUL CLARO | E87: Folha | F87: BIGNARD | G87: 33.90.30.16 | H87: 0.39 | I87: 150 | J87: =I87-(SUM(L87:AB87)) -> 50 | K87: =IF(J87<0,"ATENÇÃO","OK") -> OK | L87: 0 | M87: 0 | N87: 0 | O87: 0 | P87: 100 | Q87: 0 | R87: 0 | S87: 0 | T87: 0 | U87: 0 | V87: 0 | W87: 0 | X87: 0 | Y87: 0 | Z87: 0 | AA87: 0 | AB87: 0
C88: 85 | D88: CARTOLINA MED. 50 X 65 CM COM 180GR/M2, NA COR BRANCA | E88: Folha | F88: BIGNARD | G88: 33.90.30.16 | H88: 0.39 | I88: 200 | J88: =I88-(SUM(L88:AB88)) -> 200 | K88: =IF(J88<0,"ATENÇÃO","OK") -> OK | L88: 0 | M88: 0 | N88: 0 | O88: 0 | P88: 0 | Q88: 0 | R88: 0 | S88: 0 | T88: 0 | U88: 0 | V88: 0 | W88: 0 | X88: 0 | Y88: 0 | Z88: 0 | AA88: 0 | AB88: 0
C89: 86 | D89: CARTOLINA MED. 50 X 65 CM COM 180GR/M2, NA COR ROSA | E89: Folha | F89: BIGNARD | G89: 33.90.30.16 | H89: 0.39 | I89: 150 | J89: =I89-(SUM(L89:AB89)) -> 50 | K89: =IF(J89<0,"ATENÇÃO","OK") -> OK | L89: 0 | M89: 0 | N89: 0 | O89: 0 | P89: 100 | Q89: 0 | R89: 0 | S89: 0 | T89: 0 | U89: 0 | V89: 0 | W89: 0 | X89: 0 | Y89: 0 | Z89: 0 | AA89: 0 | AB89: 0
C90: 87 | D90: CARTOLINA MED. 50 X 65 CM COM 180GR/M2, NA COR VERDE | E90: Folha | F90: BIGNARD | G90: 33.90.30.16 | H90: 0.39 | I90: 150 | J90: =I90-(SUM(L90:AB90)) -> 50 | K90: =IF(J90<0,"ATENÇÃO","OK") -> OK | L90: 0 | M90: 0 | N90: 0 | O90: 0 | P90: 100 | Q90: 0 | R90: 0 | S90: 0 | T90: 0 | U90: 0 | V90: 0 | W90: 0 | X90: 0 | Y90: 0 | Z90: 0 | AA90: 0 | AB90: 0
C91: 88 | D91: ETIL VINIL ACETATO (E.V.A), COR LARANJA MEDINDO 40X60 | E91: Folha | F91: MAKE | G91: 33.90.30.16 | H91: 1 | J91: =I91-(SUM(L91:AB91)) -> 0 | K91: =IF(J91<0,"ATENÇÃO","OK") -> OK | L91: 0 | M91: 0 | N91: 0 | O91: 0 | P91: 0 | Q91: 0 | R91: 0 | S91: 0 | T91: 0 | U91: 0 | V91: 0 | W91: 0 | X91: 0 | Y91: 0 | Z91: 0 | AA91: 0 | AB91: 0
C92: 89 | D92: ETIL VINIL ACETATO (E.V.A), COR MARROM MEDINDO 40X60 | E92: Folha | F92: MAKE | G92: 33.90.30.16 | H92: 1 | J92: =I92-(SUM(L92:AB92)) -> 0 | K92: =IF(J92<0,"ATENÇÃO","OK") -> OK | L92: 0 | M92: 0 | N92: 0 | O92: 0 | P92: 0 | Q92: 0 | R92: 0 | S92: 0 | T92: 0 | U92: 0 | V92: 0 | W92: 0 | X92: 0 | Y92: 0 | Z92: 0 | AA92: 0 | AB92: 0
C93: 90 | D93: ETIL VINIL ACETATO (E.V.A), COR PRETA MEDINDO 40X60 | E93: Folha | F93: MAKE | G93: 33.90.30.16 | H93: 1 | J93: =I93-(SUM(L93:AB93)) -> 0 | K93: =IF(J93<0,"ATENÇÃO","OK") -> OK | L93: 0 | M93: 0 | N93: 0 | O93: 0 | P93: 0 | Q93: 0 | R93: 0 | S93: 0 | T93: 0 | U93: 0 | V93: 0 | W93: 0 | X93: 0 | Y93: 0 | Z93: 0 | AA93: 0 | AB93: 0
C94: 91 | D94: ETIL VINIL ACETATO (E.V.A), COR VERDE MEDINDO 40X60, VERDE ESCURO | E94: Folha | F94: MAKE | G94: 33.90.30.16 | H94: 1 | J94: =I94-(SUM(L94:AB94)) -> 0 | K94: =IF(J94<0,"ATENÇÃO","OK") -> OK | L94: 0 | M94: 0 | N94: 0 | O94: 0 | P94: 0 | Q94: 0 | R94: 0 | S94: 0 | T94: 0 | U94: 0 | V94: 0 | W94: 0 | X94: 0 | Y94: 0 | Z94: 0 | AA94: 0 | AB94: 0
C95: 92 | D95: ETIL VINIL ACETATO (E.V.A), COR VERDE MEDINDO 40X60, VERMELHA | E95: Folha | F95: MAKE | G95: 33.90.30.16 | H95: 1 | J95: =I95-(SUM(L95:AB95)) -> 0 | K95: =IF(J95<0,"ATENÇÃO","OK") -> OK | L95: 0 | M95: 0 | N95: 0 | O95: 0 | P95: 0 | Q95: 0 | R95: 0 | S95: 0 | T95: 0 | U95: 0 | V95: 0 | W95: 0 | X95: 0 | Y95: 0 | Z95: 0 | AA95: 0 | AB95: 0
C96: 93 | D96: ETIQUETA AUTO ADESIVA, brana, medindo.25,4 X 66,7mm, caixa com 25 folhas | E96: Caixa | F96: IMPRIMASTER | G96: 33.90.30.16 | H96: 5 | I96: 50 | J96: =I96-(SUM(L96:AB96)) -> 50 | K96: =IF(J96<0,"ATENÇÃO","OK") -> OK | L96: 0 | M96: 0 | N96: 0 | O96: 0 | P96: 0 | Q96: 0 | R96: 0 | S96: 0 | T96: 0 | U96: 0 | V96: 0 | W96: 0 | X96: 0 | Y96: 0 | Z96: 0 | AA96: 0 | AB96: 0
C97: 94 | D97: ETIQUETA AUTO ADESIVA, branca medindo 44,45 X 12,7mm, caixa com 25 folhas | E97: Caixa | F97: IMPRIMASTER | G97: 33.90.30.16 | H97: 5 | I97: 50 | J97: =I97-(SUM(L97:AB97)) -> 50 | K97: =IF(J97<0,"ATENÇÃO","OK") -> OK | L97: 0 | M97: 0 | N97: 0 | O97: 0 | P97: 0 | Q97: 0 | R97: 0 | S97: 0 | T97: 0 | U97: 0 | V97: 0 | W97: 0 | X97: 0 | Y97: 0 | Z97: 0 | AA97: 0 | AB97: 0
C98: 95 | D98: ETIQUETA AUTO ADESIVA, BRANCA, medindo 101,6 X 33,9mm, folha com 14 etiquetas, caixa com 25 folhas | E98: Caixa | F98: IMPRIMASTER | G98: 33.90.30.16 | H98: 5 | I98: 50 | J98: =I98-(SUM(L98:AB98)) -> 30 | K98: =IF(J98<0,"ATENÇÃO","OK") -> OK | L98: 0 | M98: 0 | N98: 0 | O98: 0 | P98: 20 | Q98: 0 | R98: 0 | S98: 0 | T98: 0 | U98: 0 | V98: 0 | W98: 0 | X98: 0 | Y98: 0 | Z98: 0 | AA98: 0 | AB98: 0
C99: 96 | D99: ETIQUETA AUTO ADESIVA, branca, medindo 38,10 X 99,10mm, FOLHA COM 14 ETIQUETAS, caixa com 25 folhas | E99: Caixa | F99: IMPRIMASTER | G99: 33.90.30.16 | H99: 5 | I99: 50 | J99: =I99-(SUM(L99:AB99)) -> 50 | K99: =IF(J99<0,"ATENÇÃO","OK") -> OK | L99: 0 | M99: 0 | N99: 0 | O99: 0 | P99: 0 | Q99: 0 | R99: 0 | S99: 0 | T99: 0 | U99: 0 | V99: 0 | W99: 0 | X99: 0 | Y99: 0 | Z99: 0 | AA99: 0 | AB99: 0
C100: 97 | D100: ETIQUETA AUTO ADESIVA, reforço plástico, transparente, 14,5mm de diâmetro, caixa com 150 peças. | E100: Caixa | F100: PIMACO | G100: 33.90.30.16 | H100: 3.52 | I100: 10 | J100: =I100-(SUM(L100:AB100)) -> 10 | K100: =IF(J100<0,"ATENÇÃO","OK") -> OK | L100: 0 | M100: 0 | N100: 0 | O100: 0 | P100: 0 | Q100: 0 | R100: 0 | S100: 0 | T100: 0 | U100: 0 | V100: 0 | W100: 0 | X100: 0 | Y100: 0 | Z100: 0 | AA100: 0 | AB100: 0
...

Sheet ESAG
A1: PROCESSO: 1651/2014/UDESC | D1: OBJETO: AQUISIÇÃO DE MATERIAIS DE EXPEDIENTE PARA A UDESC | I1: VIGÊNCIA DA ATA: 15/04/2015 até 14/04/2016 | L1: AF/OS nº 649/2015 Qtde. DT | M1: AF/OS nº 664/2015 Qtde. DT | N1: AF/OS nº 689/2015 Qtde. DT | O1: AF/OS nº 345/2016 Qtde. DT | P1: AF/OS nº 346/2016 Qtde. DT | Q1: AF/OS nº 347/2016 Qtde. DT
A2: CENTRO PARTICIPANTE: ESAG
A3: FORNECEDOR | B3: LOTE | C3: ITEM | D3: PRODUTO - CARACTERÍSTICAS MÍNIMAS | E3: UNIDADE | F3: MARCA | G3: DETALHAMENTO | H3: Preço UNITÁRIO (R$) | I3: Qtde Registrada | J3: Saldo / Automático | K3: ALERTA | L3: ...../...../...... | M3: ...../...../...... | N3: ...../...../...... | O3: ...../...../...... | P3: ...../...../...... | Q3: ...../...../......
A4: LICITAMIX MAT. DE ESC. LTDA ME | B4: 1 | C4: 1 | D4: AGENDA PERMANENTE, PARA MARCAR COMPROMISSOS, com no mínimo 100 folhas. Com fitilho marcador de páginas, medindo aproximadamente 145 X 205mm | E4: Peça | F4: FTD | G4: 33.90.30.16 | H4: 18.92 | I4: 150 | J4: =I4-(SUM(L4:Q4)) -> 150 | K4: =IF(J4<0,"ATENÇÃO","OK") -> OK
C5: 2 | D5: APAGADOR PARA QUADRO BRANCO, com corpo plástico de alta resistência, base com feltro de no mínimo 2mm. Medidas: comprimento entre 15 e 18 cm; largura igual ou maior que 6 cm; altura entre 3cm e 5cm. Espaço no corpo do apagador para armazenar 2 canetas marcadoras para quadro branco. | E5: Peça | F5: KIT | G5: 33.90.30.16 | H5: 5.3 | I5: 300 | J5: =I5-(SUM(L5:Q5)) -> 280 | K5: =IF(J5<0,"ATENÇÃO","OK") -> OK | Q5: 20
A6: DIAL DEPARTAMENTOS EIRELI EPP | B6: 2 | C6: 3 | D6: Aplicador/suporte para fita adesiva de 48mm X 50m, com serrilha e cabo para empacotamento | E6: peça | F6: JOCAR | G6: 33.90.30.16 | H6: 13.68 | J6: =I6-(SUM(L6:Q6)) -> 0 | K6: =IF(J6<0,"ATENÇÃO","OK") -> OK
C7: 4 | D7: BORRACHA DE PAPELARIA NA COR VERDE PARA COLOCAR NA PARTE DE CIMA LAPIS | E7: peça | F7: LEONORA | G7: 33.90.30.16 | H7: 0.07 | I7: 100 | J7: =I7-(SUM(L7:Q7)) -> 100 | K7: =IF(J7<0,"ATENÇÃO","OK") -> OK
C8: 5 | D8: BORRACHA PLASTICA, COR BRANCA,COM CINTA PLASTICA,MEDINDO 58X34,5X12mm. Com registro no INMETRO. | E8: peça | F8: LEONORA | G8: 33.90.30.16 | H8: 0.7 | I8: 100 | J8: =I8-(SUM(L8:Q8)) -> 100 | K8: =IF(J8<0,"ATENÇÃO","OK") -> OK
C9: 6 | D9: BARBANTE DE ALGODAO, com 08 (oito) fios, ROLO COM APROXIMADAMENTE 400 GRAMAS | E9: peça | F9: KOREA | G9: 33.90.30.16 | H9: 5.74 | I9: 10 | J9: =I9-(SUM(L9:Q9)) -> 10 | K9: =IF(J9<0,"ATENÇÃO","OK") -> OK
C10: 7 | D10: APONTADOR DE LAPIS, DE PLASTICO, TIPO COLEGIAL, Com recipiente para segurar sobras do lápis apontado, medindo aproximadamente 5 cm | E10: Peça | F10: LEONORA | G10: 33.90.30.16 | H10: 0.45 | I10: 100 | J10: =I10-(SUM(L10:Q10)) -> 76 | K10: =IF(J10<0,"ATENÇÃO","OK") -> OK | N10: 24
C11: 8 | D11: BANDEJA PARA DOCUMENTOS, EM ACRILICO, COM 1 DIVISÃO, na cor transparente – tamanho A4 | E11: Peça | F11: NOVACRIL | G11: 33.90.30.16 | H11: 9.32 | I11: 30 | J11: =I11-(SUM(L11:Q11)) -> 25 | K11: =IF(J11<0,"ATENÇÃO","OK") -> OK | N11: 5
C12: 9 | D12: BANDEJA PARA DOCUMENTOS, EM ACRILICO, COM 2 DIVISOES, na cor transparente – tamanho A4 | E12: Peça | F12: NOVACRIL | G12: 33.90.30.16 | H12: 18.23 | I12: 30 | J12: =I12-(SUM(L12:Q12)) -> 25 | K12: =IF(J12<0,"ATENÇÃO","OK") -> OK | N12: 5
C13: 10 | D13: BANDEJA PARA DOCUMENTOS, EM ACRILICO, COM 3 DIVISOES, NA COR TRANSPARENTE, TAMANHO A4 | E13: Peça | F13: NOVACRIL | G13: 33.90.30.16 | H13: 28.08 | I13: 30 | J13: =I13-(SUM(L13:Q13)) -> 27 | K13: =IF(J13<0,"ATENÇÃO","OK") -> OK | N13: 3
A14: ALEXANDRA DOS PASSOS EIRELI EPP | B14: 3 | C14: 11 | D14: BLOCO DE RASCUNHO, AUTO ADESIVO, medindo 38 X 51mm, pacote com 4 blocos. Adesivos removíveis com 100 folhas, similar a marca post it. | E14: pacote | F14: MAKE | G14: 33.90.30.16 | H14: 2.06 | I14: 200 | J14: =I14-(SUM(L14:Q14)) -> 175 | K14: =IF(J14<0,"ATENÇÃO","OK") -> OK | P14: 25
C15: 12 | D15: BLOCO DE RASCUNHO, AUTO ADESIVO, medindo 76 X 102mm, pacote com 100 folhas, amarelo, para recados. Adesivos removíveis, similar a marca post it. | E15: Peça | F15: JOCAR | G15: 33.90.30.16 | H15: 1.14 | I15: 200 | J15: =I15-(SUM(L15:Q15)) -> 175 | K15: =IF(J15<0,"ATENÇÃO","OK") -> OK | P15: 25
A16: DIAL DEPARTAMENTOS EIRELI EPP | B16: 4 | C16: 13 | D16: ALFINETE COLORIDO, ponta redonda, CAIXA COM 50 UNIDADES | E16: Caixa | F16: JOCAR | G16: 33.90.30.16 | H16: 1.46 | I16: 50 | J16: =I16-(SUM(L16:Q16)) -> 40 | K16: =IF(J16<0,"ATENÇÃO","OK") -> OK | N16: 10
C17: 14 | D17: APAGADOR, PARA QUADRO NEGRO, em madeira, base com feltro, medindo aproximadamente 15 X 6 X 4cm | E17: Peça | F17: CAGEMA | G17: 33.90.30.16 | H17: 1.59 | J17: =I17-(SUM(L17:Q17)) -> 0 | K17: =IF(J17<0,"ATENÇÃO","OK") -> OK
C18: 15 | D18: BOBINA DE PAPEL, TÉRMICO, MEDINDO 57MM X 30M, CAIXA COM 10 UNIDADES, 1 via | E18: Caixa | F18: ALLSOMA | G18: 33.90.30.16 | H18: 19.98 | J18: =I18-(SUM(L18:Q18)) -> 0 | K18: =IF(J18<0,"ATENÇÃO","OK") -> OK
C19: 16 | D19: BLOCO DE PAPEL, FLIP CHART COM PICOTE, COM 50 FOLHAS, medindo aproximadamente 64cm X 88cm. | E19: Peça | F19: S.R | G19: 33.90.30.16 | H19: 14.85 | I19: 5 | J19: =I19-(SUM(L19:Q19)) -> 5 | K19: =IF(J19<0,"ATENÇÃO","OK") -> OK
C20: 17 | D20: BOBINA EM PAPEL PARA MAQUINA, BOBINA DE PAPEL TERMICO,MEDINDO 76MM X 40M, COM 1 VIA, | E20: Peça | F20: ALLSOMA | G20: 33.90.30.16 | H20: 3.11 | J20: =I20-(SUM(L20:Q20)) -> 0 | K20: =IF(J20<0,"ATENÇÃO","OK") -> OK
C21: 18 | D21: CADERNO TIPO ESCOLAR, CAPA DURA, TIPO UNIVERSITARIO, COM 200 FOLHAS, Formato 203 X 280mm | E21: Peça | F21: PANAMERICANA | G21: 33.90.30.16 | H21: 4.58 | I21: 50 | J21: =I21-(SUM(L21:Q21)) -> 45 | K21: =IF(J21<0,"ATENÇÃO","OK") -> OK | N21: 5
C22: 19 | D22: CADERNO TIPO ESCOLAR, TAMANHO PEQUENO COM 48 FOLHAS, capa dura tipo brochura. | E22: Peça | F22: PANAMERICANA | G22: 33.90.30.16 | H22: 1.47 | I22: 50 | J22: =I22-(SUM(L22:Q22)) -> 45 | K22: =IF(J22<0,"ATENÇÃO","OK") -> OK | N22: 5
C23: 20 | D23: Calculadora média (portátil), tela inclinada para 12 dígitos, duas fontes de energia e desligamento (bateria e energia solar) telas de raiz quadrada e porcentagem, tela de apagar o último dígito, medidas aproximadas: 9 x 12 cm. | E23: Peça | F23: CLASSE | G23: 33.90.30.16 | H23: 10.13 | I23: 20 | J23: =I23-(SUM(L23:Q23)) -> 20 | K23: =IF(J23<0,"ATENÇÃO","OK") -> OK
A24: ALEXANDRA DOS PASSOS EIRELI EPP | B24: 5 | C24: 21 | D24: CANETA ESFEROGRAFICA, NA COR AZUL, Corpo em poliestireno cristal, com protetor plástico entre a carga e o corpo da caneta; esfera em tungstênio; espessura da ponta de 1,00mm; formato redondo; ponta em latão usinado com esfera de tungstênio; tampa antiasfixiante. MARCA BIC, justificativa da marca anexada no processo e embasada no relatório de análise de produtos do "INMETRO". | E24: Peça | F24: BIC | G24: 33.90.30.16 | H24: 0.39 | I24: 3000 | J24: =I24-(SUM(L24:Q24)) -> 1500 | K24: =IF(J24<0,"ATENÇÃO","OK") -> OK | L24: 750 | P24: 750
C25: 22 | D25: CANETA ESFEROGRAFICA, NA COR PRETA, Corpo em poliestireno cristal, com protetor plástico entre a carga e o corpo da caneta; esfera em tungstênio;formato redondo; ponta em latão usinado com esfera de tungstênio; tampa antiasfixiante. MARCA BIC, justificativa da marca anexada no processo e embasada no relatório de análise de produtos do "INMETRO". | E25: Peça | F25: BIC | G25: 33.90.30.16 | H25: 0.39 | I25: 3000 | J25: =I25-(SUM(L25:Q25)) -> 2100 | K25: =IF(J25<0,"ATENÇÃO","OK") -> OK | L25: 400 | P25: 500
C26: 23 | D26: CANETA ESFEROGRAFICA, NA COR VERDE, Corpo em poliestireno cristal, com protetor plástico entre a carga e o corpo da caneta; esfera em tungstênio; espessura da ponta de 1,00mm; formato redondo; ponta em latão usinado com esfera de tungstênio; tampa antiasfixiante. MARCA BIC, justificativa da marca anexada no processo e embasada no relatório de análise de produtos do "INMETRO". | E26: Peça | F26: BIC | G26: 33.90.30.16 | H26: 0.33 | I26: 1000 | J26: =I26-(SUM(L26:Q26)) -> 900 | K26: =IF(J26<0,"ATENÇÃO","OK") -> OK | L26: 100
C27: 24 | D27: CANETA ESFEROGRAFICA, NA COR VERMELHA, Corpo em poliestireno cristal, com protetor plástico entre a carga e o corpo da caneta; esfera em tungstênio; espessura da ponta de 1,00mm; formato redondo; ponta em latão usinado com esfera de tungstênio; tampa antiasfixiante. MARCA BIC, justificativa da marca anexada no processo e embasada no relatório de análise de produtos do "INMETRO". | E27: Peça | F27: BIC | G27: 33.90.30.16 | H27: 0.33 | I27: 2000 | J27: =I27-(SUM(L27:Q27)) -> 1650 | K27: =IF(J27<0,"ATENÇÃO","OK") -> OK | L27: 250 | P27: 100
A28: DIAL DEPARTAMENTOS EIRELI EPP | B28: 6 | C28: 25 | D28: PINCEL ATOMICO NA COR AZUL, PONTA OBLÍQUA (CHANFRADA), COM REGISTRO NO INMETRO. | E28: Peça | F28: J.STAMP | G28: 33.90.30.16 | H28: 0.82 | I28: 60 | J28: =I28-(SUM(L28:Q28)) -> 60 | K28: =IF(J28<0,"ATENÇÃO","OK") -> OK
C29: 26 | D29: PINCEL ATOMICO NA COR PRETA PONTA OBLÍQUA (CHANFRADA), COM REGISTRO NO INMETRO. | E29: Peça | F29: J.STAMP | G29: 33.90.30.16 | H29: 0.82 | I29: 60 | J29: =I29-(SUM(L29:Q29)) -> 60 | K29: =IF(J29<0,"ATENÇÃO","OK") -> OK
C30: 27 | D30: PINCEL ATOMICO NA COR VERDE PONTA OBLÍQUA (CHANFRADA), COM REGISTRO NO INMETRO. | E30: Peça | F30: J.STAMP | G30: 33.90.30.16 | H30: 0.82 | I30: 60 | J30: =I30-(SUM(L30:Q30)) -> 60 | K30: =IF(J30<0,"ATENÇÃO","OK") -> OK
C31: 28 | D31: PINCEL ATOMICO NA COR VERMELHA PONTA OBLÍQUA (CHANFRADA), COM REGISTRO NO INMETRO. | E31: Peça | F31: J.STAMP | G31: 33.90.30.16 | H31: 0.82 | I31: 60 | J31: =I31-(SUM(L31:Q31)) -> 60 | K31: =IF(J31<0,"ATENÇÃO","OK") -> OK
C32: 29 | D32: CANETA HIDROGRAFICA FOSFORESCENTE PARA DESTAQUE DE TEXTO, NA COR AMARELA, escrita de aproximadamente 3 mm de largura | E32: Peça | F32: JOCAR | G32: 33.90.30.16 | H32: 0.63 | I32: 120 | J32: =I32-(SUM(L32:Q32)) -> 72 | K32: =IF(J32<0,"ATENÇÃO","OK") -> OK | N32: 48
C33: 30 | D33: CANETA HIDROGRAFICA FOSFORESCENTE PARA DESTAQUE DE TEXTO, NA COR VERDE, escrita de aproximadamente 3 mm de largura | E33: Peça | F33: JOCAR | G33: 33.90.30.16 | H33: 0.63 | I33: 120 | J33: =I33-(SUM(L33:Q33)) -> 96 | K33: =IF(J33<0,"ATENÇÃO","OK") -> OK | N33: 24
C34: 31 | D34: CANETA ESFEROGRAFICA, COM TINTA ANTI-FRAUDE, com tinta segura e resistente a teste de água e luz composta de resinas termoplástica, tinta a base de solventes corantes orgânicos, ponta tungstênio, 0,7mm, cor preta. Similar a Unni ball Vision Elite. | E34: Peça | F34: UNIBALL | G34: 33.90.30.16 | H34: 5.51 | I34: 6 | J34: =I34-(SUM(L34:Q34)) -> 4 | K34: =IF(J34<0,"ATENÇÃO","OK") -> OK | N34: 2
C35: 32 | D35: CANETA HIDROCOR, AVULSA - COR AZUL - PONTA DE 2MM | E35: Peça | F35: COMPACTOR | G35: 33.90.30.16 | H35: 0.57 | I35: 12 | J35: =I35-(SUM(L35:Q35)) -> 12 | K35: =IF(J35<0,"ATENÇÃO","OK") -> OK
C36: 33 | D36: CANETA HIDROCOR, AVULSA - COR LARANJA - PONTA DE 2MM | E36: Peça | F36: COMPACTOR | G36: 33.90.30.16 | H36: 0.57 | I36: 12 | J36: =I36-(SUM(L36:Q36)) -> 12 | K36: =IF(J36<0,"ATENÇÃO","OK") -> OK
C37: 34 | D37: CANETA HIDROCOR, AVULSA - COR PRETA - PONTA DE 2MM | E37: Peça | F37: COMPACTOR | G37: 33.90.30.16 | H37: 0.57 | I37: 12 | J37: =I37-(SUM(L37:Q37)) -> 12 | K37: =IF(J37<0,"ATENÇÃO","OK") -> OK
C38: 35 | D38: CANETA HIDROCOR, AVULSA - COR VERDE - PONTA DE 2MM | E38: Peça | F38: COMPACTOR | G38: 33.90.30.16 | H38: 0.57 | I38: 12 | J38: =I38-(SUM(L38:Q38)) -> 12 | K38: =IF(J38<0,"ATENÇÃO","OK") -> OK
C39: 36 | D39: CANETA HIDROCOR, AVULSA - COR VERMELHA - PONTA DE 2MM | E39: Peça | F39: COMPACTOR | G39: 33.90.30.16 | H39: 0.57 | I39: 12 | J39: =I39-(SUM(L39:Q39)) -> 12 | K39: =IF(J39<0,"ATENÇÃO","OK") -> OK
C40: 37 | D40: CANETA HIDROCOR, COM 12 CORES, tamanho grande, lavável, com ponta fina de 2mm, com registro no INMETRO | E40: Jogo | F40: LEONORA | G40: 33.90.30.16 | H40: 2.21 | I40: 10 | J40: =I40-(SUM(L40:Q40)) -> 8 | K40: =IF(J40<0,"ATENÇÃO","OK") -> OK | N40: 2
C41: 38 | D41: Caneta nanquim descartável Linha Técnica.Expessura de traços em(mm):0.5. Caneta descartável com ponta de poliester engastada em metal. Cor da tinta Preta | E41: Unidade | F41: UNIBALL | G41: 33.90.30.16 | H41: 7.03 | J41: =I41-(SUM(L41:Q41)) -> 0 | K41: =IF(J41<0,"ATENÇÃO","OK") -> OK
C42: 39 | D42: Caneta marcador permanente, estojo com 60 cores, profissional, tinta base de água e pontas chanfradas. Similar a "magic color" | E42: Estojo | F42: MAGIC COLOR | G42: 33.90.30.16 | H42: 183.5 | J42: =I42-(SUM(L42:Q42)) -> 0 | K42: =IF(J42<0,"ATENÇÃO","OK") -> OK
C43: 40 | D43: CANETA HIDROGRAFICA FOSFORESCENTE, PARA DESTAQUE DE TEXTO, NA COR LARANJA | E43: Peça | F43: JOCAR | G43: 33.90.30.16 | H43: 0.63 | I43: 120 | J43: =I43-(SUM(L43:Q43)) -> 120 | K43: =IF(J43<0,"ATENÇÃO","OK") -> OK
C44: 41 | D44: CANETA HIDROGRAFICA FOSFORESCENTE, PARA DESTAQUE DE TEXTO, NA COR ROSA | E44: Peça | F44: JOCAR | G44: 33.90.30.16 | H44: 0.63 | I44: 120 | J44: =I44-(SUM(L44:Q44)) -> 96 | K44: =IF(J44<0,"ATENÇÃO","OK") -> OK | N44: 24
C45: 42 | D45: CANETA HIDROGRAFICA FOSFORESCENTE, PARA DESTAQUE DE TEXTO,NA COR AZUL | E45: Peça | F45: JOCAR | G45: 33.90.30.16 | H45: 0.63 | I45: 120 | J45: =I45-(SUM(L45:Q45)) -> 120 | K45: =IF(J45<0,"ATENÇÃO","OK") -> OK
C46: 43 | D46: CANETA MARCADOR PERMANENTE, COR AZUL, para CD e Retroprojetor, ponta 1 à 2mm | E46: Peça | F46: JOCAR | G46: 33.90.30.16 | H46: 0.93 | I46: 12 | J46: =I46-(SUM(L46:Q46)) -> 12 | K46: =IF(J46<0,"ATENÇÃO","OK") -> OK
C47: 44 | D47: CANETA MARCADOR PERMANENTE, COR PRETA PARA CD e Retroprojetor, ponta 1 à 2mm | E47: Peça | F47: JOCAR | G47: 33.90.30.1633.90.30.16 | H47: 0.93 | I47: 12 | J47: =I47-(SUM(L47:Q47)) -> 12 | K47: =IF(J47<0,"ATENÇÃO","OK") -> OK
C48: 45 | D48: CANETA MARCADOR PERMANENTE, COR VERDE, para CD e Retroprojetor, ponta 1 à 2mm | E48: Peça | F48: CIS | G48: 33.90.30.16 | H48: 1.23 | I48: 12 | J48: =I48-(SUM(L48:Q48)) -> 12 | K48: =IF(J48<0,"ATENÇÃO","OK") -> OK
C49: 46 | D49: CANETA MARCADOR PERMANENTE, COR VERMELHA, para CD e Retroprojetor, ponta 1 à 2mm. | E49: Peça | F49: JOCAR | G49: 33.90.30.16 | H49: 0.93 | I49: 12 | J49: =I49-(SUM(L49:Q49)) -> 12 | K49: =IF(J49<0,"ATENÇÃO","OK") -> OK
A50: AQUINPEL SUP. P/ INF. ESC. E PAP. EIRELI | B50: 7 | C50: 47 | D50: CANETA MARCADOR PARA QUADRO BRANCO, NA COR AZUL, não recarregável, ponta arredondada com no mínimo 3mm, refil de no mínimo 5ml. Produto com registro no INMETRO | E50: Peça | F50: GXIN | G50: 33.90.30.16 | H50: 1.97 | I50: 2496 | J50: =I50-(SUM(L50:Q50)) -> 960 | K50: =IF(J50<0,"ATENÇÃO","OK") -> OK | M50: 600 | O50: 936
C51: 48 | D51: CANETA MARCADOR PARA QUADRO BRANCO, NA COR PRETA, não recarregável, ponta arredondada com no mínimo 3mm, refil de no mínimo 5ml. Produto com registro no INMETRO | E51: Peça | F51: GXIN | G51: 33.90.30.16 | H51: 1.97 | I51: 2496 | J51: =I51-(SUM(L51:Q51)) -> 960 | K51: =IF(J51<0,"ATENÇÃO","OK") -> OK | M51: 600 | O51: 936
C52: 49 | D52: CANETA MARCADOR PARA QUADRO BRANCO, NA COR VERDE, não recarregável, ponta arredondada com no mínimo 3mm, refil de no mínimo 5ml. Produto com registro no INMETRO | E52: Peça | F52: GXIN | G52: 33.90.30.16 | H52: 1.97 | I52: 1248 | J52: =I52-(SUM(L52:Q52)) -> 654 | K52: =IF(J52<0,"ATENÇÃO","OK") -> OK | M52: 360 | O52: 234
C53: 50 | D53: CANETA MARCADOR PARA QUADRO BRANCO, NA COR VERMELHA, não recarregável, ponta arredondada com no mínimo 3mm, refil de no mínimo 5ml. Produto com registro no INMETRO | E53: Peça | F53: GXIN | G53: 33.90.30.16 | H53: 1.97 | I53: 2496 | J53: =I53-(SUM(L53:Q53)) -> 1824 | K53: =IF(J53<0,"ATENÇÃO","OK") -> OK | M53: 360 | O53: 312
C54: 51 | D54: LIMPADOR PARA QUADRO BRANCO, REMOVEDOR DE MACHAS PARA QUADRO NAO MAGNETICO, em spray líquido, frasco com 60 ml | E54: Peça | F54: RADEX | G54: 33.90.30.16 | H54: 6.47 | I54: 120 | J54: =I54-(SUM(L54:Q54)) -> 108 | K54: =IF(J54<0,"ATENÇÃO","OK") -> OK | M54: 12
A55: DIAL DEPARTAMENTOS EIRELI EPP | B55: 8 | C55: 52 | D55: CAPA DE PROTECAO, PARA DVD/CD, em acrílico transparente, dimensões aproximadas 0,5 X 14 X 12 cm. | E55: Peça | F55: MIDIA | G55: 33.90.30.17 | H55: 1.44 | I55: 50 | J55: =I55-(SUM(L55:Q55)) -> 50 | K55: =IF(J55<0,"ATENÇÃO","OK") -> OK
C56: 53 | D56: CD, MIDIA DE CD, gravavel, R, 700 Mb 80min 52 X | E56: Peça | F56: ELGIN | G56: 33.90.30.17 | H56: 0.51 | J56: =I56-(SUM(L56:Q56)) -> 0 | K56: =IF(J56<0,"ATENÇÃO","OK") -> OK
C57: 54 | D57: CD, REGRAVAVEL - 80 MINUTOS, 700 Mb 80min 52 X | E57: Peça | F57: ELGIN | G57: 33.90.30.17 | H57: 1.94 | J57: =I57-(SUM(L57:Q57)) -> 0 | K57: =IF(J57<0,"ATENÇÃO","OK") -> OK
C58: 55 | D58: DVD - VIRGEM, MIDIAS DVD-RW, RW (regravavel) 4,7 GB, 120 min | E58: Peça | F58: ELGIN | G58: 33.90.30.17 | H58: 2.32 | J58: =I58-(SUM(L58:Q58)) -> 0 | K58: =IF(J58<0,"ATENÇÃO","OK") -> OK
C59: 56 | D59: DVD, MIDIA DE DVD, R (gravável) 120 Min. 4.7 GB | E59: Peça | F59: ELGIN | G59: 33.90.30.17 | H59: 0.57 | J59: =I59-(SUM(L59:Q59)) -> 0 | K59: =IF(J59<0,"ATENÇÃO","OK") -> OK
C60: 57 | D60: Estojo para DVD - em plástico preto com Altura: 8,00mm, Largura: 13,50cm, Profundidade: 20,00cm | E60: Peça | F60: MIDIA | G60: 33.90.30.16 | H60: 2.25 | J60: =I60-(SUM(L60:Q60)) -> 0 | K60: =IF(J60<0,"ATENÇÃO","OK") -> OK
A61: DIAL DEPARTAMENTOS EIRELI EPP | B61: 9 | C61: 58 | D61: Cola líquida branca, lavável, não tóxica, tubo com 90 gramas. Com registro no INMETRO | E61: Peça | F61: PIRATININGA | G61: 33.90.30.16 | H61: 0.66 | I61: 120 | J61: =I61-(SUM(L61:Q61)) -> 120 | K61: =IF(J61<0,"ATENÇÃO","OK") -> OK
C62: 59 | D62: COLA PLASTICA BRANCA,LAVAVEL,NAO TOXICA PASTOSA EM BASTAO COM PESO MINIMO DE 8 GRAMAS .Com registro no INMETRO | E62: Peça | F62: LEONORA | G62: 33.90.30.16 | H62: 0.42 | I62: 120 | J62: =I62-(SUM(L62:Q62)) -> 120 | K62: =IF(J62<0,"ATENÇÃO","OK") -> OK
C63: 60 | D63: CLIPS METALICO NIQUELADO PARA PAPEIS NUMERO 1/0, CAIXA COM 100 UNIDADES | E63: Peça | F63: RAFA | G63: 33.90.30.16 | H63: 1.19 | I63: 200 | J63: =I63-(SUM(L63:Q63)) -> 200 | K63: =IF(J63<0,"ATENÇÃO","OK") -> OK
C64: 61 | D64: CLIPS METALICO NIQUELADO PARA PAPEIS NUMERO 6/0 ,CAIXA COM 50 UNIDADES | E64: Peça | F64: RAFA | G64: 33.90.30.16 | H64: 1.36 | I64: 200 | J64: =I64-(SUM(L64:Q64)) -> 200 | K64: =IF(J64<0,"ATENÇÃO","OK") -> OK
C65: 62 | D65: CLIPS METALICO NIQUELADO PARA PAPEIS NUMERO 3/0, CAIXA COM 50 UNIDADES | E65: Peça | F65: RAFA | G65: 33.90.30.16 | H65: 1.19 | I65: 200 | J65: =I65-(SUM(L65:Q65)) -> 200 | K65: =IF(J65<0,"ATENÇÃO","OK") -> OK
C66: 63 | D66: COLCHETE LATONADO PARA PAPEIS NUMERO 03,CAIXA COM 72 UNIDADES | E66: Peça | F66: RAFA | G66: 33.90.30.16 | H66: 1.74 | J66: =I66-(SUM(L66:Q66)) -> 0 | K66: =IF(J66<0,"ATENÇÃO","OK") -> OK
C67: 64 | D67: COLCHETE LATONADO PARA PAPEIS NUMERO 08,CAIXA COM 72 UNIDADES | E67: Peça | F67: RAFA | G67: 33.90.30.16 | H67: 2.55 | J67: =I67-(SUM(L67:Q67)) -> 0 | K67: =IF(J67<0,"ATENÇÃO","OK") -> OK
C68: 65 | D68: ELASTICO EM LATEX NUMERO 18 - EMBALAGEM COM 100 gramas | E68: Peça | F68: PREMIER | G68: 33.90.30.16 | H68: 1.82 | I68: 10 | J68: =I68-(SUM(L68:Q68)) -> 10 | K68: =IF(J68<0,"ATENÇÃO","OK") -> OK
C69: 66 | D69: CINTA ELASTICA, PARA PROCESSO, LARGURA APROXIMADA de 4CM e aproximadamente 22 cm de comprimento não esticado | E69: Peça | F69: OLIMPIA | G69: 33.90.30.16 | H69: 0.88 | J69: =I69-(SUM(L69:Q69)) -> 0 | K69: =IF(J69<0,"ATENÇÃO","OK") -> OK
C70: 67 | D70: CLIPS METALICO NIQUELADO PARA PAPEIS, GALVANIZADO N. 8/0, CAIXA COM 25 UNIDADES | E70: Caixa | F70: RAFA | G70: 33.90.30.16 | H70: 1.15 | I70: 100 | J70: =I70-(SUM(L70:Q70)) -> 100 | K70: =IF(J70<0,"ATENÇÃO","OK") -> OK
C71: 68 | D71: CLIPS METALICO NIQUELADO PARA PAPEIS, NUMERO 00 CAIXA COM 100 UNIDADES | E71: Peça | F71: RAFA | G71: 33.90.30.16 | H71: 1.19 | I71: 100 | J71: =I71-(SUM(L71:Q71)) -> 100 | K71: =IF(J71<0,"ATENÇÃO","OK") -> OK
C72: 69 | D72: CLIPS METALICO NIQUELADO PARA PAPEIS, NUMERO 04 COM 100 UNIDADES, | E72: Caixa | F72: RAFA | G72: 33.90.30.16 | H72: 1.19 | I72: 100 | J72: =I72-(SUM(L72:Q72)) -> 100 | K72: =IF(J72<0,"ATENÇÃO","OK") -> OK
C73: 70 | D73: CLIPS METALICO NIQUELADO PARA PAPEIS, NUMERO 2/0, CAIXA COM 100 UNIDADES | E73: Caixa | F73: RAFA | G73: 33.90.30.16 | H73: 1.19 | I73: 100 | J73: =I73-(SUM(L73:Q73)) -> 80 | K73: =IF(J73<0,"ATENÇÃO","OK") -> OK | N73: 20
C74: 71 | D74: CLIPS, TIPO PREDENDOR DE PAPEL, MEDINDO 19MM, CAIXA COM 12 peças, corpo de metal com pintura epóxi e presilha em aço inoxidável. | E74: Caixa | F74: BRW | G74: 33.90.30.16 | H74: 1.34 | I74: 15 | J74: =I74-(SUM(L74:Q74)) -> 15 | K74: =IF(J74<0,"ATENÇÃO","OK") -> OK
C75: 72 | D75: CLIPS, TIPO PRENDEDOR DE PAPEL, MEDINDO 32MM,CAIXA COM 12 peças, corpo de metal com pintura epóxi e presilha em aço inoxidável. | E75: Caixa | F75: BRW | G75: 33.90.30.16 | H75: 3.4 | I75: 15 | J75: =I75-(SUM(L75:Q75)) -> 15 | K75: =IF(J75<0,"ATENÇÃO","OK") -> OK
C76: 73 | D76: CLIPS, TIPO PRENDEDOR,MEDINDO 51MM, CAIXA COM 12 peças, corpo de metal com pintura epóxi e presilha em aço inoxidável. | E76: Caixa | F76: BRW | G76: 33.90.30.16 | H76: 8.55 | I76: 15 | J76: =I76-(SUM(L76:Q76)) -> 15 | K76: =IF(J76<0,"ATENÇÃO","OK") -> OK
C77: 74 | D77: CORRETIVO LIQUIDO, OPACO FRASCO COM 18ml, a base de água, não tóxico, com registro no INMETRO. | E77: Frasco | F77: ATIMA | G77: 33.90.30.16 | H77: 0.76 | I77: 60 | J77: =I77-(SUM(L77:Q77)) -> 60 | K77: =IF(J77<0,"ATENÇÃO","OK") -> OK
C78: 75 | D78: CORRETIVO LIQUIDO, TIPO CANETA, secagem rápida, atóxico, mínimo 7ml, com registro no INMETRO. | E78: Peça | F78: JOCAR | G78: 33.90.30.16 | H78: 1.98 | I78: 60 | J78: =I78-(SUM(L78:Q78)) -> 60 | K78: =IF(J78<0,"ATENÇÃO","OK") -> OK
C79: 76 | D79: Cola líquida branca, lavável, não tóxica, tubo com 1kg. Com registro no INMETRO | E79: Unidade | F79: PIRATININGA | G79: 33.90.30.16 | H79: 4.54 | J79: =I79-(SUM(L79:Q79)) -> 0 | K79: =IF(J79<0,"ATENÇÃO","OK") -> OK
C80: 77 | D80: Cola líquida branca, lavável, não tóxica, tubo com 250g. Com registro no INMETRO | E80: Unidade | F80: PIRATININGA | G80: 33.90.30.16 | H80: 1.84 | J80: =I80-(SUM(L80:Q80)) -> 0 | K80: =IF(J80<0,"ATENÇÃO","OK") -> OK
A81: ALEXANDRA DOS PASSOS EIRELI EPP | B81: 10 | C81: 78 | D81: CRACHA PARA IDENTIFICACAO, bolsa em PVC cristal, tamanho aproximado de 10 X 15cm, PVC 20 vertical, com cordão PVC. | E81: Peça | F81: DAC | G81: 33.90.30.16 | H81: 0.75 | J81: =I81-(SUM(L81:Q81)) -> 0 | K81: =IF(J81<0,"ATENÇÃO","OK") -> OK
C82: 79 | D82: CRACHA PARA IDENTIFICACAO, PARA EVENTOS, com grampo metal tipo jacaré, tamanho 7X10cm | E82: Peça | F82: DAC | G82: 33.90.30.16 | H82: 0.57 | I82: 300 | J82: =I82-(SUM(L82:Q82)) -> 200 | K82: =IF(J82<0,"ATENÇÃO","OK") -> OK | L82: 100
A83: CLEONICE OLIVEIRA DOS SANTOS ME | B83: 11 | C83: 80 | D83: DISPLAY EM ACRILICO, TRANSPARENTE PARA FOLHA A4, para sinalizar e identificar portas. Produzido em acrilico 2mm cristal dobrável, para áreas internas ou externas, suporte adesivo dupla face para fixação em qualquer superfície plana. Tamanho aproximado: 320X225mm. | E83: Peça | F83: COMVISÃO | G83: 33.90.30.16 | H83: 24.5 | I83: 50 | J83: =I83-(SUM(L83:Q83)) -> 50 | K83: =IF(J83<0,"ATENÇÃO","OK") -> OK
C84: 81 | D84: DISPLAY EM ACRILICO, TRANSPARENTE, PARA FOLHA A3 | E84: Peça | F84: COMVISÃO | G84: 33.90.30.16 | H84: 39 | J84: =I84-(SUM(L84:Q84)) -> 0 | K84: =IF(J84<0,"ATENÇÃO","OK") -> OK
A85: DIAL DEPARTAMENTOS EIRELI EPP | B85: 12 | C85: 82 | D85: ESTILETE DE CORTE, LARGO, medindo aproximadamente 15cm, com lâmina de 2 cm de largura inclusa, cabo plástico, com registro no INMETRO | E85: Peça | F85: JOCAR | G85: 33.90.30.16 | H85: 0.81 | I85: 24 | J85: =I85-(SUM(L85:Q85)) -> 24 | K85: =IF(J85<0,"ATENÇÃO","OK") -> OK
C86: 83 | D86: CARTOLINA MED. 50 X 65 CM COM 180GR/M2, NA COR AMARELA | E86: Folha | F86: BIGNARD | G86: 33.90.30.16 | H86: 0.39 | I86: 50 | J86: =I86-(SUM(L86:Q86)) -> 50 | K86: =IF(J86<0,"ATENÇÃO","OK") -> OK
C87: 84 | D87: CARTOLINA MED. 50 X 65 CM COM 180GR/M2, NA COR AZUL CLARO | E87: Folha | F87: BIGNARD | G87: 33.90.30.16 | H87: 0.39 | I87: 50 | J87: =I87-(SUM(L87:Q87)) -> 50 | K87: =IF(J87<0,"ATENÇÃO","OK") -> OK
C88: 85 | D88: CARTOLINA MED. 50 X 65 CM COM 180GR/M2, NA COR BRANCA | E88: Folha | F88: BIGNARD | G88: 33.90.30.16 | H88: 0.39 | I88: 200 | J88: =I88-(SUM(L88:Q88)) -> 200 | K88: =IF(J88<0,"ATENÇÃO","OK") -> OK
C89: 86 | D89: CARTOLINA MED. 50 X 65 CM COM 180GR/M2, NA COR ROSA | E89: Folha | F89: BIGNARD | G89: 33.90.30.16 | H89: 0.39 | I89: 50 | J89: =I89-(SUM(L89:Q89)) -> 50 | K89: =IF(J89<0,"ATENÇÃO","OK") -> OK
C90: 87 | D90: CARTOLINA MED. 50 X 65 CM COM 180GR/M2, NA COR VERDE | E90: Folha | F90: BIGNARD | G90: 33.90.30.16 | H90: 0.39 | I90: 50 | J90: =I90-(SUM(L90:Q90)) -> 50 | K90: =IF(J90<0,"ATENÇÃO","OK") -> OK
C91: 88 | D91: ETIL VINIL ACETATO (E.V.A), COR LARANJA MEDINDO 40X60 | E91: Folha | F91: MAKE | G91: 33.90.30.16 | H91: 1 | I91: 5 | J91: =I91-(SUM(L91:Q91)) -> 5 | K91: =IF(J91<0,"ATENÇÃO","OK") -> OK
C92: 89 | D92: ETIL VINIL ACETATO (E.V.A), COR MARROM MEDINDO 40X60 | E92: Folha | F92: MAKE | G92: 33.90.30.16 | H92: 1 | I92: 5 | J92: =I92-(SUM(L92:Q92)) -> 5 | K92: =IF(J92<0,"ATENÇÃO","OK") -> OK
C93: 90 | D93: ETIL VINIL ACETATO (E.V.A), COR PRETA MEDINDO 40X60 | E93: Folha | F93: MAKE | G93: 33.90.30.16 | H93: 1 | I93: 5 | J93: =I93-(SUM(L93:Q93)) -> 5 | K93: =IF(J93<0,"ATENÇÃO","OK") -> OK
C94: 91 | D94: ETIL VINIL ACETATO (E.V.A), COR VERDE MEDINDO 40X60, VERDE ESCURO | E94: Folha | F94: MAKE | G94: 33.90.30.16 | H94: 1 | I94: 5 | J94: =I94-(SUM(L94:Q94)) -> 5 | K94: =IF(J94<0,"ATENÇÃO","OK") -> OK
C95: 92 | D95: ETIL VINIL ACETATO (E.V.A), COR VERDE MEDINDO 40X60, VERMELHA | E95: Folha | F95: MAKE | G95: 33.90.30.16 | H95: 1 | I95: 5 | J95: =I95-(SUM(L95:Q95)) -> 5 | K95: =IF(J95<0,"ATENÇÃO","OK") -> OK
C96: 93 | D96: ETIQUETA AUTO ADESIVA, brana, medindo.25,4 X 66,7mm, caixa com 25 folhas | E96: Caixa | F96: IMPRIMASTER | G96: 33.90.30.16 | H96: 5 | J96: =I96-(SUM(L96:Q96)) -> 0 | K96: =IF(J96<0,"ATENÇÃO","OK") -> OK
C97: 94 | D97: ETIQUETA AUTO ADESIVA, branca medindo 44,45 X 12,7mm, caixa com 25 folhas | E97: Caixa | F97: IMPRIMASTER | G97: 33.90.30.16 | H97: 5 | J97: =I97-(SUM(L97:Q97)) -> 0 | K97: =IF(J97<0,"ATENÇÃO","OK") -> OK
C98: 95 | D98: ETIQUETA AUTO ADESIVA, BRANCA, medindo 101,6 X 33,9mm, folha com 14 etiquetas, caixa com 25 folhas | E98: Caixa | F98: IMPRIMASTER | G98: 33.90.30.16 | H98: 5 | J98: =I98-(SUM(L98:Q98)) -> 0 | K98: =IF(J98<0,"ATENÇÃO","OK") -> OK
C99: 96 | D99: ETIQUETA AUTO ADESIVA, branca, medindo 38,10 X 99,10mm, FOLHA COM 14 ETIQUETAS, caixa com 25 folhas | E99: Caixa | F99: IMPRIMASTER | G99: 33.90.30.16 | H99: 5 | J99: =I99-(SUM(L99:Q99)) -> 0 | K99: =IF(J99<0,"ATENÇÃO","OK") -> OK
C100: 97 | D100: ETIQUETA AUTO ADESIVA, reforço plástico, transparente, 14,5mm de diâmetro, caixa com 150 peças. | E100: Caixa | F100: PIMACO | G100: 33.90.30.16 | H100: 3.52 | J100: =I100-(SUM(L100:Q100)) -> 0 | K100: =IF(J100<0,"ATENÇÃO","OK") -> OK
...

Sheet CEART
A1: PROCESSO: 1651/2014/UDESC | D1: OBJETO: AQUISIÇÃO DE MATERIAIS DE EXPEDIENTE PARA A UDESC | I1: VIGÊNCIA DA ATA: 15/04/2015 até 14/04/2016 | L1: AF 1276/2015 | M1: AF 1272/2015 | N1: AF 1283/2015 | O1: AF 1274/2015 | P1: AF 1085/2015 | Q1: AF 1273/2015 | R1: AF 1884/2015 | S1: AF 1062/2015 | T1: AF 1196/2015 | U1: AF 2163/2015 | V1: AF 247/2016 | W1: AF 246/2016
A2: CENTRO PARTICIPANTE: CEART
A3: FORNECEDOR | B3: LOTE | C3: ITEM | D3: PRODUTO - CARACTERÍSTICAS MÍNIMAS | E3: UNIDADE | F3: MARCA | G3: DETALHAMENTO | H3: Preço UNITÁRIO (R$) | I3: Qtde Registrada | J3: Saldo / Automático | K3: ALERTA | L3: 42209 | M3: 42209 | N3: 42209 | O3: 42209 | P3: 42184 | Q3: 42209 | R3: 42285 | S3: 42181 | T3: 42199 | U3: 42317 | V3: 42444 | W3: 42444
A4: LICITAMIX MAT. DE ESC. LTDA ME | B4: 1 | C4: 1 | D4: AGENDA PERMANENTE, PARA MARCAR COMPROMISSOS, com no mínimo 100 folhas. Com fitilho marcador de páginas, medindo aproximadamente 145 X 205mm | E4: Peça | F4: FTD | G4: 33.90.30.16 | H4: 18.92 | I4: 50 | J4: =I4-(SUM(L4:W4)) -> 50 | K4: =IF(J4<0,"ATENÇÃO","OK") -> OK | L4: 0 | M4: 0 | N4: 0 | O4: 0 | P4: 0 | Q4: 0 | R4: 0 | S4: 0 | T4: 0 | U4: 0
C5: 2 | D5: APAGADOR PARA QUADRO BRANCO, com corpo plástico de alta resistência, base com feltro de no mínimo 2mm. Medidas: comprimento entre 15 e 18 cm; largura igual ou maior que 6 cm; altura entre 3cm e 5cm. Espaço no corpo do apagador para armazenar 2 canetas marcadoras para quadro branco. | E5: Peça | F5: KIT | G5: 33.90.30.16 | H5: 5.3 | I5: 1000 | J5: =I5-(SUM(L5:W5)) -> 970 | K5: =IF(J5<0,"ATENÇÃO","OK") -> OK | L5: 30 | M5: 0 | N5: 0 | O5: 0 | P5: 0 | Q5: 0 | R5: 0 | S5: 0 | T5: 0 | U5: 0
A6: DIAL DEPARTAMENTOS EIRELI EPP | B6: 2 | C6: 3 | D6: Aplicador/suporte para fita adesiva de 48mm X 50m, com serrilha e cabo para empacotamento | E6: peça | F6: JOCAR | G6: 33.90.30.16 | H6: 13.68 | I6: 10 | J6: =I6-(SUM(L6:W6)) -> 10 | K6: =IF(J6<0,"ATENÇÃO","OK") -> OK | L6: 0 | M6: 0 | N6: 0 | O6: 0 | P6: 0 | Q6: 0 | R6: 0 | S6: 0 | T6: 0 | U6: 0
C7: 4 | D7: BORRACHA DE PAPELARIA NA COR VERDE PARA COLOCAR NA PARTE DE CIMA LAPIS | E7: peça | F7: LEONORA | G7: 33.90.30.16 | H7: 0.07 | J7: =I7-(SUM(L7:W7)) -> 0 | K7: =IF(J7<0,"ATENÇÃO","OK") -> OK | L7: 0 | M7: 0 | N7: 0 | O7: 0 | P7: 0 | Q7: 0 | R7: 0 | S7: 0 | T7: 0 | U7: 0
C8: 5 | D8: BORRACHA PLASTICA, COR BRANCA,COM CINTA PLASTICA,MEDINDO 58X34,5X12mm. Com registro no INMETRO. | E8: peça | F8: LEONORA | G8: 33.90.30.16 | H8: 0.7 | I8: 60 | J8: =I8-(SUM(L8:W8)) -> 60 | K8: =IF(J8<0,"ATENÇÃO","OK") -> OK | L8: 0 | M8: 0 | N8: 0 | O8: 0 | P8: 0 | Q8: 0 | R8: 0 | S8: 0 | T8: 0 | U8: 0
C9: 6 | D9: BARBANTE DE ALGODAO, com 08 (oito) fios, ROLO COM APROXIMADAMENTE 400 GRAMAS | E9: peça | F9: KOREA | G9: 33.90.30.16 | H9: 5.74 | I9: 20 | J9: =I9-(SUM(L9:W9)) -> 20 | K9: =IF(J9<0,"ATENÇÃO","OK") -> OK | L9: 0 | M9: 0 | N9: 0 | O9: 0 | P9: 0 | Q9: 0 | R9: 0 | S9: 0 | T9: 0 | U9: 0
C10: 7 | D10: APONTADOR DE LAPIS, DE PLASTICO, TIPO COLEGIAL, Com recipiente para segurar sobras do lápis apontado, medindo aproximadamente 5 cm | E10: Peça | F10: LEONORA | G10: 33.90.30.16 | H10: 0.45 | I10: 50 | J10: =I10-(SUM(L10:W10)) -> 50 | K10: =IF(J10<0,"ATENÇÃO","OK") -> OK | L10: 0 | M10: 0 | N10: 0 | O10: 0 | P10: 0 | Q10: 0 | R10: 0 | S10: 0 | T10: 0 | U10: 0
C11: 8 | D11: BANDEJA PARA DOCUMENTOS, EM ACRILICO, COM 1 DIVISÃO, na cor transparente – tamanho A4 | E11: Peça | F11: NOVACRIL | G11: 33.90.30.16 | H11: 9.32 | I11: 20 | J11: =I11-(SUM(L11:W11)) -> 20 | K11: =IF(J11<0,"ATENÇÃO","OK") -> OK | L11: 0 | M11: 0 | N11: 0 | O11: 0 | P11: 0 | Q11: 0 | R11: 0 | S11: 0 | T11: 0 | U11: 0
C12: 9 | D12: BANDEJA PARA DOCUMENTOS, EM ACRILICO, COM 2 DIVISOES, na cor transparente – tamanho A4 | E12: Peça | F12: NOVACRIL | G12: 33.90.30.16 | H12: 18.23 | I12: 30 | J12: =I12-(SUM(L12:W12)) -> 30 | K12: =IF(J12<0,"ATENÇÃO","OK") -> OK | L12: 0 | M12: 0 | N12: 0 | O12: 0 | P12: 0 | Q12: 0 | R12: 0 | S12: 0 | T12: 0 | U12: 0
C13: 10 | D13: BANDEJA PARA DOCUMENTOS, EM ACRILICO, COM 3 DIVISOES, NA COR TRANSPARENTE, TAMANHO A4 | E13: Peça | F13: NOVACRIL | G13: 33.90.30.16 | H13: 28.08 | I13: 20 | J13: =I13-(SUM(L13:W13)) -> 20 | K13: =IF(J13<0,"ATENÇÃO","OK") -> OK | L13: 0 | M13: 0 | N13: 0 | O13: 0 | P13: 0 | Q13: 0 | R13: 0 | S13: 0 | T13: 0 | U13: 0
A14: ALEXANDRA DOS PASSOS EIRELI EPP | B14: 3 | C14: 11 | D14: BLOCO DE RASCUNHO, AUTO ADESIVO, medindo 38 X 51mm, pacote com 4 blocos. Adesivos removíveis com 100 folhas, similar a marca post it. | E14: pacote | F14: MAKE | G14: 33.90.30.16 | H14: 2.06 | I14: 1000 | J14: =I14-(SUM(L14:W14)) -> 700 | K14: =IF(J14<0,"ATENÇÃO","OK") -> OK | L14: 0 | M14: 300 | N14: 0 | O14: 0 | P14: 0 | Q14: 0 | R14: 0 | S14: 0 | T14: 0 | U14: 0
C15: 12 | D15: BLOCO DE RASCUNHO, AUTO ADESIVO, medindo 76 X 102mm, pacote com 100 folhas, amarelo, para recados. Adesivos removíveis, similar a marca post it. | E15: Peça | F15: JOCAR | G15: 33.90.30.16 | H15: 1.14 | I15: 1000 | J15: =I15-(SUM(L15:W15)) -> 900 | K15: =IF(J15<0,"ATENÇÃO","OK") -> OK | L15: 0 | M15: 100 | N15: 0 | O15: 0 | P15: 0 | Q15: 0 | R15: 0 | S15: 0 | T15: 0 | U15: 0
A16: DIAL DEPARTAMENTOS EIRELI EPP | B16: 4 | C16: 13 | D16: ALFINETE COLORIDO, ponta redonda, CAIXA COM 50 UNIDADES | E16: Caixa | F16: JOCAR | G16: 33.90.30.16 | H16: 1.46 | I16: 50 | J16: =I16-(SUM(L16:W16)) -> 50 | K16: =IF(J16<0,"ATENÇÃO","OK") -> OK | L16: 0 | M16: 0 | N16: 0 | O16: 0 | P16: 0 | Q16: 0 | R16: 0 | S16: 0 | T16: 0 | U16: 0
C17: 14 | D17: APAGADOR, PARA QUADRO NEGRO, em madeira, base com feltro, medindo aproximadamente 15 X 6 X 4cm | E17: Peça | F17: CAGEMA | G17: 33.90.30.16 | H17: 1.59 | I17: 50 | J17: =I17-(SUM(L17:W17)) -> 50 | K17: =IF(J17<0,"ATENÇÃO","OK") -> OK | L17: 0 | M17: 0 | N17: 0 | O17: 0 | P17: 0 | Q17: 0 | R17: 0 | S17: 0 | T17: 0 | U17: 0
C18: 15 | D18: BOBINA DE PAPEL, TÉRMICO, MEDINDO 57MM X 30M, CAIXA COM 10 UNIDADES, 1 via | E18: Caixa | F18: ALLSOMA | G18: 33.90.30.16 | H18: 19.98 | J18: =I18-(SUM(L18:W18)) -> 0 | K18: =IF(J18<0,"ATENÇÃO","OK") -> OK | L18: 0 | M18: 0 | N18: 0 | O18: 0 | P18: 0 | Q18: 0 | R18: 0 | S18: 0 | T18: 0 | U18: 0
C19: 16 | D19: BLOCO DE PAPEL, FLIP CHART COM PICOTE, COM 50 FOLHAS, medindo aproximadamente 64cm X 88cm. | E19: Peça | F19: S.R | G19: 33.90.30.16 | H19: 14.85 | I19: 100 | J19: =I19-(SUM(L19:W19)) -> 100 | K19: =IF(J19<0,"ATENÇÃO","OK") -> OK | L19: 0 | M19: 0 | N19: 0 | O19: 0 | P19: 0 | Q19: 0 | R19: 0 | S19: 0 | T19: 0 | U19: 0
C20: 17 | D20: BOBINA EM PAPEL PARA MAQUINA, BOBINA DE PAPEL TERMICO,MEDINDO 76MM X 40M, COM 1 VIA, | E20: Peça | F20: ALLSOMA | G20: 33.90.30.16 | H20: 3.11 | J20: =I20-(SUM(L20:W20)) -> 0 | K20: =IF(J20<0,"ATENÇÃO","OK") -> OK | L20: 0 | M20: 0 | N20: 0 | O20: 0 | P20: 0 | Q20: 0 | R20: 0 | S20: 0 | T20: 0 | U20: 0
C21: 18 | D21: CADERNO TIPO ESCOLAR, CAPA DURA, TIPO UNIVERSITARIO, COM 200 FOLHAS, Formato 203 X 280mm | E21: Peça | F21: PANAMERICANA | G21: 33.90.30.16 | H21: 4.58 | I21: 50 | J21: =I21-(SUM(L21:W21)) -> 50 | K21: =IF(J21<0,"ATENÇÃO","OK") -> OK | L21: 0 | M21: 0 | N21: 0 | O21: 0 | P21: 0 | Q21: 0 | R21: 0 | S21: 0 | T21: 0 | U21: 0
C22: 19 | D22: CADERNO TIPO ESCOLAR, TAMANHO PEQUENO COM 48 FOLHAS, capa dura tipo brochura. | E22: Peça | F22: PANAMERICANA | G22: 33.90.30.16 | H22: 1.47 | I22: 50 | J22: =I22-(SUM(L22:W22)) -> 50 | K22: =IF(J22<0,"ATENÇÃO","OK") -> OK | L22: 0 | M22: 0 | N22: 0 | O22: 0 | P22: 0 | Q22: 0 | R22: 0 | S22: 0 | T22: 0 | U22: 0
C23: 20 | D23: Calculadora média (portátil), tela inclinada para 12 dígitos, duas fontes de energia e desligamento (bateria e energia solar) telas de raiz quadrada e porcentagem, tela de apagar o último dígito, medidas aproximadas: 9 x 12 cm. | E23: Peça | F23: CLASSE | G23: 33.90.30.16 | H23: 10.13 | I23: 50 | J23: =I23-(SUM(L23:W23)) -> 50 | K23: =IF(J23<0,"ATENÇÃO","OK") -> OK | L23: 0 | M23: 0 | N23: 0 | O23: 0 | P23: 0 | Q23: 0 | R23: 0 | S23: 0 | T23: 0 | U23: 0
A24: ALEXANDRA DOS PASSOS EIRELI EPP | B24: 5 | C24: 21 | D24: CANETA ESFEROGRAFICA, NA COR AZUL, Corpo em poliestireno cristal, com protetor plástico entre a carga e o corpo da caneta; esfera em tungstênio; espessura da ponta de 1,00mm; formato redondo; ponta em latão usinado com esfera de tungstênio; tampa antiasfixiante. MARCA BIC, justificativa da marca anexada no processo e embasada no relatório de análise de produtos do "INMETRO". | E24: Peça | F24: BIC | G24: 33.90.30.16 | H24: 0.39 | I24: 3000 | J24: =I24-(SUM(L24:W24)) -> 2700 | K24: =IF(J24<0,"ATENÇÃO","OK") -> OK | L24: 0 | M24: 100 | N24: 0 | O24: 0 | P24: 0 | Q24: 0 | R24: 0 | S24: 0 | T24: 0 | U24: 0 | W24: 200
C25: 22 | D25: CANETA ESFEROGRAFICA, NA COR PRETA, Corpo em poliestireno cristal, com protetor plástico entre a carga e o corpo da caneta; esfera em tungstênio;formato redondo; ponta em latão usinado com esfera de tungstênio; tampa antiasfixiante. MARCA BIC, justificativa da marca anexada no processo e embasada no relatório de análise de produtos do "INMETRO". | E25: Peça | F25: BIC | G25: 33.90.30.16 | H25: 0.39 | I25: 3000 | J25: =I25-(SUM(L25:W25)) -> 2800 | K25: =IF(J25<0,"ATENÇÃO","OK") -> OK | L25: 0 | M25: 100 | N25: 0 | O25: 0 | P25: 0 | Q25: 0 | R25: 0 | S25: 0 | T25: 0 | U25: 0 | W25: 100
C26: 23 | D26: CANETA ESFEROGRAFICA, NA COR VERDE, Corpo em poliestireno cristal, com protetor plástico entre a carga e o corpo da caneta; esfera em tungstênio; espessura da ponta de 1,00mm; formato redondo; ponta em latão usinado com esfera de tungstênio; tampa antiasfixiante. MARCA BIC, justificativa da marca anexada no processo e embasada no relatório de análise de produtos do "INMETRO". | E26: Peça | F26: BIC | G26: 33.90.30.16 | H26: 0.33 | I26: 500 | J26: =I26-(SUM(L26:W26)) -> 500 | K26: =IF(J26<0,"ATENÇÃO","OK") -> OK | L26: 0 | M26: 0 | N26: 0 | O26: 0 | P26: 0 | Q26: 0 | R26: 0 | S26: 0 | T26: 0 | U26: 0
C27: 24 | D27: CANETA ESFEROGRAFICA, NA COR VERMELHA, Corpo em poliestireno cristal, com protetor plástico entre a carga e o corpo da caneta; esfera em tungstênio; espessura da ponta de 1,00mm; formato redondo; ponta em latão usinado com esfera de tungstênio; tampa antiasfixiante. MARCA BIC, justificativa da marca anexada no processo e embasada no relatório de análise de produtos do "INMETRO". | E27: Peça | F27: BIC | G27: 33.90.30.16 | H27: 0.33 | I27: 500 | J27: =I27-(SUM(L27:W27)) -> 500 | K27: =IF(J27<0,"ATENÇÃO","OK") -> OK | L27: 0 | M27: 0 | N27: 0 | O27: 0 | P27: 0 | Q27: 0 | R27: 0 | S27: 0 | T27: 0 | U27: 0
A28: DIAL DEPARTAMENTOS EIRELI EPP | B28: 6 | C28: 25 | D28: PINCEL ATOMICO NA COR AZUL, PONTA OBLÍQUA (CHANFRADA), COM REGISTRO NO INMETRO. | E28: Peça | F28: J.STAMP | G28: 33.90.30.16 | H28: 0.82 | I28: 24 | J28: =I28-(SUM(L28:W28)) -> 24 | K28: =IF(J28<0,"ATENÇÃO","OK") -> OK | L28: 0 | M28: 0 | N28: 0 | O28: 0 | P28: 0 | Q28: 0 | R28: 0 | S28: 0 | T28: 0 | U28: 0
C29: 26 | D29: PINCEL ATOMICO NA COR PRETA PONTA OBLÍQUA (CHANFRADA), COM REGISTRO NO INMETRO. | E29: Peça | F29: J.STAMP | G29: 33.90.30.16 | H29: 0.82 | I29: 24 | J29: =I29-(SUM(L29:W29)) -> 24 | K29: =IF(J29<0,"ATENÇÃO","OK") -> OK
C30: 27 | D30: PINCEL ATOMICO NA COR VERDE PONTA OBLÍQUA (CHANFRADA), COM REGISTRO NO INMETRO. | E30: Peça | F30: J.STAMP | G30: 33.90.30.16 | H30: 0.82 | I30: 24 | J30: =I30-(SUM(L30:W30)) -> 24 | K30: =IF(J30<0,"ATENÇÃO","OK") -> OK
C31: 28 | D31: PINCEL ATOMICO NA COR VERMELHA PONTA OBLÍQUA (CHANFRADA), COM REGISTRO NO INMETRO. | E31: Peça | F31: J.STAMP | G31: 33.90.30.16 | H31: 0.82 | I31: 24 | J31: =I31-(SUM(L31:W31)) -> 24 | K31: =IF(J31<0,"ATENÇÃO","OK") -> OK
C32: 29 | D32: CANETA HIDROGRAFICA FOSFORESCENTE PARA DESTAQUE DE TEXTO, NA COR AMARELA, escrita de aproximadamente 3 mm de largura | E32: Peça | F32: JOCAR | G32: 33.90.30.16 | H32: 0.63 | I32: 72 | J32: =I32-(SUM(L32:W32)) -> 72 | K32: =IF(J32<0,"ATENÇÃO","OK") -> OK
C33: 30 | D33: CANETA HIDROGRAFICA FOSFORESCENTE PARA DESTAQUE DE TEXTO, NA COR VERDE, escrita de aproximadamente 3 mm de largura | E33: Peça | F33: JOCAR | G33: 33.90.30.16 | H33: 0.63 | I33: 72 | J33: =I33-(SUM(L33:W33)) -> 72 | K33: =IF(J33<0,"ATENÇÃO","OK") -> OK
C34: 31 | D34: CANETA ESFEROGRAFICA, COM TINTA ANTI-FRAUDE, com tinta segura e resistente a teste de água e luz composta de resinas termoplástica, tinta a base de solventes corantes orgânicos, ponta tungstênio, 0,7mm, cor preta. Similar a Unni ball Vision Elite. | E34: Peça | F34: UNIBALL | G34: 33.90.30.16 | H34: 5.51 | I34: 30 | J34: =I34-(SUM(L34:W34)) -> 30 | K34: =IF(J34<0,"ATENÇÃO","OK") -> OK
C35: 32 | D35: CANETA HIDROCOR, AVULSA - COR AZUL - PONTA DE 2MM | E35: Peça | F35: COMPACTOR | G35: 33.90.30.16 | H35: 0.57 | J35: =I35-(SUM(L35:W35)) -> 0 | K35: =IF(J35<0,"ATENÇÃO","OK") -> OK
C36: 33 | D36: CANETA HIDROCOR, AVULSA - COR LARANJA - PONTA DE 2MM | E36: Peça | F36: COMPACTOR | G36: 33.90.30.16 | H36: 0.57 | J36: =I36-(SUM(L36:W36)) -> 0 | K36: =IF(J36<0,"ATENÇÃO","OK") -> OK
C37: 34 | D37: CANETA HIDROCOR, AVULSA - COR PRETA - PONTA DE 2MM | E37: Peça | F37: COMPACTOR | G37: 33.90.30.16 | H37: 0.57 | J37: =I37-(SUM(L37:W37)) -> 0 | K37: =IF(J37<0,"ATENÇÃO","OK") -> OK
C38: 35 | D38: CANETA HIDROCOR, AVULSA - COR VERDE - PONTA DE 2MM | E38: Peça | F38: COMPACTOR | G38: 33.90.30.16 | H38: 0.57 | J38: =I38-(SUM(L38:W38)) -> 0 | K38: =IF(J38<0,"ATENÇÃO","OK") -> OK
C39: 36 | D39: CANETA HIDROCOR, AVULSA - COR VERMELHA - PONTA DE 2MM | E39: Peça | F39: COMPACTOR | G39: 33.90.30.16 | H39: 0.57 | J39: =I39-(SUM(L39:W39)) -> 0 | K39: =IF(J39<0,"ATENÇÃO","OK") -> OK
C40: 37 | D40: CANETA HIDROCOR, COM 12 CORES, tamanho grande, lavável, com ponta fina de 2mm, com registro no INMETRO | E40: Jogo | F40: LEONORA | G40: 33.90.30.16 | H40: 2.21 | I40: 10 | J40: =I40-(SUM(L40:W40)) -> 10 | K40: =IF(J40<0,"ATENÇÃO","OK") -> OK
C41: 38 | D41: Caneta nanquim descartável Linha Técnica.Expessura de traços em(mm):0.5. Caneta descartável com ponta de poliester engastada em metal. Cor da tinta Preta | E41: Unidade | F41: UNIBALL | G41: 33.90.30.16 | H41: 7.03 | J41: =I41-(SUM(L41:W41)) -> 0 | K41: =IF(J41<0,"ATENÇÃO","OK") -> OK
C42: 39 | D42: Caneta marcador permanente, estojo com 60 cores, profissional, tinta base de água e pontas chanfradas. Similar a "magic color" | E42: Estojo | F42: MAGIC COLOR | G42: 33.90.30.16 | H42: 183.5 | J42: =I42-(SUM(L42:W42)) -> 0 | K42: =IF(J42<0,"ATENÇÃO","OK") -> OK
C43: 40 | D43: CANETA HIDROGRAFICA FOSFORESCENTE, PARA DESTAQUE DE TEXTO, NA COR LARANJA | E43: Peça | F43: JOCAR | G43: 33.90.30.16 | H43: 0.63 | I43: 500 | J43: =I43-(SUM(L43:W43)) -> 500 | K43: =IF(J43<0,"ATENÇÃO","OK") -> OK
C44: 41 | D44: CANETA HIDROGRAFICA FOSFORESCENTE, PARA DESTAQUE DE TEXTO, NA COR ROSA | E44: Peça | F44: JOCAR | G44: 33.90.30.16 | H44: 0.63 | I44: 500 | J44: =I44-(SUM(L44:W44)) -> 500 | K44: =IF(J44<0,"ATENÇÃO","OK") -> OK
C45: 42 | D45: CANETA HIDROGRAFICA FOSFORESCENTE, PARA DESTAQUE DE TEXTO,NA COR AZUL | E45: Peça | F45: JOCAR | G45: 33.90.30.16 | H45: 0.63 | I45: 500 | J45: =I45-(SUM(L45:W45)) -> 500 | K45: =IF(J45<0,"ATENÇÃO","OK") -> OK
C46: 43 | D46: CANETA MARCADOR PERMANENTE, COR AZUL, para CD e Retroprojetor, ponta 1 à 2mm | E46: Peça | F46: JOCAR | G46: 33.90.30.16 | H46: 0.93 | I46: 250 | J46: =I46-(SUM(L46:W46)) -> 250 | K46: =IF(J46<0,"ATENÇÃO","OK") -> OK
C47: 44 | D47: CANETA MARCADOR PERMANENTE, COR PRETA PARA CD e Retroprojetor, ponta 1 à 2mm | E47: Peça | F47: JOCAR | G47: 33.90.30.1633.90.30.16 | H47: 0.93 | I47: 250 | J47: =I47-(SUM(L47:W47)) -> 250 | K47: =IF(J47<0,"ATENÇÃO","OK") -> OK
C48: 45 | D48: CANETA MARCADOR PERMANENTE, COR VERDE, para CD e Retroprojetor, ponta 1 à 2mm | E48: Peça | F48: CIS | G48: 33.90.30.16 | H48: 1.23 | I48: 250 | J48: =I48-(SUM(L48:W48)) -> 250 | K48: =IF(J48<0,"ATENÇÃO","OK") -> OK
C49: 46 | D49: CANETA MARCADOR PERMANENTE, COR VERMELHA, para CD e Retroprojetor, ponta 1 à 2mm. | E49: Peça | F49: JOCAR | G49: 33.90.30.16 | H49: 0.93 | I49: 250 | J49: =I49-(SUM(L49:W49)) -> 250 | K49: =IF(J49<0,"ATENÇÃO","OK") -> OK
A50: AQUINPEL SUP. P/ INF. ESC. E PAP. EIRELI | B50: 7 | C50: 47 | D50: CANETA MARCADOR PARA QUADRO BRANCO, NA COR AZUL, não recarregável, ponta arredondada com no mínimo 3mm, refil de no mínimo 5ml. Produto com registro no INMETRO | E50: Peça | F50: GXIN | G50: 33.90.30.16 | H50: 1.97 | I50: 2000 | J50: =I50-(SUM(L50:W50)) -> 2000 | K50: =IF(J50<0,"ATENÇÃO","OK") -> OK
C51: 48 | D51: CANETA MARCADOR PARA QUADRO BRANCO, NA COR PRETA, não recarregável, ponta arredondada com no mínimo 3mm, refil de no mínimo 5ml. Produto com registro no INMETRO | E51: Peça | F51: GXIN | G51: 33.90.30.16 | H51: 1.97 | I51: 2000 | J51: =I51-(SUM(L51:W51)) -> 2000 | K51: =IF(J51<0,"ATENÇÃO","OK") -> OK
C52: 49 | D52: CANETA MARCADOR PARA QUADRO BRANCO, NA COR VERDE, não recarregável, ponta arredondada com no mínimo 3mm, refil de no mínimo 5ml. Produto com registro no INMETRO | E52: Peça | F52: GXIN | G52: 33.90.30.16 | H52: 1.97 | I52: 500 | J52: =I52-(SUM(L52:W52)) -> 500 | K52: =IF(J52<0,"ATENÇÃO","OK") -> OK
C53: 50 | D53: CANETA MARCADOR PARA QUADRO BRANCO, NA COR VERMELHA, não recarregável, ponta arredondada com no mínimo 3mm, refil de no mínimo 5ml. Produto com registro no INMETRO | E53: Peça | F53: GXIN | G53: 33.90.30.16 | H53: 1.97 | I53: 1000 | J53: =I53-(SUM(L53:W53)) -> 1000 | K53: =IF(J53<0,"ATENÇÃO","OK") -> OK
C54: 51 | D54: LIMPADOR PARA QUADRO BRANCO, REMOVEDOR DE MACHAS PARA QUADRO NAO MAGNETICO, em spray líquido, frasco com 60 ml | E54: Peça | F54: RADEX | G54: 33.90.30.16 | H54: 6.47 | I54: 100 | J54: =I54-(SUM(L54:W54)) -> 50 | K54: =IF(J54<0,"ATENÇÃO","OK") -> OK | Q54: 50
A55: DIAL DEPARTAMENTOS EIRELI EPP | B55: 8 | C55: 52 | D55: CAPA DE PROTECAO, PARA DVD/CD, em acrílico transparente, dimensões aproximadas 0,5 X 14 X 12 cm. | E55: Peça | F55: MIDIA | G55: 33.90.30.17 | H55: 1.44 | I55: 5000 | J55: =I55-(SUM(L55:W55)) -> 5000 | K55: =IF(J55<0,"ATENÇÃO","OK") -> OK
C56: 53 | D56: CD, MIDIA DE CD, gravavel, R, 700 Mb 80min 52 X | E56: Peça | F56: ELGIN | G56: 33.90.30.17 | H56: 0.51 | I56: 3000 | J56: =I56-(SUM(L56:W56)) -> 3000 | K56: =IF(J56<0,"ATENÇÃO","OK") -> OK
C57: 54 | D57: CD, REGRAVAVEL - 80 MINUTOS, 700 Mb 80min 52 X | E57: Peça | F57: ELGIN | G57: 33.90.30.17 | H57: 1.94 | I57: 3000 | J57: =I57-(SUM(L57:W57)) -> 3000 | K57: =IF(J57<0,"ATENÇÃO","OK") -> OK
C58: 55 | D58: DVD - VIRGEM, MIDIAS DVD-RW, RW (regravavel) 4,7 GB, 120 min | E58: Peça | F58: ELGIN | G58: 33.90.30.17 | H58: 2.32 | I58: 5000 | J58: =I58-(SUM(L58:W58)) -> 5000 | K58: =IF(J58<0,"ATENÇÃO","OK") -> OK
C59: 56 | D59: DVD, MIDIA DE DVD, R (gravável) 120 Min. 4.7 GB | E59: Peça | F59: ELGIN | G59: 33.90.30.17 | H59: 0.57 | I59: 2000 | J59: =I59-(SUM(L59:W59)) -> 2000 | K59: =IF(J59<0,"ATENÇÃO","OK") -> OK
C60: 57 | D60: Estojo para DVD - em plástico preto com Altura: 8,00mm, Largura: 13,50cm, Profundidade: 20,00cm | E60: Peça | F60: MIDIA | G60: 33.90.30.16 | H60: 2.25 | J60: =I60-(SUM(L60:W60)) -> 0 | K60: =IF(J60<0,"ATENÇÃO","OK") -> OK
A61: DIAL DEPARTAMENTOS EIRELI EPP | B61: 9 | C61: 58 | D61: Cola líquida branca, lavável, não tóxica, tubo com 90 gramas. Com registro no INMETRO | E61: Peça | F61: PIRATININGA | G61: 33.90.30.16 | H61: 0.66 | I61: 30 | J61: =I61-(SUM(L61:W61)) -> 30 | K61: =IF(J61<0,"ATENÇÃO","OK") -> OK
C62: 59 | D62: COLA PLASTICA BRANCA,LAVAVEL,NAO TOXICA PASTOSA EM BASTAO COM PESO MINIMO DE 8 GRAMAS .Com registro no INMETRO | E62: Peça | F62: LEONORA | G62: 33.90.30.16 | H62: 0.42 | I62: 48 | J62: =I62-(SUM(L62:W62)) -> 48 | K62: =IF(J62<0,"ATENÇÃO","OK") -> OK
C63: 60 | D63: CLIPS METALICO NIQUELADO PARA PAPEIS NUMERO 1/0, CAIXA COM 100 UNIDADES | E63: Peça | F63: RAFA | G63: 33.90.30.16 | H63: 1.19 | J63: =I63-(SUM(L63:W63)) -> 0 | K63: =IF(J63<0,"ATENÇÃO","OK") -> OK
C64: 61 | D64: CLIPS METALICO NIQUELADO PARA PAPEIS NUMERO 6/0 ,CAIXA COM 50 UNIDADES | E64: Peça | F64: RAFA | G64: 33.90.30.16 | H64: 1.36 | J64: =I64-(SUM(L64:W64)) -> 0 | K64: =IF(J64<0,"ATENÇÃO","OK") -> OK
C65: 62 | D65: CLIPS METALICO NIQUELADO PARA PAPEIS NUMERO 3/0, CAIXA COM 50 UNIDADES | E65: Peça | F65: RAFA | G65: 33.90.30.16 | H65: 1.19 | I65: 100 | J65: =I65-(SUM(L65:W65)) -> 100 | K65: =IF(J65<0,"ATENÇÃO","OK") -> OK
C66: 63 | D66: COLCHETE LATONADO PARA PAPEIS NUMERO 03,CAIXA COM 72 UNIDADES | E66: Peça | F66: RAFA | G66: 33.90.30.16 | H66: 1.74 | J66: =I66-(SUM(L66:W66)) -> 0 | K66: =IF(J66<0,"ATENÇÃO","OK") -> OK
C67: 64 | D67: COLCHETE LATONADO PARA PAPEIS NUMERO 08,CAIXA COM 72 UNIDADES | E67: Peça | F67: RAFA | G67: 33.90.30.16 | H67: 2.55 | J67: =I67-(SUM(L67:W67)) -> 0 | K67: =IF(J67<0,"ATENÇÃO","OK") -> OK
C68: 65 | D68: ELASTICO EM LATEX NUMERO 18 - EMBALAGEM COM 100 gramas | E68: Peça | F68: PREMIER | G68: 33.90.30.16 | H68: 1.82 | I68: 10 | J68: =I68-(SUM(L68:W68)) -> 10 | K68: =IF(J68<0,"ATENÇÃO","OK") -> OK
C69: 66 | D69: CINTA ELASTICA, PARA PROCESSO, LARGURA APROXIMADA de 4CM e aproximadamente 22 cm de comprimento não esticado | E69: Peça | F69: OLIMPIA | G69: 33.90.30.16 | H69: 0.88 | J69: =I69-(SUM(L69:W69)) -> 0 | K69: =IF(J69<0,"ATENÇÃO","OK") -> OK
C70: 67 | D70: CLIPS METALICO NIQUELADO PARA PAPEIS, GALVANIZADO N. 8/0, CAIXA COM 25 UNIDADES | E70: Caixa | F70: RAFA | G70: 33.90.30.16 | H70: 1.15 | I70: 50 | J70: =I70-(SUM(L70:W70)) -> 50 | K70: =IF(J70<0,"ATENÇÃO","OK") -> OK
C71: 68 | D71: CLIPS METALICO NIQUELADO PARA PAPEIS, NUMERO 00 CAIXA COM 100 UNIDADES | E71: Peça | F71: RAFA | G71: 33.90.30.16 | H71: 1.19 | I71: 300 | J71: =I71-(SUM(L71:W71)) -> 300 | K71: =IF(J71<0,"ATENÇÃO","OK") -> OK
C72: 69 | D72: CLIPS METALICO NIQUELADO PARA PAPEIS, NUMERO 04 COM 100 UNIDADES, | E72: Caixa | F72: RAFA | G72: 33.90.30.16 | H72: 1.19 | I72: 300 | J72: =I72-(SUM(L72:W72)) -> 300 | K72: =IF(J72<0,"ATENÇÃO","OK") -> OK
C73: 70 | D73: CLIPS METALICO NIQUELADO PARA PAPEIS, NUMERO 2/0, CAIXA COM 100 UNIDADES | E73: Caixa | F73: RAFA | G73: 33.90.30.16 | H73: 1.19 | I73: 300 | J73: =I73-(SUM(L73:W73)) -> 300 | K73: =IF(J73<0,"ATENÇÃO","OK") -> OK
C74: 71 | D74: CLIPS, TIPO PREDENDOR DE PAPEL, MEDINDO 19MM, CAIXA COM 12 peças, corpo de metal com pintura epóxi e presilha em aço inoxidável. | E74: Caixa | F74: BRW | G74: 33.90.30.16 | H74: 1.34 | I74: 5 | J74: =I74-(SUM(L74:W74)) -> 5 | K74: =IF(J74<0,"ATENÇÃO","OK") -> OK
C75: 72 | D75: CLIPS, TIPO PRENDEDOR DE PAPEL, MEDINDO 32MM,CAIXA COM 12 peças, corpo de metal com pintura epóxi e presilha em aço inoxidável. | E75: Caixa | F75: BRW | G75: 33.90.30.16 | H75: 3.4 | I75: 5 | J75: =I75-(SUM(L75:W75)) -> 5 | K75: =IF(J75<0,"ATENÇÃO","OK") -> OK
C76: 73 | D76: CLIPS, TIPO PRENDEDOR,MEDINDO 51MM, CAIXA COM 12 peças, corpo de metal com pintura epóxi e presilha em aço inoxidável. | E76: Caixa | F76: BRW | G76: 33.90.30.16 | H76: 8.55 | I76: 5 | J76: =I76-(SUM(L76:W76)) -> 5 | K76: =IF(J76<0,"ATENÇÃO","OK") -> OK
C77: 74 | D77: CORRETIVO LIQUIDO, OPACO FRASCO COM 18ml, a base de água, não tóxico, com registro no INMETRO. | E77: Frasco | F77: ATIMA | G77: 33.90.30.16 | H77: 0.76 | I77: 100 | J77: =I77-(SUM(L77:W77)) -> 100 | K77: =IF(J77<0,"ATENÇÃO","OK") -> OK
C78: 75 | D78: CORRETIVO LIQUIDO, TIPO CANETA, secagem rápida, atóxico, mínimo 7ml, com registro no INMETRO. | E78: Peça | F78: JOCAR | G78: 33.90.30.16 | H78: 1.98 | I78: 50 | J78: =I78-(SUM(L78:W78)) -> 50 | K78: =IF(J78<0,"ATENÇÃO","OK") -> OK
C79: 76 | D79: Cola líquida branca, lavável, não tóxica, tubo com 1kg. Com registro no INMETRO | E79: Unidade | F79: PIRATININGA | G79: 33.90.30.16 | H79: 4.54 | J79: =I79-(SUM(L79:W79)) -> 0 | K79: =IF(J79<0,"ATENÇÃO","OK") -> OK
C80: 77 | D80: Cola líquida branca, lavável, não tóxica, tubo com 250g. Com registro no INMETRO | E80: Unidade | F80: PIRATININGA | G80: 33.90.30.16 | H80: 1.84 | J80: =I80-(SUM(L80:W80)) -> 0 | K80: =IF(J80<0,"ATENÇÃO","OK") -> OK
A81: ALEXANDRA DOS PASSOS EIRELI EPP | B81: 10 | C81: 78 | D81: CRACHA PARA IDENTIFICACAO, bolsa em PVC cristal, tamanho aproximado de 10 X 15cm, PVC 20 vertical, com cordão PVC. | E81: Peça | F81: DAC | G81: 33.90.30.16 | H81: 0.75 | I81: 5000 | J81: =I81-(SUM(L81:W81)) -> 5000 | K81: =IF(J81<0,"ATENÇÃO","OK") -> OK
C82: 79 | D82: CRACHA PARA IDENTIFICACAO, PARA EVENTOS, com grampo metal tipo jacaré, tamanho 7X10cm | E82: Peça | F82: DAC | G82: 33.90.30.16 | H82: 0.57 | I82: 5000 | J82: =I82-(SUM(L82:W82)) -> 5000 | K82: =IF(J82<0,"ATENÇÃO","OK") -> OK
A83: CLEONICE OLIVEIRA DOS SANTOS ME | B83: 11 | C83: 80 | D83: DISPLAY EM ACRILICO, TRANSPARENTE PARA FOLHA A4, para sinalizar e identificar portas. Produzido em acrilico 2mm cristal dobrável, para áreas internas ou externas, suporte adesivo dupla face para fixação em qualquer superfície plana. Tamanho aproximado: 320X225mm. | E83: Peça | F83: COMVISÃO | G83: 33.90.30.16 | H83: 24.5 | I83: 100 | J83: =I83-(SUM(L83:W83)) -> 75 | K83: =IF(J83<0,"ATENÇÃO","OK") -> OK | O83: 25
C84: 81 | D84: DISPLAY EM ACRILICO, TRANSPARENTE, PARA FOLHA A3 | E84: Peça | F84: COMVISÃO | G84: 33.90.30.16 | H84: 39 | J84: =I84-(SUM(L84:W84)) -> 0 | K84: =IF(J84<0,"ATENÇÃO","OK") -> OK
A85: DIAL DEPARTAMENTOS EIRELI EPP | B85: 12 | C85: 82 | D85: ESTILETE DE CORTE, LARGO, medindo aproximadamente 15cm, com lâmina de 2 cm de largura inclusa, cabo plástico, com registro no INMETRO | E85: Peça | F85: JOCAR | G85: 33.90.30.16 | H85: 0.81 | I85: 100 | J85: =I85-(SUM(L85:W85)) -> 100 | K85: =IF(J85<0,"ATENÇÃO","OK") -> OK
C86: 83 | D86: CARTOLINA MED. 50 X 65 CM COM 180GR/M2, NA COR AMARELA | E86: Folha | F86: BIGNARD | G86: 33.90.30.16 | H86: 0.39 | J86: =I86-(SUM(L86:W86)) -> 0 | K86: =IF(J86<0,"ATENÇÃO","OK") -> OK
C87: 84 | D87: CARTOLINA MED. 50 X 65 CM COM 180GR/M2, NA COR AZUL CLARO | E87: Folha | F87: BIGNARD | G87: 33.90.30.16 | H87: 0.39 | J87: =I87-(SUM(L87:W87)) -> 0 | K87: =IF(J87<0,"ATENÇÃO","OK") -> OK
C88: 85 | D88: CARTOLINA MED. 50 X 65 CM COM 180GR/M2, NA COR BRANCA | E88: Folha | F88: BIGNARD | G88: 33.90.30.16 | H88: 0.39 | J88: =I88-(SUM(L88:W88)) -> 0 | K88: =IF(J88<0,"ATENÇÃO","OK") -> OK
C89: 86 | D89: CARTOLINA MED. 50 X 65 CM COM 180GR/M2, NA COR ROSA | E89: Folha | F89: BIGNARD | G89: 33.90.30.16 | H89: 0.39 | J89: =I89-(SUM(L89:W89)) -> 0 | K89: =IF(J89<0,"ATENÇÃO","OK") -> OK
C90: 87 | D90: CARTOLINA MED. 50 X 65 CM COM 180GR/M2, NA COR VERDE | E90: Folha | F90: BIGNARD | G90: 33.90.30.16 | H90: 0.39 | J90: =I90-(SUM(L90:W90)) -> 0 | K90: =IF(J90<0,"ATENÇÃO","OK") -> OK
C91: 88 | D91: ETIL VINIL ACETATO (E.V.A), COR LARANJA MEDINDO 40X60 | E91: Folha | F91: MAKE | G91: 33.90.30.16 | H91: 1 | J91: =I91-(SUM(L91:W91)) -> 0 | K91: =IF(J91<0,"ATENÇÃO","OK") -> OK
C92: 89 | D92: ETIL VINIL ACETATO (E.V.A), COR MARROM MEDINDO 40X60 | E92: Folha | F92: MAKE | G92: 33.90.30.16 | H92: 1 | J92: =I92-(SUM(L92:W92)) -> 0 | K92: =IF(J92<0,"ATENÇÃO","OK") -> OK
C93: 90 | D93: ETIL VINIL ACETATO (E.V.A), COR PRETA MEDINDO 40X60 | E93: Folha | F93: MAKE | G93: 33.90.30.16 | H93: 1 | J93: =I93-(SUM(L93:W93)) -> 0 | K93: =IF(J93<0,"ATENÇÃO","OK") -> OK
C94: 91 | D94: ETIL VINIL ACETATO (E.V.A), COR VERDE MEDINDO 40X60, VERDE ESCURO | E94: Folha | F94: MAKE | G94: 33.90.30.16 | H94: 1 | J94: =I94-(SUM(L94:W94)) -> 0 | K94: =IF(J94<0,"ATENÇÃO","OK") -> OK
C95: 92 | D95: ETIL VINIL ACETATO (E.V.A), COR VERDE MEDINDO 40X60, VERMELHA | E95: Folha | F95: MAKE | G95: 33.90.30.16 | H95: 1 | J95: =I95-(SUM(L95:W95)) -> 0 | K95: =IF(J95<0,"ATENÇÃO","OK") -> OK
C96: 93 | D96: ETIQUETA AUTO ADESIVA, brana, medindo.25,4 X 66,7mm, caixa com 25 folhas | E96: Caixa | F96: IMPRIMASTER | G96: 33.90.30.16 | H96: 5 | J96: =I96-(SUM(L96:W96)) -> 0 | K96: =IF(J96<0,"ATENÇÃO","OK") -> OK
C97: 94 | D97: ETIQUETA AUTO ADESIVA, branca medindo 44,45 X 12,7mm, caixa com 25 folhas | E97: Caixa | F97: IMPRIMASTER | G97: 33.90.30.16 | H97: 5 | J97: =I97-(SUM(L97:W97)) -> 0 | K97: =IF(J97<0,"ATENÇÃO","OK") -> OK
... C100: 97 | D100: ETIQUETA AUTO ADESIVA, reforço plástico, transparente, 14,5mm de diâmetro, caixa com 150 peças. | E100: Caixa | F100: PIMACO | G100: 33.90.30.16 | H100: 3.52 | J100: =I100-(SUM(L100:W100)) -> 0 | K100: =IF(J100<0,"ATENÇÃO","OK") -> OK
A101: ATLANTIS COM. MAQ. EUIP. LTDA EPP | B101: 13 | C101: 98 | D101: ETIQUETAS DE DETECCAO, COMPOSTO POR FITAS METALICAS, Fitas de detecção com tecnologia eletromagnética para aplicação nos itens da biblioteca para proteção do acervo(aplicação entre as páginas de livros e periódicos e outros). Composta por finas fitas metálicas e camada adicional de papel branco, da mesma largura, para otimização da ocultação e segurança; para que quando não desativadas, ao passar pela antena causam disparo, com adesivo não ácido de alta aderência próprio para papéis, em ambas as faces; com duas tiras plásticas para auxiliar na aplicação manual entre as páginas dos livros e periódicos; Desativáveis e reativáveis. Caixa com 1.000. | E101: Peça | F101: SSLT | G101: 33.90.30.16 | H101: 491.22 | J101: =I101-(SUM(L101:W101)) -> 0 | K101: =IF(J101<0,"ATENÇÃO","OK") -> OK
A102: DIAL DEPARTAMENTOS EIRELI EPP | B102: 14 | C102: 99 | D102: FITA ADESIVA PARA EMPACOTAMENTO, CREPE, COR PARDA, MEDINDO 32MM X 50M | E102: Peça | F102: EUROCEL | G102: 33.90.30.16 | H102: 5.3 | I102: 400 | J102: =I102-(SUM(L102:W102)) -> 400 | K102: =IF(J102<0,"ATENÇÃO","OK") -> OK
...

Sheet FAED
A1: PROCESSO: 1651/2014/UDESC | D1: OBJETO: AQUISIÇÃO DE MATERIAIS DE EXPEDIENTE PARA A UDESC | I1: VIGÊNCIA DA ATA: 15/04/2015 até 14/04/2016 | L1: AF/OS nº 589/2015 Qtde. DT | M1: AF/OS nº 635/2015 Qtde. DT | N1: AF/OS nº 641/2015 Qtde. DT | O1: AF/OS nº 645/2015 Qtde. DT | P1: AF/OS nº 761/2015 Qtde. DT | Q1: AF/OS nº 1624/2015 Qtde. DT | R1: AF/OS nº 1628/2015 Qtde. DT | S1: AF/OS nº 2050/2015 Qtde. DT | T1: AF/OS nº 2177/2015 Qtde. DT | U1: AF/OS nº 2051/2015 Qtde. DT | V1: AF/OS nº 263/2016 Qtde. DT | W1: AF/OS nº 265/2016 Qtde. DT | X1: AF/OS nº 267/2016 Qtde. DT
A2: CENTRO PARTICIPANTE: FAED
A3: FORNECEDOR | B3: LOTE | C3: ITEM | D3: PRODUTO - CARACTERÍSTICAS MÍNIMAS | E3: UNIDADE | F3: MARCA | G3: DETALHAMENTO | H3: Preço UNITÁRIO (R$) | I3: Qtde Registrada | J3: Saldo / Automático | K3: ALERTA | L3: 42123 | M3: 42129 | N3: 42130 | O3: 42130 | P3: 42138 | Q3: 42257 | R3: 42257 | S3: 42313 | T3: 42321 | U3: 42313 | V3: 42446 | W3: 42446 | X3: 42446
A4: LICITAMIX MAT. DE ESC. LTDA ME | B4: 1 | C4: 1 | D4: AGENDA PERMANENTE, PARA MARCAR COMPROMISSOS, com no mínimo 100 folhas. Com fitilho marcador de páginas, medindo aproximadamente 145 X 205mm | E4: Peça | F4: FTD | G4: 33.90.30.16 | H4: 18.92 | I4: 20 | J4: =I4-(SUM(L4:X4)) -> 15 | K4: =IF(J4<0,"ATENÇÃO","OK") -> OK | L4: 5 | M4: 0 | N4: 0 | O4: 0 | P4: 0 | Q4: 0 | R4: 0 | S4: 0 | T4: 0 | U4: 0 | V4: 0 | W4: 0 | X4: 0
C5: 2 | D5: APAGADOR PARA QUADRO BRANCO, com corpo plástico de alta resistência, base com feltro de no mínimo 2mm. Medidas: comprimento entre 15 e 18 cm; largura igual ou maior que 6 cm; altura entre 3cm e 5cm. Espaço no corpo do apagador para armazenar 2 canetas marcadoras para quadro branco. | E5: Peça | F5: KIT | G5: 33.90.30.16 | H5: 5.3 | I5: 30 | J5: =I5-(SUM(L5:X5)) -> 30 | K5: =IF(J5<0,"ATENÇÃO","OK") -> OK | L5: 0 | M5: 0 | N5: 0 | O5: 0 | P5: 0 | Q5: 0 | R5: 0 | S5: 0 | T5: 0 | U5: 0 | V5: 0 | W5: 0 | X5: 0
A6: DIAL DEPARTAMENTOS EIRELI EPP | B6: 2 | C6: 3 | D6: Aplicador/suporte para fita adesiva de 48mm X 50m, com serrilha e cabo para empacotamento | E6: peça | F6: JOCAR | G6: 33.90.30.16 | H6: 13.68 | I6: 5 | J6: =I6-(SUM(L6:X6)) -> 5 | K6: =IF(J6<0,"ATENÇÃO","OK") -> OK | L6: 0 | M6: 0 | N6: 0 | O6: 0 | P6: 0 | Q6: 0 | R6: 0 | S6: 0 | T6: 0 | U6: 0 | V6: 0 | W6: 0 | X6: 0
C7: 4 | D7: BORRACHA DE PAPELARIA NA COR VERDE PARA COLOCAR NA PARTE DE CIMA LAPIS | E7: peça | F7: LEONORA | G7: 33.90.30.16 | H7: 0.07 | I7: 20 | J7: =I7-(SUM(L7:X7)) -> 0 | K7: =IF(J7<0,"ATENÇÃO","OK") -> OK | L7: 0 | M7: 20 | N7: 0 | O7: 0 | P7: 0 | Q7: 0 | R7: 0 | S7: 0 | T7: 0 | U7: 0 | V7: 0 | W7: 0 | X7: 0
C8: 5 | D8: BORRACHA PLASTICA, COR BRANCA,COM CINTA PLASTICA,MEDINDO 58X34,5X12mm. Com registro no INMETRO. | E8: peça | F8: LEONORA | G8: 33.90.30.16 | H8: 0.7 | I8: 40 | J8: =I8-(SUM(L8:X8)) -> 0 | K8: =IF(J8<0,"ATENÇÃO","OK") -> OK | L8: 0 | M8: 40 | N8: 0 | O8: 0 | P8: 0 | Q8: 0 | R8: 0 | S8: 0 | T8: 0 | U8: 0 | V8: 0 | W8: 0 | X8: 0
C9: 6 | D9: BARBANTE DE ALGODAO, com 08 (oito) fios, ROLO COM APROXIMADAMENTE 400 GRAMAS | E9: peça | F9: KOREA | G9: 33.90.30.16 | H9: 5.74 | I9: 10 | J9: =I9-(SUM(L9:X9)) -> 10 | K9: =IF(J9<0,"ATENÇÃO","OK") -> OK | L9: 0 | M9: 0 | N9: 0 | O9: 0 | P9: 0 | Q9: 0 | R9: 0 | S9: 0 | T9: 0 | U9: 0 | V9: 0 | W9: 0 | X9: 0
C10: 7 | D10: APONTADOR DE LAPIS, DE PLASTICO, TIPO COLEGIAL, Com recipiente para segurar sobras do lápis apontado, medindo aproximadamente 5 cm | E10: Peça | F10: LEONORA | G10: 33.90.30.16 | H10: 0.45 | I10: 50 | J10: =I10-(SUM(L10:X10)) -> 30 | K10: =IF(J10<0,"ATENÇÃO","OK") -> OK | L10: 0 | M10: 20 | N10: 0 | O10: 0 | P10: 0 | Q10: 0 | R10: 0 | S10: 0 | T10: 0 | U10: 0 | V10: 0 | W10: 0 | X10: 0
C11: 8 | D11: BANDEJA PARA DOCUMENTOS, EM ACRILICO, COM 1 DIVISÃO, na cor transparente – tamanho A4 | E11: Peça | F11: NOVACRIL | G11: 33.90.30.16 | H11: 9.32 | I11: 20 | J11: =I11-(SUM(L11:X11)) -> 15 | K11: =IF(J11<0,"ATENÇÃO","OK") -> OK | L11: 0 | M11: 5 | N11: 0 | O11: 0 | P11: 0 | Q11: 0 | R11: 0 | S11: 0 | T11: 0 | U11: 0 | V11: 0 | W11: 0 | X11: 0
C12: 9 | D12: BANDEJA PARA DOCUMENTOS, EM ACRILICO, COM 2 DIVISOES, na cor transparente – tamanho A4 | E12: Peça | F12: NOVACRIL | G12: 33.90.30.16 | H12: 18.23 | I12: 20 | J12: =I12-(SUM(L12:X12)) -> 10 | K12: =IF(J12<0,"ATENÇÃO","OK") -> OK | L12: 0 | M12: 10 | N12: 0 | O12: 0 | P12: 0 | Q12: 0 | R12: 0 | S12: 0 | T12: 0 | U12: 0 | V12: 0 | W12: 0 | X12: 0
C13: 10 | D13: BANDEJA PARA DOCUMENTOS, EM ACRILICO, COM 3 DIVISOES, NA COR TRANSPARENTE, TAMANHO A4 | E13: Peça | F13: NOVACRIL | G13: 33.90.30.16 | H13: 28.08 | I13: 20 | J13: =I13-(SUM(L13:X13)) -> 10 | K13: =IF(J13<0,"ATENÇÃO","OK") -> OK | L13: 0 | M13: 10 | N13: 0 | O13: 0 | P13: 0 | Q13: 0 | R13: 0 | S13: 0 | T13: 0 | U13: 0 | V13: 0 | W13: 0 | X13: 0
A14: ALEXANDRA DOS PASSOS EIRELI EPP | B14: 3 | C14: 11 | D14: BLOCO DE RASCUNHO, AUTO ADESIVO, medindo 38 X 51mm, pacote com 4 blocos. Adesivos removíveis com 100 folhas, similar a marca post it. | E14: pacote | F14: MAKE | G14: 33.90.30.16 | H14: 2.06 | I14: 100 | J14: =I14-(SUM(L14:X14)) -> 100 | K14: =IF(J14<0,"ATENÇÃO","OK") -> OK | L14: 0 | M14: 0 | N14: 0 | O14: 0 | P14: 0 | Q14: 0 | R14: 0 | S14: 0 | T14: 0 | U14: 0 | V14: 0 | W14: 0 | X14: 0
C15: 12 | D15: BLOCO DE RASCUNHO, AUTO ADESIVO, medindo 76 X 102mm, pacote com 100 folhas, amarelo, para recados. Adesivos removíveis, similar a marca post it. | E15: Peça | F15: JOCAR | G15: 33.90.30.16 | H15: 1.14 | I15: 50 | J15: =I15-(SUM(L15:X15)) -> 0 | K15: =IF(J15<0,"ATENÇÃO","OK") -> OK | L15: 0 | M15: 0 | N15: 0 | O15: 0 | P15: 0 | Q15: 50 | R15: 0 | S15: 0 | T15: 0 | U15: 0 | V15: 0 | W15: 0 | X15: 0
A16: DIAL DEPARTAMENTOS EIRELI EPP | B16: 4 | C16: 13 | D16: ALFINETE COLORIDO, ponta redonda, CAIXA COM 50 UNIDADES | E16: Caixa | F16: JOCAR | G16: 33.90.30.16 | H16: 1.46 | I16: 10 | J16: =I16-(SUM(L16:X16)) -> 0 | K16: =IF(J16<0,"ATENÇÃO","OK") -> OK | L16: 0 | M16: 10 | N16: 0 | O16: 0 | P16: 0 | Q16: 0 | R16: 0 | S16: 0 | T16: 0 | U16: 0 | V16: 0 | W16: 0 | X16: 0
C17: 14 | D17: APAGADOR, PARA QUADRO NEGRO, em madeira, base com feltro, medindo aproximadamente 15 X 6 X 4cm | E17: Peça | F17: CAGEMA | G17: 33.90.30.16 | H17: 1.59 | I17: 10 | J17: =I17-(SUM(L17:X17)) -> 10 | K17: =IF(J17<0,"ATENÇÃO","OK") -> OK | L17: 0 | M17: 0 | N17: 0 | O17: 0 | P17: 0 | Q17: 0 | R17: 0 | S17: 0 | T17: 0 | U17: 0 | V17: 0 | W17: 0 | X17: 0
C18: 15 | D18: BOBINA DE PAPEL, TÉRMICO, MEDINDO 57MM X 30M, CAIXA COM 10 UNIDADES, 1 via | E18: Caixa | F18: ALLSOMA | G18: 33.90.30.16 | H18: 19.98 | J18: =I18-(SUM(L18:X18)) -> 0 | K18: =IF(J18<0,"ATENÇÃO","OK") -> OK | L18: 0 | M18: 0 | N18: 0 | O18: 0 | P18: 0 | Q18: 0 | R18: 0 | S18: 0 | T18: 0 | U18: 0 | V18: 0 | W18: 0 | X18: 0
C19: 16 | D19: BLOCO DE PAPEL, FLIP CHART COM PICOTE, COM 50 FOLHAS, medindo aproximadamente 64cm X 88cm. | E19: Peça | F19: S.R | G19: 33.90.30.16 | H19: 14.85 | I19: 30 | J19: =I19-(SUM(L19:X19)) -> 30 | K19: =IF(J19<0,"ATENÇÃO","OK") -> OK | L19: 0 | M19: 0 | N19: 0 | O19: 0 | P19: 0 | Q19: 0 | R19: 0 | S19: 0 | T19: 0 | U19: 0 | V19: 0 | W19: 0 | X19: 0
C20: 17 | D20: BOBINA EM PAPEL PARA MAQUINA, BOBINA DE PAPEL TERMICO,MEDINDO 76MM X 40M, COM 1 VIA, | E20: Peça | F20: ALLSOMA | G20: 33.90.30.16 | H20: 3.11 | J20: =I20-(SUM(L20:X20)) -> 0 | K20: =IF(J20<0,"ATENÇÃO","OK") -> OK | L20: 0 | M20: 0 | N20: 0 | O20: 0 | P20: 0 | Q20: 0 | R20: 0 | S20: 0 | T20: 0 | U20: 0 | V20: 0 | W20: 0 | X20: 0
C21: 18 | D21: CADERNO TIPO ESCOLAR, CAPA DURA, TIPO UNIVERSITARIO, COM 200 FOLHAS, Formato 203 X 280mm | E21: Peça | F21: PANAMERICANA | G21: 33.90.30.16 | H21: 4.58 | I21: 20 | J21: =I21-(SUM(L21:X21)) -> 15 | K21: =IF(J21<0,"ATENÇÃO","OK") -> OK | L21: 0 | M21: 5 | N21: 0 | O21: 0 | P21: 0 | Q21: 0 | R21: 0 | S21: 0 | T21: 0 | U21: 0 | V21: 0 | W21: 0 | X21: 0
C22: 19 | D22: CADERNO TIPO ESCOLAR, TAMANHO PEQUENO COM 48 FOLHAS, capa dura tipo brochura. | E22: Peça | F22: PANAMERICANA | G22: 33.90.30.16 | H22: 1.47 | I22: 30 | J22: =I22-(SUM(L22:X22)) -> 25 | K22: =IF(J22<0,"ATENÇÃO","OK") -> OK | L22: 0 | M22: 5 | N22: 0 | O22: 0 | P22: 0 | Q22: 0 | R22: 0 | S22: 0 | T22: 0 | U22: 0 | V22: 0 | W22: 0 | X22: 0
C23: 20 | D23: Calculadora média (portátil), tela inclinada para 12 dígitos, duas fontes de energia e desligamento (bateria e energia solar) telas de raiz quadrada e porcentagem, tela de apagar o último dígito, medidas aproximadas: 9 x 12 cm. | E23: Peça | F23: CLASSE | G23: 33.90.30.16 | H23: 10.13 | I23: 20 | J23: =I23-(SUM(L23:X23)) -> 20 | K23: =IF(J23<0,"ATENÇÃO","OK") -> OK | L23: 0 | M23: 0 | N23: 0 | O23: 0 | P23: 0 | Q23: 0 | R23: 0 | S23: 0 | T23: 0 | U23: 0 | V23: 0 | W23: 0 | X23: 0
A24: ALEXANDRA DOS PASSOS EIRELI EPP | B24: 5 | C24: 21 | D24: CANETA ESFEROGRAFICA, NA COR AZUL, Corpo em poliestireno cristal, com protetor plástico entre a carga e o corpo da caneta; esfera em tungstênio; espessura da ponta de 1,00mm; formato redondo; ponta em latão usinado com esfera de tungstênio; tampa antiasfixiante. MARCA BIC, justificativa da marca anexada no processo e embasada no relatório de análise de produtos do "INMETRO". | E24: Peça | F24: BIC | G24: 33.90.30.16 | H24: 0.39 | I24: 1000 | J24: =I24-(SUM(L24:X24)) -> 350 | K24: =IF(J24<0,"ATENÇÃO","OK") -> OK | L24: 0 | M24: 0 | N24: 300 | O24: 0 | P24: 0 | Q24: 0 | R24: 0 | S24: 0 | T24: 0 | U24: 350 | V24: 0 | W24: 0 | X24: 0
C25: 22 | D25: CANETA ESFEROGRAFICA, NA COR PRETA, Corpo em poliestireno cristal, com protetor plástico entre a carga e o corpo da caneta; esfera em tungstênio;formato redondo; ponta em latão usinado com esfera de tungstênio; tampa antiasfixiante. MARCA BIC, justificativa da marca anexada no processo e embasada no relatório de análise de produtos do "INMETRO". | E25: Peça | F25: BIC | G25: 33.90.30.16 | H25: 0.39 | I25: 800 | J25: =I25-(SUM(L25:X25)) -> 0 | K25: =IF(J25<0,"ATENÇÃO","OK") -> OK | L25: 0 | M25: 0 | N25: 300 | O25: 0 | P25: 0 | Q25: 0 | R25: 0 | S25: 0 | T25: 0 | U25: 500 | V25: 0 | W25: 0 | X25: 0
C26: 23 | D26: CANETA ESFEROGRAFICA, NA COR VERDE, Corpo em poliestireno cristal, com protetor plástico entre a carga e o corpo da caneta; esfera em tungstênio; espessura da ponta de 1,00mm; formato redondo; ponta em latão usinado com esfera de tungstênio; tampa antiasfixiante. MARCA BIC, justificativa da marca anexada no processo e embasada no relatório de análise de produtos do "INMETRO". | E26: Peça | F26: BIC | G26: 33.90.30.16 | H26: 0.33 | I26: 200 | J26: =I26-(SUM(L26:X26)) -> 0 | K26: =IF(J26<0,"ATENÇÃO","OK") -> OK | L26: 0 | M26: 0 | N26: 100 | O26: 0 | P26: 0 | Q26: 0 | R26: 0 | S26: 0 | T26: 0 | U26: 100 | V26: 0 | W26: 0 | X26: 0
C27: 24 | D27: CANETA ESFEROGRAFICA, NA COR VERMELHA, Corpo em poliestireno cristal, com protetor plástico entre a carga e o corpo da caneta; esfera em tungstênio; espessura da ponta de 1,00mm; formato redondo; ponta em latão usinado com esfera de tungstênio; tampa antiasfixiante. MARCA BIC, justificativa da marca anexada no processo e embasada no relatório de análise de produtos do "INMETRO". | E27: Peça | F27: BIC | G27: 33.90.30.16 | H27: 0.33 | I27: 400 | J27: =I27-(SUM(L27:X27)) -> 200 | K27: =IF(J27<0,"ATENÇÃO","OK") -> OK | L27: 0 | M27: 0 | N27: 0 | O27: 0 | P27: 0 | Q27: 0 | R27: 0 | S27: 0 | T27: 0 | U27: 200 | V27: 0 | W27: 0 | X27: 0
A28: DIAL DEPARTAMENTOS EIRELI EPP | B28: 6 | C28: 25 | D28: PINCEL ATOMICO NA COR AZUL, PONTA OBLÍQUA (CHANFRADA), COM REGISTRO NO INMETRO. | E28: Peça | F28: J.STAMP | G28: 33.90.30.16 | H28: 0.82 | I28: 20 | J28: =I28-(SUM(L28:X28)) -> 0 | K28: =IF(J28<0,"ATENÇÃO","OK") -> OK | L28: 0 | M28: 20 | N28: 0 | O28: 0 | P28: 0 | Q28: 0 | R28: 0 | S28: 0 | T28: 0 | U28: 0 | V28: 0 | W28: 0 | X28: 0
C29: 26 | D29: PINCEL ATOMICO NA COR PRETA PONTA OBLÍQUA (CHANFRADA), COM REGISTRO NO INMETRO. | E29: Peça | F29: J.STAMP | G29: 33.90.30.16 | H29: 0.82 | I29: 20 | J29: =I29-(SUM(L29:X29)) -> 0 | K29: =IF(J29<0,"ATENÇÃO","OK") -> OK | M29: 20 | V29: 0 | W29: 0 | X29: 0
C30: 27 | D30: PINCEL ATOMICO NA COR VERDE PONTA OBLÍQUA (CHANFRADA), COM REGISTRO NO INMETRO. | E30: Peça | F30: J.STAMP | G30: 33.90.30.16 | H30: 0.82 | I30: 10 | J30: =I30-(SUM(L30:X30)) -> 0 | K30: =IF(J30<0,"ATENÇÃO","OK") -> OK | M30: 10 | V30: 0 | W30: 0 | X30: 0
C31: 28 | D31: PINCEL ATOMICO NA COR VERMELHA PONTA OBLÍQUA (CHANFRADA), COM REGISTRO NO INMETRO. | E31: Peça | F31: J.STAMP | G31: 33.90.30.16 | H31: 0.82 | I31: 10 | J31: =I31-(SUM(L31:X31)) -> 0 | K31: =IF(J31<0,"ATENÇÃO","OK") -> OK | M31: 10 | V31: 0 | W31: 0 | X31: 0
C32: 29 | D32: CANETA HIDROGRAFICA FOSFORESCENTE PARA DESTAQUE DE TEXTO, NA COR AMARELA, escrita de aproximadamente 3 mm de largura | E32: Peça | F32: JOCAR | G32: 33.90.30.16 | H32: 0.63 | I32: 60 | J32: =I32-(SUM(L32:X32)) -> 30 | K32: =IF(J32<0,"ATENÇÃO","OK") -> OK | M32: 30 | V32: 0 | W32: 0 | X32: 0
C33: 30 | D33: CANETA HIDROGRAFICA FOSFORESCENTE PARA DESTAQUE DE TEXTO, NA COR VERDE, escrita de aproximadamente 3 mm de largura | E33: Peça | F33: JOCAR | G33: 33.90.30.16 | H33: 0.63 | I33: 30 | J33: =I33-(SUM(L33:X33)) -> 15 | K33: =IF(J33<0,"ATENÇÃO","OK") -> OK | M33: 15 | V33: 0 | W33: 0 | X33: 0
C34: 31 | D34: CANETA ESFEROGRAFICA, COM TINTA ANTI-FRAUDE, com tinta segura e resistente a teste de água e luz composta de resinas termoplástica, tinta a base de solventes corantes orgânicos, ponta tungstênio, 0,7mm, cor preta. Similar a Unni ball Vision Elite. | E34: Peça | F34: UNIBALL | G34: 33.90.30.16 | H34: 5.51 | I34: 10 | J34: =I34-(SUM(L34:X34)) -> 10 | K34: =IF(J34<0,"ATENÇÃO","OK") -> OK | V34: 0 | W34: 0 | X34: 0
C35: 32 | D35: CANETA HIDROCOR, AVULSA - COR AZUL - PONTA DE 2MM | E35: Peça | F35: COMPACTOR | G35: 33.90.30.16 | H35: 0.57 | I35: 10 | J35: =I35-(SUM(L35:X35)) -> 10 | K35: =IF(J35<0,"ATENÇÃO","OK") -> OK | V35: 0 | W35: 0 | X35: 0
C36: 33 | D36: CANETA HIDROCOR, AVULSA - COR LARANJA - PONTA DE 2MM | E36: Peça | F36: COMPACTOR | G36: 33.90.30.16 | H36: 0.57 | I36: 10 | J36: =I36-(SUM(L36:X36)) -> 10 | K36: =IF(J36<0,"ATENÇÃO","OK") -> OK | V36: 0 | W36: 0 | X36: 0
C37: 34 | D37: CANETA HIDROCOR, AVULSA - COR PRETA - PONTA DE 2MM | E37: Peça | F37: COMPACTOR | G37: 33.90.30.16 | H37: 0.57 | I37: 10 | J37: =I37-(SUM(L37:X37)) -> 10 | K37: =IF(J37<0,"ATENÇÃO","OK") -> OK | V37: 0 | W37: 0 | X37: 0
C38: 35 | D38: CANETA HIDROCOR, AVULSA - COR VERDE - PONTA DE 2MM | E38: Peça | F38: COMPACTOR | G38: 33.90.30.16 | H38: 0.57 | I38: 10 | J38: =I38-(SUM(L38:X38)) -> 10 | K38: =IF(J38<0,"ATENÇÃO","OK") -> OK | V38: 0 | W38: 0 | X38: 0
C39: 36 | D39: CANETA HIDROCOR, AVULSA - COR VERMELHA - PONTA DE 2MM | E39: Peça | F39: COMPACTOR | G39: 33.90.30.16 | H39: 0.57 | I39: 10 | J39: =I39-(SUM(L39:X39)) -> 10 | K39: =IF(J39<0,"ATENÇÃO","OK") -> OK | V39: 0 | W39: 0 | X39: 0
C40: 37 | D40: CANETA HIDROCOR, COM 12 CORES, tamanho grande, lavável, com ponta fina de 2mm, com registro no INMETRO | E40: Jogo | F40: LEONORA | G40: 33.90.30.16 | H40: 2.21 | I40: 30 | J40: =I40-(SUM(L40:X40)) -> 30 | K40: =IF(J40<0,"ATENÇÃO","OK") -> OK | V40: 0 | W40: 0 | X40: 0
C41: 38 | D41: Caneta nanquim descartável Linha Técnica.Expessura de traços em(mm):0.5. Caneta descartável com ponta de poliester engastada em metal. Cor da tinta Preta | E41: Unidade | F41: UNIBALL | G41: 33.90.30.16 | H41: 7.03 | J41: =I41-(SUM(L41:X41)) -> 0 | K41: =IF(J41<0,"ATENÇÃO","OK") -> OK | V41: 0 | W41: 0 | X41: 0
C42: 39 | D42: Caneta marcador permanente, estojo com 60 cores, profissional, tinta base de água e pontas chanfradas. Similar a "magic color" | E42: Estojo | F42: MAGIC COLOR | G42: 33.90.30.16 | H42: 183.5 | J42: =I42-(SUM(L42:X42)) -> 0 | K42: =IF(J42<0,"ATENÇÃO","OK") -> OK | V42: 0 | W42: 0 | X42: 0
C43: 40 | D43: CANETA HIDROGRAFICA FOSFORESCENTE, PARA DESTAQUE DE TEXTO, NA COR LARANJA | E43: Peça | F43: JOCAR | G43: 33.90.30.16 | H43: 0.63 | I43: 20 | J43: =I43-(SUM(L43:X43)) -> 10 | K43: =IF(J43<0,"ATENÇÃO","OK") -> OK | M43: 10 | V43: 0 | W43: 0 | X43: 0
C44: 41 | D44: CANETA HIDROGRAFICA FOSFORESCENTE, PARA DESTAQUE DE TEXTO, NA COR ROSA | E44: Peça | F44: JOCAR | G44: 33.90.30.16 | H44: 0.63 | I44: 20 | J44: =I44-(SUM(L44:X44)) -> 10 | K44: =IF(J44<0,"ATENÇÃO","OK") -> OK | M44: 10 | V44: 0 | W44: 0 | X44: 0
C45: 42 | D45: CANETA HIDROGRAFICA FOSFORESCENTE, PARA DESTAQUE DE TEXTO,NA COR AZUL | E45: Peça | F45: JOCAR | G45: 33.90.30.16 | H45: 0.63 | I45: 20 | J45: =I45-(SUM(L45:X45)) -> 10 | K45: =IF(J45<0,"ATENÇÃO","OK") -> OK | M45: 10 | V45: 0 | W45: 0 | X45: 0
C46: 43 | D46: CANETA MARCADOR PERMANENTE, COR AZUL, para CD e Retroprojetor, ponta 1 à 2mm | E46: Peça | F46: JOCAR | G46: 33.90.30.16 | H46: 0.93 | J46: =I46-(SUM(L46:X46)) -> 0 | K46: =IF(J46<0,"ATENÇÃO","OK") -> OK | V46: 0 | W46: 0 | X46: 0
C47: 44 | D47: CANETA MARCADOR PERMANENTE, COR PRETA PARA CD e Retroprojetor, ponta 1 à 2mm | E47: Peça | F47: JOCAR | G47: 33.90.30.1633.90.30.16 | H47: 0.93 | I47: 12 | J47: =I47-(SUM(L47:X47)) -> 12 | K47: =IF(J47<0,"ATENÇÃO","OK") -> OK | V47: 0 | W47: 0 | X47: 0
C48: 45 | D48: CANETA MARCADOR PERMANENTE, COR VERDE, para CD e Retroprojetor, ponta 1 à 2mm | E48: Peça | F48: CIS | G48: 33.90.30.16 | H48: 1.23 | I48: 12 | J48: =I48-(SUM(L48:X48)) -> 12 | K48: =IF(J48<0,"ATENÇÃO","OK") -> OK | V48: 0 | W48: 0 | X48: 0
C49: 46 | D49: CANETA MARCADOR PERMANENTE, COR VERMELHA, para CD e Retroprojetor, ponta 1 à 2mm. | E49: Peça | F49: JOCAR | G49: 33.90.30.16 | H49: 0.93 | I49: 12 | J49: =I49-(SUM(L49:X49)) -> 12 | K49: =IF(J49<0,"ATENÇÃO","OK") -> OK | V49: 0 | W49: 0 | X49: 0
A50: AQUINPEL SUP. P/ INF. ESC. E PAP. EIRELI | B50: 7 | C50: 47 | D50: CANETA MARCADOR PARA QUADRO BRANCO, NA COR AZUL, não recarregável, ponta arredondada com no mínimo 3mm, refil de no mínimo 5ml. Produto com registro no INMETRO | E50: Peça | F50: GXIN | G50: 33.90.30.16 | H50: 1.97 | I50: 100 | J50: =I50-(SUM(L50:X50)) -> 0 | K50: =IF(J50<0,"ATENÇÃO","OK") -> OK | O50: 30 | R50: 70 | V50: 0 | W50: 0 | X50: 0
C51: 48 | D51: CANETA MARCADOR PARA QUADRO BRANCO, NA COR PRETA, não recarregável, ponta arredondada com no mínimo 3mm, refil de no mínimo 5ml. Produto com registro no INMETRO | E51: Peça | F51: GXIN | G51: 33.90.30.16 | H51: 1.97 | I51: 100 | J51: =I51-(SUM(L51:X51)) -> 0 | K51: =IF(J51<0,"ATENÇÃO","OK") -> OK | O51: 30 | R51: 70 | V51: 0 | W51: 0 | X51: 0
C52: 49 | D52: CANETA MARCADOR PARA QUADRO BRANCO, NA COR VERDE, não recarregável, ponta arredondada com no mínimo 3mm, refil de no mínimo 5ml. Produto com registro no INMETRO | E52: Peça | F52: GXIN | G52: 33.90.30.16 | H52: 1.97 | I52: 100 | J52: =I52-(SUM(L52:X52)) -> 0 | K52: =IF(J52<0,"ATENÇÃO","OK") -> OK | O52: 30 | R52: 70 | V52: 0 | W52: 0 | X52: 0
C53: 50 | D53: CANETA MARCADOR PARA QUADRO BRANCO, NA COR VERMELHA, não recarregável, ponta arredondada com no mínimo 3mm, refil de no mínimo 5ml. Produto com registro no INMETRO | E53: Peça | F53: GXIN | G53: 33.90.30.16 | H53: 1.97 | I53: 100 | J53: =I53-(SUM(L53:X53)) -> 0 | K53: =IF(J53<0,"ATENÇÃO","OK") -> OK | O53: 30 | R53: 70 | V53: 0 | W53: 0 | X53: 0
C54: 51 | D54: LIMPADOR PARA QUADRO BRANCO, REMOVEDOR DE MACHAS PARA QUADRO NAO MAGNETICO, em spray líquido, frasco com 60 ml | E54: Peça | F54: RADEX | G54: 33.90.30.16 | H54: 6.47 | I54: 10 | J54: =I54-(SUM(L54:X54)) -> 0 | K54: =IF(J54<0,"ATENÇÃO","OK") -> OK | O54: 10 | V54: 0 | W54: 0 | X54: 0
A55: DIAL DEPARTAMENTOS EIRELI EPP | B55: 8 | C55: 52 | D55: CAPA DE PROTECAO, PARA DVD/CD, em acrílico transparente, dimensões aproximadas 0,5 X 14 X 12 cm. | E55: Peça | F55: MIDIA | G55: 33.90.30.17 | H55: 1.44 | I55: 50 | J55: =I55-(SUM(L55:X55)) -> 50 | K55: =IF(J55<0,"ATENÇÃO","OK") -> OK | V55: 0 | W55: 0 | X55: 0
C56: 53 | D56: CD, MIDIA DE CD, gravavel, R, 700 Mb 80min 52 X | E56: Peça | F56: ELGIN | G56: 33.90.30.17 | H56: 0.51 | I56: 500 | J56: =I56-(SUM(L56:X56)) -> 500 | K56: =IF(J56<0,"ATENÇÃO","OK") -> OK | V56: 0 | W56: 0 | X56: 0
C57: 54 | D57: CD, REGRAVAVEL - 80 MINUTOS, 700 Mb 80min 52 X | E57: Peça | F57: ELGIN | G57: 33.90.30.17 | H57: 1.94 | I57: 200 | J57: =I57-(SUM(L57:X57)) -> 200 | K57: =IF(J57<0,"ATENÇÃO","OK") -> OK | V57: 0 | W57: 0 | X57: 0
C58: 55 | D58: DVD - VIRGEM, MIDIAS DVD-RW, RW (regravavel) 4,7 GB, 120 min | E58: Peça | F58: ELGIN | G58: 33.90.30.17 | H58: 2.32 | I58: 100 | J58: =I58-(SUM(L58:X58)) -> 100 | K58: =IF(J58<0,"ATENÇÃO","OK") -> OK | V58: 0 | W58: 0 | X58: 0
C59: 56 | D59: DVD, MIDIA DE DVD, R (gravável) 120 Min. 4.7 GB | E59: Peça | F59: ELGIN | G59: 33.90.30.17 | H59: 0.57 | I59: 300 | J59: =I59-(SUM(L59:X59)) -> 300 | K59: =IF(J59<0,"ATENÇÃO","OK") -> OK | V59: 0 | W59: 0 | X59: 0
C60: 57 | D60: Estojo para DVD - em plástico preto com Altura: 8,00mm, Largura: 13,50cm, Profundidade: 20,00cm | E60: Peça | F60: MIDIA | G60: 33.90.30.16 | H60: 2.25 | J60: =I60-(SUM(L60:X60)) -> 0 | K60: =IF(J60<0,"ATENÇÃO","OK") -> OK | V60: 0 | W60: 0 | X60: 0
A61: DIAL DEPARTAMENTOS EIRELI EPP | B61: 9 | C61: 58 | D61: Cola líquida branca, lavável, não tóxica, tubo com 90 gramas. Com registro no INMETRO | E61: Peça | F61: PIRATININGA | G61: 33.90.30.16 | H61: 0.66 | I61: 50 | J61: =I61-(SUM(L61:X61)) -> 30 | K61: =IF(J61<0,"ATENÇÃO","OK") -> OK | M61: 20 | V61: 0 | W61: 0 | X61: 0
C62: 59 | D62: COLA PLASTICA BRANCA,LAVAVEL,NAO TOXICA PASTOSA EM BASTAO COM PESO MINIMO DE 8 GRAMAS .Com registro no INMETRO | E62: Peça | F62: LEONORA | G62: 33.90.30.16 | H62: 0.42 | I62: 30 | J62: =I62-(SUM(L62:X62)) -> 15 | K62: =IF(J62<0,"ATENÇÃO","OK") -> OK | M62: 15 | V62: 0 | W62: 0 | X62: 0
C63: 60 | D63: CLIPS METALICO NIQUELADO PARA PAPEIS NUMERO 1/0, CAIXA COM 100 UNIDADES | E63: Peça | F63: RAFA | G63: 33.90.30.16 | H63: 1.19 | I63: 20 | J63: =I63-(SUM(L63:X63)) -> 0 | K63: =IF(J63<0,"ATENÇÃO","OK") -> OK | M63: 20 | V63: 0 | W63: 0 | X63: 0
C64: 61 | D64: CLIPS METALICO NIQUELADO PARA PAPEIS NUMERO 6/0 ,CAIXA COM 50 UNIDADES | E64: Peça | F64: RAFA | G64: 33.90.30.16 | H64: 1.36 | I64: 20 | J64: =I64-(SUM(L64:X64)) -> 0 | K64: =IF(J64<0,"ATENÇÃO","OK") -> OK | M64: 20 | V64: 0 | W64: 0 | X64: 0
C65: 62 | D65: CLIPS METALICO NIQUELADO PARA PAPEIS NUMERO 3/0, CAIXA COM 50 UNIDADES | E65: Peça | F65: RAFA | G65: 33.90.30.16 | H65: 1.19 | I65: 50 | J65: =I65-(SUM(L65:X65)) -> 0 | K65: =IF(J65<0,"ATENÇÃO","OK") -> OK | M65: 50 | V65: 0 | W65: 0 | X65: 0
C66: 63 | D66: COLCHETE LATONADO PARA PAPEIS NUMERO 03,CAIXA COM 72 UNIDADES | E66: Peça | F66: RAFA | G66: 33.90.30.16 | H66: 1.74 | I66: 5 | J66: =I66-(SUM(L66:X66)) -> 0 | K66: =IF(J66<0,"ATENÇÃO","OK") -> OK | M66: 5 | V66: 0 | W66: 0 | X66: 0
C67: 64 | D67: COLCHETE LATONADO PARA PAPEIS NUMERO 08,CAIXA COM 72 UNIDADES | E67: Peça | F67: RAFA | G67: 33.90.30.16 | H67: 2.55 | I67: 5 | J67: =I67-(SUM(L67:X67)) -> 0 | K67: =IF(J67<0,"ATENÇÃO","OK") -> OK | M67: 5 | V67: 0 | W67: 0 | X67: 0
C68: 65 | D68: ELASTICO EM LATEX NUMERO 18 - EMBALAGEM COM 100 gramas | E68: Peça | F68: PREMIER | G68: 33.90.30.16 | H68: 1.82 | I68: 10 | J68: =I68-(SUM(L68:X68)) -> 0 | K68: =IF(J68<0,"ATENÇÃO","OK") -> OK | M68: 10 | V68: 0 | W68: 0 | X68: 0
C69: 66 | D69: CINTA ELASTICA, PARA PROCESSO, LARGURA APROXIMADA de 4CM e aproximadamente 22 cm de comprimento não esticado | E69: Peça | F69: OLIMPIA | G69: 33.90.30.16 | H69: 0.88 | I69: 200 | J69: =I69-(SUM(L69:X69)) -> 150 | K69: =IF(J69<0,"ATENÇÃO","OK") -> OK | M69: 50 | V69: 0 | W69: 0 | X69: 0
C70: 67 | D70: CLIPS METALICO NIQUELADO PARA PAPEIS, GALVANIZADO N. 8/0, CAIXA COM 25 UNIDADES | E70: Caixa | F70: RAFA | G70: 33.90.30.16 | H70: 1.15 | I70: 10 | J70: =I70-(SUM(L70:X70)) -> 0 | K70: =IF(J70<0,"ATENÇÃO","OK") -> OK | M70: 10 | V70: 0 | W70: 0 | X70: 0
C71: 68 | D71: CLIPS METALICO NIQUELADO PARA PAPEIS, NUMERO 00 CAIXA COM 100 UNIDADES | E71: Peça | F71: RAFA | G71: 33.90.30.16 | H71: 1.19 | I71: 10 | J71: =I71-(SUM(L71:X71)) -> 0 | K71: =IF(J71<0,"ATENÇÃO","OK") -> OK | M71: 10 | V71: 0 | W71: 0 | X71: 0
C72: 69 | D72: CLIPS METALICO NIQUELADO PARA PAPEIS, NUMERO 04 COM 100 UNIDADES, | E72: Caixa | F72: RAFA | G72: 33.90.30.16 | H72: 1.19 | I72: 50 | J72: =I72-(SUM(L72:X72)) -> 0 | K72: =IF(J72<0,"ATENÇÃO","OK") -> OK | M72: 50 | V72: 0 | W72: 0 | X72: 0
C73: 70 | D73: CLIPS METALICO NIQUELADO PARA PAPEIS, NUMERO 2/0, CAIXA COM 100 UNIDADES | E73: Caixa | F73: RAFA | G73: 33.90.30.16 | H73: 1.19 | I73: 20 | J73: =I73-(SUM(L73:X73)) -> 0 | K73: =IF(J73<0,"ATENÇÃO","OK") -> OK | M73: 20 | V73: 0 | W73: 0 | X73: 0
C74: 71 | D74: CLIPS, TIPO PREDENDOR DE PAPEL, MEDINDO 19MM, CAIXA COM 12 peças, corpo de metal com pintura epóxi e presilha em aço inoxidável. | E74: Caixa | F74: BRW | G74: 33.90.30.16 | H74: 1.34 | I74: 10 | J74: =I74-(SUM(L74:X74)) -> 10 | K74: =IF(J74<0,"ATENÇÃO","OK") -> OK | V74: 0 | W74: 0 | X74: 0
C75: 72 | D75: CLIPS, TIPO PRENDEDOR DE PAPEL, MEDINDO 32MM,CAIXA COM 12 peças, corpo de metal com pintura epóxi e presilha em aço inoxidável. | E75: Caixa | F75: BRW | G75: 33.90.30.16 | H75: 3.4 | I75: 10 | J75: =I75-(SUM(L75:X75)) -> 10 | K75: =IF(J75<0,"ATENÇÃO","OK") -> OK | V75: 0 | W75: 0 | X75: 0
C76: 73 | D76: CLIPS, TIPO PRENDEDOR,MEDINDO 51MM, CAIXA COM 12 peças, corpo de metal com pintura epóxi e presilha em aço inoxidável. | E76: Caixa | F76: BRW | G76: 33.90.30.16 | H76: 8.55 | I76: 5 | J76: =I76-(SUM(L76:X76)) -> 5 | K76: =IF(J76<0,"ATENÇÃO","OK") -> OK | V76: 0 | W76: 0 | X76: 0
C77: 74 | D77: CORRETIVO LIQUIDO, OPACO FRASCO COM 18ml, a base de água, não tóxico, com registro no INMETRO. | E77: Frasco | F77: ATIMA | G77: 33.90.30.16 | H77: 0.76 | I77: 50 | J77: =I77-(SUM(L77:X77)) -> 30 | K77: =IF(J77<0,"ATENÇÃO","OK") -> OK | M77: 20 | V77: 0 | W77: 0 | X77: 0
C78: 75 | D78: CORRETIVO LIQUIDO, TIPO CANETA, secagem rápida, atóxico, mínimo 7ml, com registro no INMETRO. | E78: Peça | F78: JOCAR | G78: 33.90.30.16 | H78: 1.98 | I78: 20 | J78: =I78-(SUM(L78:X78)) -> 10 | K78: =IF(J78<0,"ATENÇÃO","OK") -> OK | M78: 10 | V78: 0 | W78: 0 | X78: 0
C79: 76 | D79: Cola líquida branca, lavável, não tóxica, tubo com 1kg. Com registro no INMETRO | E79: Unidade | F79: PIRATININGA | G79: 33.90.30.16 | H79: 4.54 | J79: =I79-(SUM(L79:X79)) -> 0 | K79: =IF(J79<0,"ATENÇÃO","OK") -> OK | V79: 0 | W79: 0 | X79: 0
C80: 77 | D80: Cola líquida branca, lavável, não tóxica, tubo com 250g. Com registro no INMETRO | E80: Unidade | F80: PIRATININGA | G80: 33.90.30.16 | H80: 1.84 | J80: =I80-(SUM(L80:X80)) -> 0 | K80: =IF(J80<0,"ATENÇÃO","OK") -> OK | V80: 0 | W80: 0 | X80: 0
A81: ALEXANDRA DOS PASSOS EIRELI EPP | B81: 10 | C81: 78 | D81: CRACHA PARA IDENTIFICACAO, bolsa em PVC cristal, tamanho aproximado de 10 X 15cm, PVC 20 vertical, com cordão PVC. | E81: Peça | F81: DAC | G81: 33.90.30.16 | H81: 0.75 | I81: 1000 | J81: =I81-(SUM(L81:X81)) -> 600 | K81: =IF(J81<0,"ATENÇÃO","OK") -> OK | T81: 400 | V81: 0 | W81: 0 | X81: 0
C82: 79 | D82: CRACHA PARA IDENTIFICACAO, PARA EVENTOS, com grampo metal tipo jacaré, tamanho 7X10cm | E82: Peça | F82: DAC | G82: 33.90.30.16 | H82: 0.57 | I82: 1000 | J82: =I82-(SUM(L82:X82)) -> 1000 | K82: =IF(J82<0,"ATENÇÃO","OK") -> OK | V82: 0 | W82: 0 | X82: 0
A83: CLEONICE OLIVEIRA DOS SANTOS ME | B83: 11 | C83: 80 | D83: DISPLAY EM ACRILICO, TRANSPARENTE PARA FOLHA A4, para sinalizar e identificar portas. Produzido em acrilico 2mm cristal dobrável, para áreas internas ou externas, suporte adesivo dupla face para fixação em qualquer superfície plana. Tamanho aproximado: 320X225mm. | E83: Peça | F83: COMVISÃO | G83: 33.90.30.16 | H83: 24.5 | I83: 300 | J83: =I83-(SUM(L83:X83)) -> 0 | K83: =IF(J83<0,"ATENÇÃO","OK") -> OK | P83: 300 | V83: 0 | W83: 0 | X83: 0
C84: 81 | D84: DISPLAY EM ACRILICO, TRANSPARENTE, PARA FOLHA A3 | E84: Peça | F84: COMVISÃO | G84: 33.90.30.16 | H84: 39 | I84: 50 | J84: =I84-(SUM(L84:X84)) -> 50 | K84: =IF(J84<0,"ATENÇÃO","OK") -> OK | V84: 0 | W84: 0 | X84: 0
A85: DIAL DEPARTAMENTOS EIRELI EPP | B85: 12 | C85: 82 | D85: ESTILETE DE CORTE, LARGO, medindo aproximadamente 15cm, com lâmina de 2 cm de largura inclusa, cabo plástico, com registro no INMETRO | E85: Peça | F85: JOCAR | G85: 33.90.30.16 | H85: 0.81 | I85: 50 | J85: =I85-(SUM(L85:X85)) -> 20 | K85: =IF(J85<0,"ATENÇÃO","OK") -> OK | M85: 30 | V85: 0 | W85: 0 | X85: 0
C86: 83 | D86: CARTOLINA MED. 50 X 65 CM COM 180GR/M2, NA COR AMARELA | E86: Folha | F86: BIGNARD | G86: 33.90.30.16 | H86: 0.39 | I86: 20 | J86: =I86-(SUM(L86:X86)) -> 20 | K86: =IF(J86<0,"ATENÇÃO","OK") -> OK | V86: 0 | W86: 0 | X86: 0
C87: 84 | D87: CARTOLINA MED. 50 X 65 CM COM 180GR/M2, NA COR AZUL CLARO | E87: Folha | F87: BIGNARD | G87: 33.90.30.16 | H87: 0.39 | I87: 20 | J87: =I87-(SUM(L87:X87)) -> 20 | K87: =IF(J87<0,"ATENÇÃO","OK") -> OK | V87: 0 | W87: 0 | X87: 0
C88: 85 | D88: CARTOLINA MED. 50 X 65 CM COM 180GR/M2, NA COR BRANCA | E88: Folha | F88: BIGNARD | G88: 33.90.30.16 | H88: 0.39 | I88: 20 | J88: =I88-(SUM(L88:X88)) -> 20 | K88: =IF(J88<0,"ATENÇÃO","OK") -> OK | V88: 0 | W88: 0 | X88: 0
C89: 86 | D89: CARTOLINA MED. 50 X 65 CM COM 180GR/M2, NA COR ROSA | E89: Folha | F89: BIGNARD | G89: 33.90.30.16 | H89: 0.39 | I89: 20 | J89: =I89-(SUM(L89:X89)) -> 20 | K89: =IF(J89<0,"ATENÇÃO","OK") -> OK | V89: 0 | W89: 0 | X89: 0
C90: 87 | D90: CARTOLINA MED. 50 X 65 CM COM 180GR/M2, NA COR VERDE | E90: Folha | F90: BIGNARD | G90: 33.90.30.16 | H90: 0.39 | I90: 20 | J90: =I90-(SUM(L90:X90)) -> 20 | K90: =IF(J90<0,"ATENÇÃO","OK") -> OK | V90: 0 | W90: 0 | X90: 0
C91: 88 | D91: ETIL VINIL ACETATO (E.V.A), COR LARANJA MEDINDO 40X60 | E91: Folha | F91: MAKE | G91: 33.90.30.16 | H91: 1 | I91: 10 | J91: =I91-(SUM(L91:X91)) -> 10 | K91: =IF(J91<0,"ATENÇÃO","OK") -> OK | V91: 0 | W91: 0 | X91: 0
C92: 89 | D92: ETIL VINIL ACETATO (E.V.A), COR MARROM MEDINDO 40X60 | E92: Folha | F92: MAKE | G92: 33.90.30.16 | H92: 1 | I92: 10 | J92: =I92-(SUM(L92:X92)) -> 10 | K92: =IF(J92<0,"ATENÇÃO","OK") -> OK | V92: 0 | W92: 0 | X92: 0
C93: 90 | D93: ETIL VINIL ACETATO (E.V.A), COR PRETA MEDINDO 40X60 | E93: Folha | F93: MAKE | G93: 33.90.30.16 | H93: 1 | I93: 10 | J93: =I93-(SUM(L93:X93)) -> 10 | K93: =IF(J93<0,"ATENÇÃO","OK") -> OK | V93: 0 | W93: 0 | X93: 0
C94: 91 | D94: ETIL VINIL ACETATO (E.V.A), COR VERDE MEDINDO 40X60, VERDE ESCURO | E94: Folha | F94: MAKE | G94: 33.90.30.16 | H94: 1 | I94: 10 | J94: =I94-(SUM(L94:X94)) -> 10 | K94: =IF(J94<0,"ATENÇÃO","OK") -> OK | V94: 0 | W94: 0 | X94: 0
C95: 92 | D95: ETIL VINIL ACETATO (E.V.A), COR VERDE MEDINDO 40X60, VERMELHA | E95: Folha | F95: MAKE | G95: 33.90.30.16 | H95: 1 | I95: 10 | J95: =I95-(SUM(L95:X95)) -> 10 | K95: =IF(J95<0,"ATENÇÃO","OK") -> OK | V95: 0 | W95: 0 | X95: 0
C96: 93 | D96: ETIQUETA AUTO ADESIVA, brana, medindo.25,4 X 66,7mm, caixa com 25 folhas | E96: Caixa | F96: IMPRIMASTER | G96: 33.90.30.16 | H96: 5 | I96: 10 | J96: =I96-(SUM(L96:X96)) -> 10 | K96: =IF(J96<0,"ATENÇÃO","OK") -> OK | V96: 0 | W96: 0 | X96: 0
C97: 94 | D97: ETIQUETA AUTO ADESIVA, branca medindo 44,45 X 12,7mm, caixa com 25 folhas | E97: Caixa | F97: IMPRIMASTER | G97: 33.90.30.16 | H97: 5 | I97: 10 | J97: =I97-(SUM(L97:X97)) -> 10 | K97: =IF(J97<0,"ATENÇÃO","OK") -> OK | V97: 0 | W97: 0 | X97: 0
C98: 95 | D98: ETIQUETA AUTO ADESIVA, BRANCA, medindo 101,6 X 33,9mm, folha com 14 etiquetas, caixa com 25 folhas | E98: Caixa | F98: IMPRIMASTER | G98: 33.90.30.16 | H98: 5 | J98: =I98-(SUM(L98:X98)) -> 0 | K98: =IF(J98<0,"ATENÇÃO","OK") -> OK | V98: 0 | W98: 0 | X98: 0
C99: 96 | D99: ETIQUETA AUTO ADESIVA, branca, medindo 38,10 X 99,10mm, FOLHA COM 14 ETIQUETAS, caixa com 25 folhas | E99: Caixa | F99: IMPRIMASTER | G99: 33.90.30.16 | H99: 5 | I99: 10 | J99: =I99-(SUM(L99:X99)) -> 10 | K99: =IF(J99<0,"ATENÇÃO","OK") -> OK | V99: 0 | W99: 0 | X99: 0
C100: 97 | D100: ETIQUETA AUTO ADESIVA, reforço plástico, transparente, 14,5mm de diâmetro, caixa com 150 peças. | E100: Caixa | F100: PIMACO | G100: 33.90.30.16 | H100: 3.52 | J100: =I100-(SUM(L100:X100)) -> 0 | K100: =IF(J100<0,"ATENÇÃO","OK") -> OK | V100: 0 | W100: 0 | X100: 0
...

Sheet CEAD
A1: PROCESSO: 1651/2014/UDESC | D1: OBJETO: AQUISIÇÃO DE MATERIAIS DE EXPEDIENTE PARA A UDESC | I1: VIGÊNCIA DA ATA: 15/04/2015 até 14/04/2016 | L1: AF/OS nº 931/2015 Qtde. DT | M1: AF/OS nº 915/2015 Qtde. DT | N1: AF/OS nº 770/2015 Qtde. DT | O1: AF/OS nº 877/2015 Qtde. DT | P1: AF/OS nº 2117/2015 Qtde. DT
A2: CENTRO PARTICIPANTE: CEAD
A3: FORNECEDOR | B3: LOTE | C3: ITEM | D3: PRODUTO - CARACTERÍSTICAS MÍNIMAS | E3: UNIDADE | F3: MARCA | G3: DETALHAMENTO | H3: Preço UNITÁRIO (R$) | I3: Qtde Registrada | J3: Saldo / Automático | K3: ALERTA | L3: 42166 | M3: 42164 | N3: 42152 | O3: 42152 | P3: 42314
A4: LICITAMIX MAT. DE ESC. LTDA ME | B4: 1 | C4: 1 | D4: AGENDA PERMANENTE, PARA MARCAR COMPROMISSOS, com no mínimo 100 folhas. Com fitilho marcador de páginas, medindo aproximadamente 145 X 205mm | E4: Peça | F4: FTD | G4: 33.90.30.16 | H4: 18.92 | I4: 50 | J4: =I4-(SUM(L4:P4)) -> 0 | K4: =IF(J4<0,"ATENÇÃO","OK") -> OK | L4: 0 | M4: 0 | N4: 0 | O4: 50 | P4: 0
C5: 2 | D5: APAGADOR PARA QUADRO BRANCO, com corpo plástico de alta resistência, base com feltro de no mínimo 2mm. Medidas: comprimento entre 15 e 18 cm; largura igual ou maior que 6 cm; altura entre 3cm e 5cm. Espaço no corpo do apagador para armazenar 2 canetas marcadoras para quadro branco. | E5: Peça | F5: KIT | G5: 33.90.30.16 | H5: 5.3 | J5: =I5-(SUM(L5:P5)) -> 0 | K5: =IF(J5<0,"ATENÇÃO","OK") -> OK | L5: 0 | M5: 0 | N5: 0 | O5: 0 | P5: 0
A6: DIAL DEPARTAMENTOS EIRELI EPP | B6: 2 | C6: 3 | D6: Aplicador/suporte para fita adesiva de 48mm X 50m, com serrilha e cabo para empacotamento | E6: peça | F6: JOCAR | G6: 33.90.30.16 | H6: 13.68 | I6: 30 | J6: =I6-(SUM(L6:P6)) -> 0 | K6: =IF(J6<0,"ATENÇÃO","OK") -> OK | L6: 0 | M6: 30 | N6: 0 | O6: 0 | P6: 0
C7: 4 | D7: BORRACHA DE PAPELARIA NA COR VERDE PARA COLOCAR NA PARTE DE CIMA LAPIS | E7: peça | F7: LEONORA | G7: 33.90.30.16 | H7: 0.07 | I7: 30 | J7: =I7-(SUM(L7:P7)) -> 0 | K7: =IF(J7<0,"ATENÇÃO","OK") -> OK | L7: 0 | M7: 30 | N7: 0 | O7: 0 | P7: 0
C8: 5 | D8: BORRACHA PLASTICA, COR BRANCA,COM CINTA PLASTICA,MEDINDO 58X34,5X12mm. Com registro no INMETRO. | E8: peça | F8: LEONORA | G8: 33.90.30.16 | H8: 0.7 | J8: =I8-(SUM(L8:P8)) -> 0 | K8: =IF(J8<0,"ATENÇÃO","OK") -> OK | L8: 0 | M8: 0 | N8: 0 | O8: 0 | P8: 0
C9: 6 | D9: BARBANTE DE ALGODAO, com 08 (oito) fios, ROLO COM APROXIMADAMENTE 400 GRAMAS | E9: peça | F9: KOREA | G9: 33.90.30.16 | H9: 5.74 | I9: 15 | J9: =I9-(SUM(L9:P9)) -> 0 | K9: =IF(J9<0,"ATENÇÃO","OK") -> OK | L9: 0 | M9: 15 | N9: 0 | O9: 0 | P9: 0
C10: 7 | D10: APONTADOR DE LAPIS, DE PLASTICO, TIPO COLEGIAL, Com recipiente para segurar sobras do lápis apontado, medindo aproximadamente 5 cm | E10: Peça | F10: LEONORA | G10: 33.90.30.16 | H10: 0.45 | I10: 10 | J10: =I10-(SUM(L10:P10)) -> 0 | K10: =IF(J10<0,"ATENÇÃO","OK") -> OK | L10: 0 | M10: 10 | N10: 0 | O10: 0 | P10: 0
C11: 8 | D11: BANDEJA PARA DOCUMENTOS, EM ACRILICO, COM 1 DIVISÃO, na cor transparente – tamanho A4 | E11: Peça | F11: NOVACRIL | G11: 33.90.30.16 | H11: 9.32 | I11: 10 | J11: =I11-(SUM(L11:P11)) -> 0 | K11: =IF(J11<0,"ATENÇÃO","OK") -> OK | L11: 0 | M11: 10 | N11: 0 | O11: 0 | P11: 0
C12: 9 | D12: BANDEJA PARA DOCUMENTOS, EM ACRILICO, COM 2 DIVISOES, na cor transparente – tamanho A4 | E12: Peça | F12: NOVACRIL | G12: 33.90.30.16 | H12: 18.23 | I12: 10 | J12: =I12-(SUM(L12:P12)) -> 0 | K12: =IF(J12<0,"ATENÇÃO","OK") -> OK | L12: 0 | M12: 10 | N12: 0 | O12: 0 | P12: 0
C13: 10 | D13: BANDEJA PARA DOCUMENTOS, EM ACRILICO, COM 3 DIVISOES, NA COR TRANSPARENTE, TAMANHO A4 | E13: Peça | F13: NOVACRIL | G13: 33.90.30.16 | H13: 28.08 | J13: =I13-(SUM(L13:P13)) -> 0 | K13: =IF(J13<0,"ATENÇÃO","OK") -> OK | L13: 0 | M13: 0 | N13: 0 | O13: 0 | P13: 0
A14: ALEXANDRA DOS PASSOS EIRELI EPP | B14: 3 | C14: 11 | D14: BLOCO DE RASCUNHO, AUTO ADESIVO, medindo 38 X 51mm, pacote com 4 blocos. Adesivos removíveis com 100 folhas, similar a marca post it. | E14: pacote | F14: MAKE | G14: 33.90.30.16 | H14: 2.06 | I14: 15 | J14: =I14-(SUM(L14:P14)) -> 0 | K14: =IF(J14<0,"ATENÇÃO","OK") -> OK | L14: 15 | M14: 0 | N14: 0 | O14: 0 | P14: 0
C15: 12 | D15: BLOCO DE RASCUNHO, AUTO ADESIVO, medindo 76 X 102mm, pacote com 100 folhas, amarelo, para recados. Adesivos removíveis, similar a marca post it. | E15: Peça | F15: JOCAR | G15: 33.90.30.16 | H15: 1.14 | J15: =I15-(SUM(L15:P15)) -> 0 | K15: =IF(J15<0,"ATENÇÃO","OK") -> OK | L15: 0 | M15: 0 | N15: 0 | O15: 0 | P15: 0
A16: DIAL DEPARTAMENTOS EIRELI EPP | B16: 4 | C16: 13 | D16: ALFINETE COLORIDO, ponta redonda, CAIXA COM 50 UNIDADES | E16: Caixa | F16: JOCAR | G16: 33.90.30.16 | H16: 1.46 | J16: =I16-(SUM(L16:P16)) -> 0 | K16: =IF(J16<0,"ATENÇÃO","OK") -> OK | L16: 0 | M16: 0 | N16: 0 | O16: 0 | P16: 0
C17: 14 | D17: APAGADOR, PARA QUADRO NEGRO, em madeira, base com feltro, medindo aproximadamente 15 X 6 X 4cm | E17: Peça | F17: CAGEMA | G17: 33.90.30.16 | H17: 1.59 | I17: 10 | J17: =I17-(SUM(L17:P17)) -> 0 | K17: =IF(J17<0,"ATENÇÃO","OK") -> OK | L17: 0 | M17: 10 | N17: 0 | O17: 0 | P17: 0
C18: 15 | D18: BOBINA DE PAPEL, TÉRMICO, MEDINDO 57MM X 30M, CAIXA COM 10 UNIDADES, 1 via | E18: Caixa | F18: ALLSOMA | G18: 33.90.30.16 | H18: 19.98 | J18: =I18-(SUM(L18:P18)) -> 0 | K18: =IF(J18<0,"ATENÇÃO","OK") -> OK | L18: 0 | M18: 0 | N18: 0 | O18: 0 | P18: 0
C19: 16 | D19: BLOCO DE PAPEL, FLIP CHART COM PICOTE, COM 50 FOLHAS, medindo aproximadamente 64cm X 88cm. | E19: Peça | F19: S.R | G19: 33.90.30.16 | H19: 14.85 | I19: 50 | J19: =I19-(SUM(L19:P19)) -> 0 | K19: =IF(J19<0,"ATENÇÃO","OK") -> OK | L19: 0 | M19: 50 | N19: 0 | O19: 0 | P19: 0
C20: 17 | D20: BOBINA EM PAPEL PARA MAQUINA, BOBINA DE PAPEL TERMICO,MEDINDO 76MM X 40M, COM 1 VIA, | E20: Peça | F20: ALLSOMA | G20: 33.90.30.16 | H20: 3.11 | I20: 30 | J20: =I20-(SUM(L20:P20)) -> 0 | K20: =IF(J20<0,"ATENÇÃO","OK") -> OK | L20: 0 | M20: 30 | N20: 0 | O20: 0 | P20: 0
C21: 18 | D21: CADERNO TIPO ESCOLAR, CAPA DURA, TIPO UNIVERSITARIO, COM 200 FOLHAS, Formato 203 X 280mm | E21: Peça | F21: PANAMERICANA | G21: 33.90.30.16 | H21: 4.58 | I21: 15 | J21: =I21-(SUM(L21:P21)) -> 0 | K21: =IF(J21<0,"ATENÇÃO","OK") -> OK | L21: 0 | M21: 15 | N21: 0 | O21: 0 | P21: 0
C22: 19 | D22: CADERNO TIPO ESCOLAR, TAMANHO PEQUENO COM 48 FOLHAS, capa dura tipo brochura. | E22: Peça | F22: PANAMERICANA | G22: 33.90.30.16 | H22: 1.47 | I22: 20 | J22: =I22-(SUM(L22:P22)) -> 0 | K22: =IF(J22<0,"ATENÇÃO","OK") -> OK | L22: 0 | M22: 20 | N22: 0 | O22: 0 | P22: 0
C23: 20 | D23: Calculadora média (portátil), tela inclinada para 12 dígitos, duas fontes de energia e desligamento (bateria e energia solar) telas de raiz quadrada e porcentagem, tela de apagar o último dígito, medidas aproximadas: 9 x 12 cm. | E23: Peça | F23: CLASSE | G23: 33.90.30.16 | H23: 10.13 | I23: 12 | J23: =I23-(SUM(L23:P23)) -> 0 | K23: =IF(J23<0,"ATENÇÃO","OK") -> OK | L23: 0 | M23: 12 | N23: 0 | O23: 0 | P23: 0
A24: ALEXANDRA DOS PASSOS EIRELI EPP | B24: 5 | C24: 21 | D24: CANETA ESFEROGRAFICA, NA COR AZUL, Corpo em poliestireno cristal, com protetor plástico entre a carga e o corpo da caneta; esfera em tungstênio; espessura da ponta de 1,00mm; formato redondo; ponta em latão usinado com esfera de tungstênio; tampa antiasfixiante. MARCA BIC, justificativa da marca anexada no processo e embasada no relatório de análise de produtos do "INMETRO". | E24: Peça | F24: BIC | G24: 33.90.30.16 | H24: 0.39 | I24: 5 | J24: =I24-(SUM(L24:P24)) -> 0 | K24: =IF(J24<0,"ATENÇÃO","OK") -> OK | L24: 5 | M24: 0 | N24: 0 | O24: 0 | P24: 0
C25: 22 | D25: CANETA ESFEROGRAFICA, NA COR PRETA, Corpo em poliestireno cristal, com protetor plástico entre a carga e o corpo da caneta; esfera em tungstênio;formato redondo; ponta em latão usinado com esfera de tungstênio; tampa antiasfixiante. MARCA BIC, justificativa da marca anexada no processo e embasada no relatório de análise de produtos do "INMETRO". | E25: Peça | F25: BIC | G25: 33.90.30.16 | H25: 0.39 | J25: =I25-(SUM(L25:P25)) -> 0 | K25: =IF(J25<0,"ATENÇÃO","OK") -> OK | L25: 0 | M25: 0 | N25: 0 | O25: 0 | P25: 0
C26: 23 | D26: CANETA ESFEROGRAFICA, NA COR VERDE, Corpo em poliestireno cristal, com protetor plástico entre a carga e o corpo da caneta; esfera em tungstênio; espessura da ponta de 1,00mm; formato redondo; ponta em latão usinado com esfera de tungstênio; tampa antiasfixiante. MARCA BIC, justificativa da marca anexada no processo e embasada no relatório de análise de produtos do "INMETRO". | E26: Peça | F26: BIC | G26: 33.90.30.16 | H26: 0.33 | I26: 5 | J26: =I26-(SUM(L26:P26)) -> 0 | K26: =IF(J26<0,"ATENÇÃO","OK") -> OK | L26: 5 | M26: 0 | N26: 0 | O26: 0 | P26: 0
C27: 24 | D27: CANETA ESFEROGRAFICA, NA COR VERMELHA, Corpo em poliestireno cristal, com protetor plástico entre a carga e o corpo da caneta; esfera em tungstênio; espessura da ponta de 1,00mm; formato redondo; ponta em latão usinado com esfera de tungstênio; tampa antiasfixiante. MARCA BIC, justificativa da marca anexada no processo e embasada no relatório de análise de produtos do "INMETRO". | E27: Peça | F27: BIC | G27: 33.90.30.16 | H27: 0.33 | I27: 5 | J27: =I27-(SUM(L27:P27)) -> 0 | K27: =IF(J27<0,"ATENÇÃO","OK") -> OK | L27: 5 | M27: 0 | N27: 0 | O27: 0 | P27: 0
A28: DIAL DEPARTAMENTOS EIRELI EPP | B28: 6 | C28: 25 | D28: PINCEL ATOMICO NA COR AZUL, PONTA OBLÍQUA (CHANFRADA), COM REGISTRO NO INMETRO. | E28: Peça | F28: J.STAMP | G28: 33.90.30.16 | H28: 0.82 | I28: 24 | J28: =I28-(SUM(L28:P28)) -> 0 | K28: =IF(J28<0,"ATENÇÃO","OK") -> OK | L28: 0 | M28: 24 | N28: 0 | O28: 0 | P28: 0
C29: 26 | D29: PINCEL ATOMICO NA COR PRETA PONTA OBLÍQUA (CHANFRADA), COM REGISTRO NO INMETRO. | E29: Peça | F29: J.STAMP | G29: 33.90.30.16 | H29: 0.82 | I29: 48 | J29: =I29-(SUM(L29:P29)) -> 0 | K29: =IF(J29<0,"ATENÇÃO","OK") -> OK | L29: 0 | M29: 48
C30: 27 | D30: PINCEL ATOMICO NA COR VERDE PONTA OBLÍQUA (CHANFRADA), COM REGISTRO NO INMETRO. | E30: Peça | F30: J.STAMP | G30: 33.90.30.16 | H30: 0.82 | I30: 24 | J30: =I30-(SUM(L30:P30)) -> 0 | K30: =IF(J30<0,"ATENÇÃO","OK") -> OK | L30: 0 | M30: 24
C31: 28 | D31: PINCEL ATOMICO NA COR VERMELHA PONTA OBLÍQUA (CHANFRADA), COM REGISTRO NO INMETRO. | E31: Peça | F31: J.STAMP | G31: 33.90.30.16 | H31: 0.82 | I31: 12 | J31: =I31-(SUM(L31:P31)) -> 0 | K31: =IF(J31<0,"ATENÇÃO","OK") -> OK | L31: 0 | M31: 12
C32: 29 | D32: CANETA HIDROGRAFICA FOSFORESCENTE PARA DESTAQUE DE TEXTO, NA COR AMARELA, escrita de aproximadamente 3 mm de largura | E32: Peça | F32: JOCAR | G32: 33.90.30.16 | H32: 0.63 | I32: 50 | J32: =I32-(SUM(L32:P32)) -> 0 | K32: =IF(J32<0,"ATENÇÃO","OK") -> OK | L32: 0 | M32: 50
C33: 30 | D33: CANETA HIDROGRAFICA FOSFORESCENTE PARA DESTAQUE DE TEXTO, NA COR VERDE, escrita de aproximadamente 3 mm de largura | E33: Peça | F33: JOCAR | G33: 33.90.30.16 | H33: 0.63 | I33: 20 | J33: =I33-(SUM(L33:P33)) -> 0 | K33: =IF(J33<0,"ATENÇÃO","OK") -> OK | L33: 0 | M33: 20
C34: 31 | D34: CANETA ESFEROGRAFICA, COM TINTA ANTI-FRAUDE, com tinta segura e resistente a teste de água e luz composta de resinas termoplástica, tinta a base de solventes corantes orgânicos, ponta tungstênio, 0,7mm, cor preta. Similar a Unni ball Vision Elite. | E34: Peça | F34: UNIBALL | G34: 33.90.30.16 | H34: 5.51 | I34: 10 | J34: =I34-(SUM(L34:P34)) -> 0 | K34: =IF(J34<0,"ATENÇÃO","OK") -> OK | L34: 0 | M34: 10
C35: 32 | D35: CANETA HIDROCOR, AVULSA - COR AZUL - PONTA DE 2MM | E35: Peça | F35: COMPACTOR | G35: 33.90.30.16 | H35: 0.57 | I35: 5 | J35: =I35-(SUM(L35:P35)) -> 0 | K35: =IF(J35<0,"ATENÇÃO","OK") -> OK | L35: 0 | M35: 5
C36: 33 | D36: CANETA HIDROCOR, AVULSA - COR LARANJA - PONTA DE 2MM | E36: Peça | F36: COMPACTOR | G36: 33.90.30.16 | H36: 0.57 | I36: 5 | J36: =I36-(SUM(L36:P36)) -> 0 | K36: =IF(J36<0,"ATENÇÃO","OK") -> OK | L36: 0 | M36: 5
C37: 34 | D37: CANETA HIDROCOR, AVULSA - COR PRETA - PONTA DE 2MM | E37: Peça | F37: COMPACTOR | G37: 33.90.30.16 | H37: 0.57 | I37: 5 | J37: =I37-(SUM(L37:P37)) -> 0 | K37: =IF(J37<0,"ATENÇÃO","OK") -> OK | L37: 0 | M37: 5
C38: 35 | D38: CANETA HIDROCOR, AVULSA - COR VERDE - PONTA DE 2MM | E38: Peça | F38: COMPACTOR | G38: 33.90.30.16 | H38: 0.57 | I38: 2 | J38: =I38-(SUM(L38:P38)) -> 0 | K38: =IF(J38<0,"ATENÇÃO","OK") -> OK | L38: 0 | M38: 2
C39: 36 | D39: CANETA HIDROCOR, AVULSA - COR VERMELHA - PONTA DE 2MM | E39: Peça | F39: COMPACTOR | G39: 33.90.30.16 | H39: 0.57 | I39: 12 | J39: =I39-(SUM(L39:P39)) -> 0 | K39: =IF(J39<0,"ATENÇÃO","OK") -> OK | L39: 0 | M39: 12
C40: 37 | D40: CANETA HIDROCOR, COM 12 CORES, tamanho grande, lavável, com ponta fina de 2mm, com registro no INMETRO | E40: Jogo | F40: LEONORA | G40: 33.90.30.16 | H40: 2.21 | I40: 5 | J40: =I40-(SUM(L40:P40)) -> 0 | K40: =IF(J40<0,"ATENÇÃO","OK") -> OK | L40: 0 | M40: 5
C41: 38 | D41: Caneta nanquim descartável Linha Técnica.Expessura de traços em(mm):0.5. Caneta descartável com ponta de poliester engastada em metal. Cor da tinta Preta | E41: Unidade | F41: UNIBALL | G41: 33.90.30.16 | H41: 7.03 | J41: =I41-(SUM(L41:P41)) -> 0 | K41: =IF(J41<0,"ATENÇÃO","OK") -> OK | L41: 0 | M41: 0
C42: 39 | D42: Caneta marcador permanente, estojo com 60 cores, profissional, tinta base de água e pontas chanfradas. Similar a "magic color" | E42: Estojo | F42: MAGIC COLOR | G42: 33.90.30.16 | H42: 183.5 | J42: =I42-(SUM(L42:P42)) -> 0 | K42: =IF(J42<0,"ATENÇÃO","OK") -> OK | L42: 0 | M42: 0
C43: 40 | D43: CANETA HIDROGRAFICA FOSFORESCENTE, PARA DESTAQUE DE TEXTO, NA COR LARANJA | E43: Peça | F43: JOCAR | G43: 33.90.30.16 | H43: 0.63 | I43: 5 | J43: =I43-(SUM(L43:P43)) -> 0 | K43: =IF(J43<0,"ATENÇÃO","OK") -> OK | L43: 0 | M43: 5
C44: 41 | D44: CANETA HIDROGRAFICA FOSFORESCENTE, PARA DESTAQUE DE TEXTO, NA COR ROSA | E44: Peça | F44: JOCAR | G44: 33.90.30.16 | H44: 0.63 | I44: 5 | J44: =I44-(SUM(L44:P44)) -> 0 | K44: =IF(J44<0,"ATENÇÃO","OK") -> OK | L44: 0 | M44: 5
C45: 42 | D45: CANETA HIDROGRAFICA FOSFORESCENTE, PARA DESTAQUE DE TEXTO,NA COR AZUL | E45: Peça | F45: JOCAR | G45: 33.90.30.16 | H45: 0.63 | I45: 5 | J45: =I45-(SUM(L45:P45)) -> 0 | K45: =IF(J45<0,"ATENÇÃO","OK") -> OK | L45: 0 | M45: 5
C46: 43 | D46: CANETA MARCADOR PERMANENTE, COR AZUL, para CD e Retroprojetor, ponta 1 à 2mm | E46: Peça | F46: JOCAR | G46: 33.90.30.16 | H46: 0.93 | I46: 3 | J46: =I46-(SUM(L46:P46)) -> 0 | K46: =IF(J46<0,"ATENÇÃO","OK") -> OK | L46: 0 | M46: 3
C47: 44 | D47: CANETA MARCADOR PERMANENTE, COR PRETA PARA CD e Retroprojetor, ponta 1 à 2mm | E47: Peça | F47: JOCAR | G47: 33.90.30.1633.90.30.16 | H47: 0.93 | I47: 3 | J47: =I47-(SUM(L47:P47)) -> 0 | K47: =IF(J47<0,"ATENÇÃO","OK") -> OK | L47: 0 | M47: 3
C48: 45 | D48: CANETA MARCADOR PERMANENTE, COR VERDE, para CD e Retroprojetor, ponta 1 à 2mm | E48: Peça | F48: CIS | G48: 33.90.30.16 | H48: 1.23 | I48: 2 | J48: =I48-(SUM(L48:P48)) -> 0 | K48: =IF(J48<0,"ATENÇÃO","OK") -> OK | L48: 0 | M48: 2
C49: 46 | D49: CANETA MARCADOR PERMANENTE, COR VERMELHA, para CD e Retroprojetor, ponta 1 à 2mm. | E49: Peça | F49: JOCAR | G49: 33.90.30.16 | H49: 0.93 | I49: 2 | J49: =I49-(SUM(L49:P49)) -> 0 | K49: =IF(J49<0,"ATENÇÃO","OK") -> OK | L49: 0 | M49: 2
A50: AQUINPEL SUP. P/ INF. ESC. E PAP. EIRELI | B50: 7 | C50: 47 | D50: CANETA MARCADOR PARA QUADRO BRANCO, NA COR AZUL, não recarregável, ponta arredondada com no mínimo 3mm, refil de no mínimo 5ml. Produto com registro no INMETRO | E50: Peça | F50: GXIN | G50: 33.90.30.16 | H50: 1.97 | I50: 3 | J50: =I50-(SUM(L50:P50)) -> 0 | K50: =IF(J50<0,"ATENÇÃO","OK") -> OK | L50: 0 | M50: 0 | N50: 3
C51: 48 | D51: CANETA MARCADOR PARA QUADRO BRANCO, NA COR PRETA, não recarregável, ponta arredondada com no mínimo 3mm, refil de no mínimo 5ml. Produto com registro no INMETRO | E51: Peça | F51: GXIN | G51: 33.90.30.16 | H51: 1.97 | I51: 3 | J51: =I51-(SUM(L51:P51)) -> 0 | K51: =IF(J51<0,"ATENÇÃO","OK") -> OK | L51: 0 | M51: 0 | N51: 3 | O51: 0
C52: 49 | D52: CANETA MARCADOR PARA QUADRO BRANCO, NA COR VERDE, não recarregável, ponta arredondada com no mínimo 3mm, refil de no mínimo 5ml. Produto com registro no INMETRO | E52: Peça | F52: GXIN | G52: 33.90.30.16 | H52: 1.97 | I52: 3 | J52: =I52-(SUM(L52:P52)) -> 0 | K52: =IF(J52<0,"ATENÇÃO","OK") -> OK | L52: 0 | M52: 0 | N52: 3
C53: 50 | D53: CANETA MARCADOR PARA QUADRO BRANCO, NA COR VERMELHA, não recarregável, ponta arredondada com no mínimo 3mm, refil de no mínimo 5ml. Produto com registro no INMETRO | E53: Peça | F53: GXIN | G53: 33.90.30.16 | H53: 1.97 | I53: 3 | J53: =I53-(SUM(L53:P53)) -> 0 | K53: =IF(J53<0,"ATENÇÃO","OK") -> OK | L53: 0 | M53: 0 | N53: 3
C54: 51 | D54: LIMPADOR PARA QUADRO BRANCO, REMOVEDOR DE MACHAS PARA QUADRO NAO MAGNETICO, em spray líquido, frasco com 60 ml | E54: Peça | F54: RADEX | G54: 33.90.30.16 | H54: 6.47 | I54: 2 | J54: =I54-(SUM(L54:P54)) -> 0 | K54: =IF(J54<0,"ATENÇÃO","OK") -> OK | L54: 0 | M54: 2
A55: DIAL DEPARTAMENTOS EIRELI EPP | B55: 8 | C55: 52 | D55: CAPA DE PROTECAO, PARA DVD/CD, em acrílico transparente, dimensões aproximadas 0,5 X 14 X 12 cm. | E55: Peça | F55: MIDIA | G55: 33.90.30.17 | H55: 1.44 | J55: =I55-(SUM(L55:P55)) -> 0 | K55: =IF(J55<0,"ATENÇÃO","OK") -> OK | L55: 0 | M55: 0
C56: 53 | D56: CD, MIDIA DE CD, gravavel, R, 700 Mb 80min 52 X | E56: Peça | F56: ELGIN | G56: 33.90.30.17 | H56: 0.51 | J56: =I56-(SUM(L56:P56)) -> 0 | K56: =IF(J56<0,"ATENÇÃO","OK") -> OK | L56: 0 | M56: 0
C57: 54 | D57: CD, REGRAVAVEL - 80 MINUTOS, 700 Mb 80min 52 X | E57: Peça | F57: ELGIN | G57: 33.90.30.17 | H57: 1.94 | J57: =I57-(SUM(L57:P57)) -> 0 | K57: =IF(J57<0,"ATENÇÃO","OK") -> OK | L57: 0 | M57: 0
C58: 55 | D58: DVD - VIRGEM, MIDIAS DVD-RW, RW (regravavel) 4,7 GB, 120 min | E58: Peça | F58: ELGIN | G58: 33.90.30.17 | H58: 2.32 | I58: 300 | J58: =I58-(SUM(L58:P58)) -> 0 | K58: =IF(J58<0,"ATENÇÃO","OK") -> OK | L58: 0 | M58: 300
C59: 56 | D59: DVD, MIDIA DE DVD, R (gravável) 120 Min. 4.7 GB | E59: Peça | F59: ELGIN | G59: 33.90.30.17 | H59: 0.57 | I59: 300 | J59: =I59-(SUM(L59:P59)) -> 0 | K59: =IF(J59<0,"ATENÇÃO","OK") -> OK | L59: 0 | M59: 300
C60: 57 | D60: Estojo para DVD - em plástico preto com Altura: 8,00mm, Largura: 13,50cm, Profundidade: 20,00cm | E60: Peça | F60: MIDIA | G60: 33.90.30.16 | H60: 2.25 | J60: =I60-(SUM(L60:P60)) -> 0 | K60: =IF(J60<0,"ATENÇÃO","OK") -> OK | L60: 0 | M60: 0
A61: DIAL DEPARTAMENTOS EIRELI EPP | B61: 9 | C61: 58 | D61: Cola líquida branca, lavável, não tóxica, tubo com 90 gramas. Com registro no INMETRO | E61: Peça | F61: PIRATININGA | G61: 33.90.30.16 | H61: 0.66 | I61: 50 | J61: =I61-(SUM(L61:P61)) -> 0 | K61: =IF(J61<0,"ATENÇÃO","OK") -> OK | L61: 0 | M61: 50
C62: 59 | D62: COLA PLASTICA BRANCA,LAVAVEL,NAO TOXICA PASTOSA EM BASTAO COM PESO MINIMO DE 8 GRAMAS .Com registro no INMETRO | E62: Peça | F62: LEONORA | G62: 33.90.30.16 | H62: 0.42 | I62: 20 | J62: =I62-(SUM(L62:P62)) -> 0 | K62: =IF(J62<0,"ATENÇÃO","OK") -> OK | L62: 0 | M62: 20
C63: 60 | D63: CLIPS METALICO NIQUELADO PARA PAPEIS NUMERO 1/0, CAIXA COM 100 UNIDADES | E63: Peça | F63: RAFA | G63: 33.90.30.16 | H63: 1.19 | J63: =I63-(SUM(L63:P63)) -> 0 | K63: =IF(J63<0,"ATENÇÃO","OK") -> OK | L63: 0 | M63: 0
C64: 61 | D64: CLIPS METALICO NIQUELADO PARA PAPEIS NUMERO 6/0 ,CAIXA COM 50 UNIDADES | E64: Peça | F64: RAFA | G64: 33.90.30.16 | H64: 1.36 | J64: =I64-(SUM(L64:P64)) -> 0 | K64: =IF(J64<0,"ATENÇÃO","OK") -> OK | L64: 0 | M64: 0
C65: 62 | D65: CLIPS METALICO NIQUELADO PARA PAPEIS NUMERO 3/0, CAIXA COM 50 UNIDADES | E65: Peça | F65: RAFA | G65: 33.90.30.16 | H65: 1.19 | J65: =I65-(SUM(L65:P65)) -> 0 | K65: =IF(J65<0,"ATENÇÃO","OK") -> OK | L65: 0 | M65: 0
C66: 63 | D66: COLCHETE LATONADO PARA PAPEIS NUMERO 03,CAIXA COM 72 UNIDADES | E66: Peça | F66: RAFA | G66: 33.90.30.16 | H66: 1.74 | I66: 1 | J66: =I66-(SUM(L66:P66)) -> 0 | K66: =IF(J66<0,"ATENÇÃO","OK") -> OK | L66: 0 | M66: 1
C67: 64 | D67: COLCHETE LATONADO PARA PAPEIS NUMERO 08,CAIXA COM 72 UNIDADES | E67: Peça | F67: RAFA | G67: 33.90.30.16 | H67: 2.55 | I67: 1 | J67: =I67-(SUM(L67:P67)) -> 0 | K67: =IF(J67<0,"ATENÇÃO","OK") -> OK | L67: 0 | M67: 1
C68: 65 | D68: ELASTICO EM LATEX NUMERO 18 - EMBALAGEM COM 100 gramas | E68: Peça | F68: PREMIER | G68: 33.90.30.16 | H68: 1.82 | J68: =I68-(SUM(L68:P68)) -> 0 | K68: =IF(J68<0,"ATENÇÃO","OK") -> OK | L68: 0 | M68: 0
C69: 66 | D69: CINTA ELASTICA, PARA PROCESSO, LARGURA APROXIMADA de 4CM e aproximadamente 22 cm de comprimento não esticado | E69: Peça | F69: OLIMPIA | G69: 33.90.30.16 | H69: 0.88 | J69: =I69-(SUM(L69:P69)) -> 0 | K69: =IF(J69<0,"ATENÇÃO","OK") -> OK | L69: 0 | M69: 0
C70: 67 | D70: CLIPS METALICO NIQUELADO PARA PAPEIS, GALVANIZADO N. 8/0, CAIXA COM 25 UNIDADES | E70: Caixa | F70: RAFA | G70: 33.90.30.16 | H70: 1.15 | J70: =I70-(SUM(L70:P70)) -> 0 | K70: =IF(J70<0,"ATENÇÃO","OK") -> OK | L70: 0 | M70: 0
C71: 68 | D71: CLIPS METALICO NIQUELADO PARA PAPEIS, NUMERO 00 CAIXA COM 100 UNIDADES | E71: Peça | F71: RAFA | G71: 33.90.30.16 | H71: 1.19 | J71: =I71-(SUM(L71:P71)) -> 0 | K71: =IF(J71<0,"ATENÇÃO","OK") -> OK | L71: 0 | M71: 0
C72: 69 | D72: CLIPS METALICO NIQUELADO PARA PAPEIS, NUMERO 04 COM 100 UNIDADES, | E72: Caixa | F72: RAFA | G72: 33.90.30.16 | H72: 1.19 | J72: =I72-(SUM(L72:P72)) -> 0 | K72: =IF(J72<0,"ATENÇÃO","OK") -> OK | L72: 0 | M72: 0
C73: 70 | D73: CLIPS METALICO NIQUELADO PARA PAPEIS, NUMERO 2/0, CAIXA COM 100 UNIDADES | E73: Caixa | F73: RAFA | G73: 33.90.30.16 | H73: 1.19 | J73: =I73-(SUM(L73:P73)) -> 0 | K73: =IF(J73<0,"ATENÇÃO","OK") -> OK | L73: 0 | M73: 0
C74: 71 | D74: CLIPS, TIPO PREDENDOR DE PAPEL, MEDINDO 19MM, CAIXA COM 12 peças, corpo de metal com pintura epóxi e presilha em aço inoxidável. | E74: Caixa | F74: BRW | G74: 33.90.30.16 | H74: 1.34 | J74: =I74-(SUM(L74:P74)) -> 0 | K74: =IF(J74<0,"ATENÇÃO","OK") -> OK | L74: 0 | M74: 0
C75: 72 | D75: CLIPS, TIPO PRENDEDOR DE PAPEL, MEDINDO 32MM,CAIXA COM 12 peças, corpo de metal com pintura epóxi e presilha em aço inoxidável. | E75: Caixa | F75: BRW | G75: 33.90.30.16 | H75: 3.4 | J75: =I75-(SUM(L75:P75)) -> 0 | K75: =IF(J75<0,"ATENÇÃO","OK") -> OK | L75: 0 | M75: 0
C76: 73 | D76: CLIPS, TIPO PRENDEDOR,MEDINDO 51MM, CAIXA COM 12 peças, corpo de metal com pintura epóxi e presilha em aço inoxidável. | E76: Caixa | F76: BRW | G76: 33.90.30.16 | H76: 8.55 | J76: =I76-(SUM(L76:P76)) -> 0 | K76: =IF(J76<0,"ATENÇÃO","OK") -> OK | L76: 0 | M76: 0
C77: 74 | D77: CORRETIVO LIQUIDO, OPACO FRASCO COM 18ml, a base de água, não tóxico, com registro no INMETRO. | E77: Frasco | F77: ATIMA | G77: 33.90.30.16 | H77: 0.76 | J77: =I77-(SUM(L77:P77)) -> 0 | K77: =IF(J77<0,"ATENÇÃO","OK") -> OK | L77: 0 | M77: 0
C78: 75 | D78: CORRETIVO LIQUIDO, TIPO CANETA, secagem rápida, atóxico, mínimo 7ml, com registro no INMETRO. | E78: Peça | F78: JOCAR | G78: 33.90.30.16 | H78: 1.98 | I78: 100 | J78: =I78-(SUM(L78:P78)) -> 0 | K78: =IF(J78<0,"ATENÇÃO","OK") -> OK | L78: 0 | M78: 100
C79: 76 | D79: Cola líquida branca, lavável, não tóxica, tubo com 1kg. Com registro no INMETRO | E79: Unidade | F79: PIRATININGA | G79: 33.90.30.16 | H79: 4.54 | J79: =I79-(SUM(L79:P79)) -> 0 | K79: =IF(J79<0,"ATENÇÃO","OK") -> OK | L79: 0 | M79: 0
C80: 77 | D80: Cola líquida branca, lavável, não tóxica, tubo com 250g. Com registro no INMETRO | E80: Unidade | F80: PIRATININGA | G80: 33.90.30.16 | H80: 1.84 | J80: =I80-(SUM(L80:P80)) -> 0 | K80: =IF(J80<0,"ATENÇÃO","OK") -> OK | L80: 0 | M80: 0
A81: ALEXANDRA DOS PASSOS EIRELI EPP | B81: 10 | C81: 78 | D81: CRACHA PARA IDENTIFICACAO, bolsa em PVC cristal, tamanho aproximado de 10 X 15cm, PVC 20 vertical, com cordão PVC. | E81: Peça | F81: DAC | G81: 33.90.30.16 | H81: 0.75 | I81: 300 | J81: =I81-(SUM(L81:P81)) -> 0 | K81: =IF(J81<0,"ATENÇÃO","OK") -> OK | L81: 300 | M81: 0
C82: 79 | D82: CRACHA PARA IDENTIFICACAO, PARA EVENTOS, com grampo metal tipo jacaré, tamanho 7X10cm | E82: Peça | F82: DAC | G82: 33.90.30.16 | H82: 0.57 | J82: =I82-(SUM(L82:P82)) -> 0 | K82: =IF(J82<0,"ATENÇÃO","OK") -> OK | L82: 0 | M82: 0
A83: CLEONICE OLIVEIRA DOS SANTOS ME | B83: 11 | C83: 80 | D83: DISPLAY EM ACRILICO, TRANSPARENTE PARA FOLHA A4, para sinalizar e identificar portas. Produzido em acrilico 2mm cristal dobrável, para áreas internas ou externas, suporte adesivo dupla face para fixação em qualquer superfície plana. Tamanho aproximado: 320X225mm. | E83: Peça | F83: COMVISÃO | G83: 33.90.30.16 | H83: 24.5 | J83: =I83-(SUM(L83:P83)) -> 0 | K83: =IF(J83<0,"ATENÇÃO","OK") -> OK | L83: 0 | M83: 0
C84: 81 | D84: DISPLAY EM ACRILICO, TRANSPARENTE, PARA FOLHA A3 | E84: Peça | F84: COMVISÃO | G84: 33.90.30.16 | H84: 39 | J84: =I84-(SUM(L84:P84)) -> 0 | K84: =IF(J84<0,"ATENÇÃO","OK") -> OK | L84: 0 | M84: 0
A85: DIAL DEPARTAMENTOS EIRELI EPP | B85: 12 | C85: 82 | D85: ESTILETE DE CORTE, LARGO, medindo aproximadamente 15cm, com lâmina de 2 cm de largura inclusa, cabo plástico, com registro no INMETRO | E85: Peça | F85: JOCAR | G85: 33.90.30.16 | H85: 0.81 | I85: 50 | J85: =I85-(SUM(L85:P85)) -> 50 | K85: =IF(J85<0,"ATENÇÃO","OK") -> OK | L85: 0 | M85: 0
C86: 83 | D86: CARTOLINA MED. 50 X 65 CM COM 180GR/M2, NA COR AMARELA | E86: Folha | F86: BIGNARD | G86: 33.90.30.16 | H86: 0.39 | I86: 20 | J86: =I86-(SUM(L86:P86)) -> 0 | K86: =IF(J86<0,"ATENÇÃO","OK") -> OK | L86: 0 | M86: 20
C87: 84 | D87: CARTOLINA MED. 50 X 65 CM COM 180GR/M2, NA COR AZUL CLARO | E87: Folha | F87: BIGNARD | G87: 33.90.30.16 | H87: 0.39 | I87: 20 | J87: =I87-(SUM(L87:P87)) -> 0 | K87: =IF(J87<0,"ATENÇÃO","OK") -> OK | L87: 0 | M87: 20
C88: 85 | D88: CARTOLINA MED. 50 X 65 CM COM 180GR/M2, NA COR BRANCA | E88: Folha | F88: BIGNARD | G88: 33.90.30.16 | H88: 0.39 | I88: 20 | J88: =I88-(SUM(L88:P88)) -> 0 | K88: =IF(J88<0,"ATENÇÃO","OK") -> OK | L88: 0 | M88: 20
C89: 86 | D89: CARTOLINA MED. 50 X 65 CM COM 180GR/M2, NA COR ROSA | E89: Folha | F89: BIGNARD | G89: 33.90.30.16 | H89: 0.39 | I89: 20 | J89: =I89-(SUM(L89:P89)) -> 0 | K89: =IF(J89<0,"ATENÇÃO","OK") -> OK | L89: 0 | M89: 20
C90: 87 | D90: CARTOLINA MED. 50 X 65 CM COM 180GR/M2, NA COR VERDE | E90: Folha | F90: BIGNARD | G90: 33.90.30.16 | H90: 0.39 | I90: 20 | J90: =I90-(SUM(L90:P90)) -> 0 | K90: =IF(J90<0,"ATENÇÃO","OK") -> OK | L90: 0 | M90: 20
C91: 88 | D91: ETIL VINIL ACETATO (E.V.A), COR LARANJA MEDINDO 40X60 | E91: Folha | F91: MAKE | G91: 33.90.30.16 | H91: 1 | J91: =I91-(SUM(L91:P91)) -> 0 | K91: =IF(J91<0,"ATENÇÃO","OK") -> OK | L91: 0 | M91: 0
C92: 89 | D92: ETIL VINIL ACETATO (E.V.A), COR MARROM MEDINDO 40X60 | E92: Folha | F92: MAKE | G92: 33.90.30.16 | H92: 1 | J92: =I92-(SUM(L92:P92)) -> 0 | K92: =IF(J92<0,"ATENÇÃO","OK") -> OK | L92: 0 | M92: 0
C93: 90 | D93: ETIL VINIL ACETATO (E.V.A), COR PRETA MEDINDO 40X60 | E93: Folha | F93: MAKE | G93: 33.90.30.16 | H93: 1 | J93: =I93-(SUM(L93:P93)) -> 0 | K93: =IF(J93<0,"ATENÇÃO","OK") -> OK | L93: 0 | M93: 0
C94: 91 | D94: ETIL VINIL ACETATO (E.V.A), COR VERDE MEDINDO 40X60, VERDE ESCURO | E94: Folha | F94: MAKE | G94: 33.90.30.16 | H94: 1 | J94: =I94-(SUM(L94:P94)) -> 0 | K94: =IF(J94<0,"ATENÇÃO","OK") -> OK | L94: 0 | M94: 0
C95: 92 | D95: ETIL VINIL ACETATO (E.V.A), COR VERDE MEDINDO 40X60, VERMELHA | E95: Folha | F95: MAKE | G95: 33.90.30.16 | H95: 1 | J95: =I95-(SUM(L95:P95)) -> 0 | K95: =IF(J95<0,"ATENÇÃO","OK") -> OK | L95: 0 | M95: 0
C96: 93 | D96: ETIQUETA AUTO ADESIVA, brana, medindo.25,4 X 66,7mm, caixa com 25 folhas | E96: Caixa | F96: IMPRIMASTER | G96: 33.90.30.16 | H96: 5 | I96: 2 | J96: =I96-(SUM(L96:P96)) -> 0 | K96: =IF(J96<0,"ATENÇÃO","OK") -> OK | L96: 0 | M96: 2
C97: 94 | D97: ETIQUETA AUTO ADESIVA, branca medindo 44,45 X 12,7mm, caixa com 25 folhas | E97: Caixa | F97: IMPRIMASTER | G97: 33.90.30.16 | H97: 5 | I97: 2 | J97: =I97-(SUM(L97:P97)) -> 0 | K97: =IF(J97<0,"ATENÇÃO","OK") -> OK | L97: 0 | M97: 2
C98: 95 | D98: ETIQUETA AUTO ADESIVA, BRANCA, medindo 101,6 X 33,9mm, folha com 14 etiquetas, caixa com 25 folhas | E98: Caixa | F98: IMPRIMASTER | G98: 33.90.30.16 | H98: 5 | I98: 2 | J98: =I98-(SUM(L98:P98)) -> 0 | K98: =IF(J98<0,"ATENÇÃO","OK") -> OK | L98: 0 | M98: 2
C99: 96 | D99: ETIQUETA AUTO ADESIVA, branca, medindo 38,10 X 99,10mm, FOLHA COM 14 ETIQUETAS, caixa com 25 folhas | E99: Caixa | F99: IMPRIMASTER | G99: 33.90.30.16 | H99: 5 | I99: 2 | J99: =I99-(SUM(L99:P99)) -> 0 | K99: =IF(J99<0,"ATENÇÃO","OK") -> OK | L99: 0 | M99: 2
C100: 97 | D100: ETIQUETA AUTO ADESIVA, reforço plástico, transparente, 14,5mm de diâmetro, caixa com 150 peças. | E100: Caixa | F100: PIMACO | G100: 33.90.30.16 | H100: 3.52 | I100: 2 | J100: =I100-(SUM(L100:P100)) -> 0 | K100: =IF(J100<0,"ATENÇÃO","OK") -> OK | L100: 0 | M100: 2
...

Sheet CEFID
A1: PROCESSO: 1651/2014/UDESC | D1: OBJETO: AQUISIÇÃO DE MATERIAIS DE EXPEDIENTE PARA A UDESC | I1: VIGÊNCIA DA ATA: 15/04/2015 até 14/04/2016 | L1: AF/OS nº 555/2015 Qtde. DT | M1: AF/OS nº 556/2015 Qtde. DT | N1: AF/OS nº 557/2015 Qtde. DT | O1: AF/OS nº 558/2015 Qtde. DT | P1: AF/OS nº 1033/2015 Qtde. DT | Q1: AF/OS nº 1034/2015 Qtde. DT | R1: AF/OS nº 1036/2015 Qtde. DT | S1: AF/OS nº 1035/2015 Qtde. DT | T1: AF/OS nº 1909/2015 Qtde. DT | U1: AF/OS nº 1724/2015 Qtde. DT | V1: AF/OS nº 324/2016 Qtde. DT | W1: AF/OS nº 326/2016 Qtde. DT | X1: AF/OS nº 329/2016 Qtde. DT | Y1: AF/OS nº 330/2016 Qtde. DT
A2: CENTRO PARTICIPANTE: CEFID
A3: FORNECEDOR | B3: LOTE | C3: ITEM | D3: PRODUTO - CARACTERÍSTICAS MÍNIMAS | E3: UNIDADE | F3: MARCA | G3: DETALHAMENTO | H3: Preço UNITÁRIO (R$) | I3: Qtde Registrada | J3: Saldo / Automático | K3: ALERTA | L3: 42121 | M3: 42121 | N3: 42121 | O3: 42121 | P3: 42179 | Q3: 42179 | R3: 42179 | S3: 42179 | T3: 42290 | U3: 42272 | V3: 42461 | W3: 42461 | X3: 42461 | Y3: 42461
A4: LICITAMIX MAT. DE ESC. LTDA ME | B4: 1 | C4: 1 | D4: AGENDA PERMANENTE, PARA MARCAR COMPROMISSOS, com no mínimo 100 folhas. Com fitilho marcador de páginas, medindo aproximadamente 145 X 205mm | E4: Peça | F4: FTD | G4: 33.90.30.16 | H4: 18.92 | I4: 100 | J4: =I4-(SUM(L4:Y4)) -> 75 | K4: =IF(J4<0,"ATENÇÃO","OK") -> OK | L4: 25 | M4: 0 | N4: 0 | O4: 0 | P4: 0 | Q4: 0 | R4: 0 | S4: 0 | T4: 0 | U4: 0 | W4: 0 | X4: 0 | Y4: 0
C5: 2 | D5: APAGADOR PARA QUADRO BRANCO, com corpo plástico de alta resistência, base com feltro de no mínimo 2mm. Medidas: comprimento entre 15 e 18 cm; largura igual ou maior que 6 cm; altura entre 3cm e 5cm. Espaço no corpo do apagador para armazenar 2 canetas marcadoras para quadro branco. | E5: Peça | F5: KIT | G5: 33.90.30.16 | H5: 5.3 | I5: 100 | J5: =I5-(SUM(L5:Y5)) -> 70 | K5: =IF(J5<0,"ATENÇÃO","OK") -> OK | L5: 30 | M5: 0 | N5: 0 | O5: 0 | P5: 0 | Q5: 0 | R5: 0 | S5: 0 | T5: 0 | U5: 0 | W5: 0 | X5: 0 | Y5: 0
A6: DIAL DEPARTAMENTOS EIRELI EPP | B6: 2 | C6: 3 | D6: Aplicador/suporte para fita adesiva de 48mm X 50m, com serrilha e cabo para empacotamento | E6: peça | F6: JOCAR | G6: 33.90.30.16 | H6: 13.68 | I6: 30 | J6: =I6-(SUM(L6:Y6)) -> 20 | K6: =IF(J6<0,"ATENÇÃO","OK") -> OK | M6: 10 | N6: 0 | O6: 0 | P6: 0 | Q6: 0 | R6: 0 | S6: 0 | T6: 0 | U6: 0 | W6: 0 | X6: 0 | Y6: 0
C7: 4 | D7: BORRACHA DE PAPELARIA NA COR VERDE PARA COLOCAR NA PARTE DE CIMA LAPIS | E7: peça | F7: LEONORA | G7: 33.90.30.16 | H7: 0.07 | J7: =I7-(SUM(L7:Y7)) -> 0 | K7: =IF(J7<0,"ATENÇÃO","OK") -> OK | M7: 0 | N7: 0 | O7: 0 | P7: 0 | Q7: 0 | R7: 0 | S7: 0 | T7: 0 | U7: 0 | W7: 0 | X7: 0 | Y7: 0
C8: 5 | D8: BORRACHA PLASTICA, COR BRANCA,COM CINTA PLASTICA,MEDINDO 58X34,5X12mm. Com registro no INMETRO. | E8: peça | F8: LEONORA | G8: 33.90.30.16 | H8: 0.7 | I8: 96 | J8: =I8-(SUM(L8:Y8)) -> 48 | K8: =IF(J8<0,"ATENÇÃO","OK") -> OK | M8: 48 | N8: 0 | O8: 0 | P8: 0 | Q8: 0 | R8: 0 | S8: 0 | T8: 0 | U8: 0 | W8: 0 | X8: 0 | Y8: 0
C9: 6 | D9: BARBANTE DE ALGODAO, com 08 (oito) fios, ROLO COM APROXIMADAMENTE 400 GRAMAS | E9: peça | F9: KOREA | G9: 33.90.30.16 | H9: 5.74 | I9: 10 | J9: =I9-(SUM(L9:Y9)) -> 5 | K9: =IF(J9<0,"ATENÇÃO","OK") -> OK | M9: 5 | N9: 0 | O9: 0 | P9: 0 | Q9: 0 | R9: 0 | S9: 0 | U9: 0 | W9: 0 | X9: 0 | Y9: 0
C10: 7 | D10: APONTADOR DE LAPIS, DE PLASTICO, TIPO COLEGIAL, Com recipiente para segurar sobras do lápis apontado, medindo aproximadamente 5 cm | E10: Peça | F10: LEONORA | G10: 33.90.30.16 | H10: 0.45 | I10: 30 | J10: =I10-(SUM(L10:Y10)) -> 30 | K10: =IF(J10<0,"ATENÇÃO","OK") -> OK | M10: 0 | N10: 0 | O10: 0 | P10: 0 | Q10: 0 | R10: 0 | S10: 0 | U10: 0 | W10: 0 | X10: 0 | Y10: 0
C11: 8 | D11: BANDEJA PARA DOCUMENTOS, EM ACRILICO, COM 1 DIVISÃO, na cor transparente – tamanho A4 | E11: Peça | F11: NOVACRIL | G11: 33.90.30.16 | H11: 9.32 | J11: =I11-(SUM(L11:Y11)) -> 0 | K11: =IF(J11<0,"ATENÇÃO","OK") -> OK | M11: 0 | N11: 0 | O11: 0 | P11: 0 | Q11: 0 | R11: 0 | S11: 0 | U11: 0 | W11: 0 | X11: 0 | Y11: 0
C12: 9 | D12: BANDEJA PARA DOCUMENTOS, EM ACRILICO, COM 2 DIVISOES, na cor transparente – tamanho A4 | E12: Peça | F12: NOVACRIL | G12: 33.90.30.16 | H12: 18.23 | I12: 30 | J12: =I12-(SUM(L12:Y12)) -> 15 | K12: =IF(J12<0,"ATENÇÃO","OK") -> OK | M12: 10 | N12: 0 | O12: 0 | P12: 0 | Q12: 0 | R12: 0 | S12: 0 | U12: 0 | V12: 5 | W12: 0 | X12: 0 | Y12: 0
C13: 10 | D13: BANDEJA PARA DOCUMENTOS, EM ACRILICO, COM 3 DIVISOES, NA COR TRANSPARENTE, TAMANHO A4 | E13: Peça | F13: NOVACRIL | G13: 33.90.30.16 | H13: 28.08 | I13: 20 | J13: =I13-(SUM(L13:Y13)) -> 20 | K13: =IF(J13<0,"ATENÇÃO","OK") -> OK | M13: 0 | N13: 0 | O13: 0 | P13: 0 | Q13: 0 | R13: 0 | S13: 0 | T13: 0 | U13: 0 | W13: 0 | X13: 0 | Y13: 0
A14: ALEXANDRA DOS PASSOS EIRELI EPP | B14: 3 | C14: 11 | D14: BLOCO DE RASCUNHO, AUTO ADESIVO, medindo 38 X 51mm, pacote com 4 blocos. Adesivos removíveis com 100 folhas, similar a marca post it. | E14: pacote | F14: MAKE | G14: 33.90.30.16 | H14: 2.06 | I14: 200 | J14: =I14-(SUM(L14:Y14)) -> 152 | K14: =IF(J14<0,"ATENÇÃO","OK") -> OK | O14: 0 | P14: 0 | Q14: 0 | R14: 0 | S14: 0 | T14: 48 | U14: 0 | W14: 0 | X14: 0 | Y14: 0
C15: 12 | D15: BLOCO DE RASCUNHO, AUTO ADESIVO, medindo 76 X 102mm, pacote com 100 folhas, amarelo, para recados. Adesivos removíveis, similar a marca post it. | E15: Peça | F15: JOCAR | G15: 33.90.30.16 | H15: 1.14 | I15: 150 | J15: =I15-(SUM(L15:Y15)) -> 0 | K15: =IF(J15<0,"ATENÇÃO","OK") -> OK | N15: 72 | O15: 0 | P15: 0 | Q15: 0 | R15: 0 | S15: 0 | T15: 78 | U15: 0 | W15: 0 | X15: 0 | Y15: 0
A16: DIAL DEPARTAMENTOS EIRELI EPP | B16: 4 | C16: 13 | D16: ALFINETE COLORIDO, ponta redonda, CAIXA COM 50 UNIDADES | E16: Caixa | F16: JOCAR | G16: 33.90.30.16 | H16: 1.46 | I16: 50 | J16: =I16-(SUM(L16:Y16)) -> 30 | K16: =IF(J16<0,"ATENÇÃO","OK") -> OK | M16: 20 | N16: 0 | O16: 0 | P16: 0 | Q16: 0 | R16: 0 | S16: 0 | T16: 0 | U16: 0 | W16: 0 | X16: 0 | Y16: 0
C17: 14 | D17: APAGADOR, PARA QUADRO NEGRO, em madeira, base com feltro, medindo aproximadamente 15 X 6 X 4cm | E17: Peça | F17: CAGEMA | G17: 33.90.30.16 | H17: 1.59 | I17: 50 | J17: =I17-(SUM(L17:Y17)) -> 50 | K17: =IF(J17<0,"ATENÇÃO","OK") -> OK | M17: 0 | N17: 0 | O17: 0 | P17: 0 | Q17: 0 | R17: 0 | S17: 0 | T17: 0 | U17: 0 | W17: 0 | X17: 0 | Y17: 0
C18: 15 | D18: BOBINA DE PAPEL, TÉRMICO, MEDINDO 57MM X 30M, CAIXA COM 10 UNIDADES, 1 via | E18: Caixa | F18: ALLSOMA | G18: 33.90.30.16 | H18: 19.98 | J18: =I18-(SUM(L18:Y18)) -> 0 | K18: =IF(J18<0,"ATENÇÃO","OK") -> OK | M18: 0 | N18: 0 | O18: 0 | P18: 0 | Q18: 0 | R18: 0 | S18: 0 | T18: 0 | U18: 0 | W18: 0 | X18: 0 | Y18: 0
C19: 16 | D19: BLOCO DE PAPEL, FLIP CHART COM PICOTE, COM 50 FOLHAS, medindo aproximadamente 64cm X 88cm. | E19: Peça | F19: S.R | G19: 33.90.30.16 | H19: 14.85 | J19: =I19-(SUM(L19:Y19)) -> 0 | K19: =IF(J19<0,"ATENÇÃO","OK") -> OK | M19: 0 | N19: 0 | O19: 0 | P19: 0 | Q19: 0 | R19: 0 | S19: 0 | T19: 0 | U19: 0 | W19: 0 | X19: 0 | Y19: 0
C20: 17 | D20: BOBINA EM PAPEL PARA MAQUINA, BOBINA DE PAPEL TERMICO,MEDINDO 76MM X 40M, COM 1 VIA, | E20: Peça | F20: ALLSOMA | G20: 33.90.30.16 | H20: 3.11 | J20: =I20-(SUM(L20:Y20)) -> 0 | K20: =IF(J20<0,"ATENÇÃO","OK") -> OK | M20: 0 | N20: 0 | O20: 0 | P20: 0 | Q20: 0 | R20: 0 | S20: 0 | T20: 0 | U20: 0 | W20: 0 | X20: 0 | Y20: 0
C21: 18 | D21: CADERNO TIPO ESCOLAR, CAPA DURA, TIPO UNIVERSITARIO, COM 200 FOLHAS, Formato 203 X 280mm | E21: Peça | F21: PANAMERICANA | G21: 33.90.30.16 | H21: 4.58 | J21: =I21-(SUM(L21:Y21)) -> 0 | K21: =IF(J21<0,"ATENÇÃO","OK") -> OK | M21: 0 | N21: 0 | O21: 0 | P21: 0 | Q21: 0 | R21: 0 | S21: 0 | T21: 0 | U21: 0 | W21: 0 | X21: 0 | Y21: 0
C22: 19 | D22: CADERNO TIPO ESCOLAR, TAMANHO PEQUENO COM 48 FOLHAS, capa dura tipo brochura. | E22: Peça | F22: PANAMERICANA | G22: 33.90.30.16 | H22: 1.47 | I22: 100 | J22: =I22-(SUM(L22:Y22)) -> 70 | K22: =IF(J22<0,"ATENÇÃO","OK") -> OK | M22: 30 | N22: 0 | O22: 0 | P22: 0 | Q22: 0 | R22: 0 | S22: 0 | U22: 0 | W22: 0 | X22: 0 | Y22: 0
C23: 20 | D23: Calculadora média (portátil), tela inclinada para 12 dígitos, duas fontes de energia e desligamento (bateria e energia solar) telas de raiz quadrada e porcentagem, tela de apagar o último dígito, medidas aproximadas: 9 x 12 cm. | E23: Peça | F23: CLASSE | G23: 33.90.30.16 | H23: 10.13 | I23: 20 | J23: =I23-(SUM(L23:Y23)) -> 20 | K23: =IF(J23<0,"ATENÇÃO","OK") -> OK | M23: 0 | N23: 0 | O23: 0 | P23: 0 | Q23: 0 | R23: 0 | S23: 0 | U23: 0 | W23: 0 | X23: 0 | Y23: 0
A24: ALEXANDRA DOS PASSOS EIRELI EPP | B24: 5 | C24: 21 | D24: CANETA ESFEROGRAFICA, NA COR AZUL, Corpo em poliestireno cristal, com protetor plástico entre a carga e o corpo da caneta; esfera em tungstênio; espessura da ponta de 1,00mm; formato redondo; ponta em latão usinado com esfera de tungstênio; tampa antiasfixiante. MARCA BIC, justificativa da marca anexada no processo e embasada no relatório de análise de produtos do "INMETRO". | E24: Peça | F24: BIC | G24: 33.90.30.16 | H24: 0.39 | I24: 3000 | J24: =I24-(SUM(L24:Y24)) -> 2500 | K24: =IF(J24<0,"ATENÇÃO","OK") -> OK | N24: 0 | O24: 0 | P24: 0 | Q24: 0 | R24: 0 | S24: 0 | T24: 500 | U24: 0 | W24: 0 | X24: 0 | Y24: 0
C25: 22 | D25: CANETA ESFEROGRAFICA, NA COR PRETA, Corpo em poliestireno cristal, com protetor plástico entre a carga e o corpo da caneta; esfera em tungstênio;formato redondo; ponta em latão usinado com esfera de tungstênio; tampa antiasfixiante. MARCA BIC, justificativa da marca anexada no processo e embasada no relatório de análise de produtos do "INMETRO". | E25: Peça | F25: BIC | G25: 33.90.30.16 | H25: 0.39 | I25: 1500 | J25: =I25-(SUM(L25:Y25)) -> 900 | K25: =IF(J25<0,"ATENÇÃO","OK") -> OK | N25: 300 | O25: 0 | P25: 0 | Q25: 0 | R25: 0 | S25: 0 | T25: 300 | U25: 0 | W25: 0 | X25: 0 | Y25: 0
C26: 23 | D26: CANETA ESFEROGRAFICA, NA COR VERDE, Corpo em poliestireno cristal, com protetor plástico entre a carga e o corpo da caneta; esfera em tungstênio; espessura da ponta de 1,00mm; formato redondo; ponta em latão usinado com esfera de tungstênio; tampa antiasfixiante. MARCA BIC, justificativa da marca anexada no processo e embasada no relatório de análise de produtos do "INMETRO". | E26: Peça | F26: BIC | G26: 33.90.30.16 | H26: 0.33 | J26: =I26-(SUM(L26:Y26)) -> 0 | K26: =IF(J26<0,"ATENÇÃO","OK") -> OK | N26: 0 | O26: 0 | P26: 0 | Q26: 0 | R26: 0 | S26: 0 | T26: 0 | U26: 0 | W26: 0 | X26: 0 | Y26: 0
C27: 24 | D27: CANETA ESFEROGRAFICA, NA COR VERMELHA, Corpo em poliestireno cristal, com protetor plástico entre a carga e o corpo da caneta; esfera em tungstênio; espessura da ponta de 1,00mm; formato redondo; ponta em latão usinado com esfera de tungstênio; tampa antiasfixiante. MARCA BIC, justificativa da marca anexada no processo e embasada no relatório de análise de produtos do "INMETRO". | E27: Peça | F27: BIC | G27: 33.90.30.16 | H27: 0.33 | I27: 1000 | J27: =I27-(SUM(L27:Y27)) -> 500 | K27: =IF(J27<0,"ATENÇÃO","OK") -> OK | N27: 200 | O27: 0 | P27: 0 | Q27: 0 | R27: 0 | S27: 0 | T27: 300 | U27: 0 | W27: 0 | X27: 0 | Y27: 0
A28: DIAL DEPARTAMENTOS EIRELI EPP | B28: 6 | C28: 25 | D28: PINCEL ATOMICO NA COR AZUL, PONTA OBLÍQUA (CHANFRADA), COM REGISTRO NO INMETRO. | E28: Peça | F28: J.STAMP | G28: 33.90.30.16 | H28: 0.82 | I28: 60 | J28: =I28-(SUM(L28:Y28)) -> 36 | K28: =IF(J28<0,"ATENÇÃO","OK") -> OK | M28: 24 | N28: 0 | O28: 0 | P28: 0 | Q28: 0 | R28: 0 | S28: 0 | T28: 0 | U28: 0 | W28: 0 | X28: 0 | Y28: 0
C29: 26 | D29: PINCEL ATOMICO NA COR PRETA PONTA OBLÍQUA (CHANFRADA), COM REGISTRO NO INMETRO. | E29: Peça | F29: J.STAMP | G29: 33.90.30.16 | H29: 0.82 | I29: 60 | J29: =I29-(SUM(L29:Y29)) -> 36 | K29: =IF(J29<0,"ATENÇÃO","OK") -> OK | M29: 24
C30: 27 | D30: PINCEL ATOMICO NA COR VERDE PONTA OBLÍQUA (CHANFRADA), COM REGISTRO NO INMETRO. | E30: Peça | F30: J.STAMP | G30: 33.90.30.16 | H30: 0.82 | I30: 60 | J30: =I30-(SUM(L30:Y30)) -> 36 | K30: =IF(J30<0,"ATENÇÃO","OK") -> OK | M30: 24
C31: 28 | D31: PINCEL ATOMICO NA COR VERMELHA PONTA OBLÍQUA (CHANFRADA), COM REGISTRO NO INMETRO. | E31: Peça | F31: J.STAMP | G31: 33.90.30.16 | H31: 0.82 | I31: 60 | J31: =I31-(SUM(L31:Y31)) -> 36 | K31: =IF(J31<0,"ATENÇÃO","OK") -> OK | M31: 24
C32: 29 | D32: CANETA HIDROGRAFICA FOSFORESCENTE PARA DESTAQUE DE TEXTO, NA COR AMARELA, escrita de aproximadamente 3 mm de largura | E32: Peça | F32: JOCAR | G32: 33.90.30.16 | H32: 0.63 | I32: 72 | J32: =I32-(SUM(L32:Y32)) -> 48 | K32: =IF(J32<0,"ATENÇÃO","OK") -> OK | M32: 24
C33: 30 | D33: CANETA HIDROGRAFICA FOSFORESCENTE PARA DESTAQUE DE TEXTO, NA COR VERDE, escrita de aproximadamente 3 mm de largura | E33: Peça | F33: JOCAR | G33: 33.90.30.16 | H33: 0.63 | I33: 60 | J33: =I33-(SUM(L33:Y33)) -> 48 | K33: =IF(J33<0,"ATENÇÃO","OK") -> OK | V33: 12
C34: 31 | D34: CANETA ESFEROGRAFICA, COM TINTA ANTI-FRAUDE, com tinta segura e resistente a teste de água e luz composta de resinas termoplástica, tinta a base de solventes corantes orgânicos, ponta tungstênio, 0,7mm, cor preta. Similar a Unni ball Vision Elite. | E34: Peça | F34: UNIBALL | G34: 33.90.30.16 | H34: 5.51 | I34: 12 | J34: =I34-(SUM(L34:Y34)) -> 0 | K34: =IF(J34<0,"ATENÇÃO","OK") -> OK | V34: 12
C35: 32 | D35: CANETA HIDROCOR, AVULSA - COR AZUL - PONTA DE 2MM | E35: Peça | F35: COMPACTOR | G35: 33.90.30.16 | H35: 0.57 | J35: =I35-(SUM(L35:Y35)) -> 0 | K35: =IF(J35<0,"ATENÇÃO","OK") -> OK
C36: 33 | D36: CANETA HIDROCOR, AVULSA - COR LARANJA - PONTA DE 2MM | E36: Peça | F36: COMPACTOR | G36: 33.90.30.16 | H36: 0.57 | J36: =I36-(SUM(L36:Y36)) -> 0 | K36: =IF(J36<0,"ATENÇÃO","OK") -> OK
C37: 34 | D37: CANETA HIDROCOR, AVULSA - COR PRETA - PONTA DE 2MM | E37: Peça | F37: COMPACTOR | G37: 33.90.30.16 | H37: 0.57 | J37: =I37-(SUM(L37:Y37)) -> 0 | K37: =IF(J37<0,"ATENÇÃO","OK") -> OK
C38: 35 | D38: CANETA HIDROCOR, AVULSA - COR VERDE - PONTA DE 2MM | E38: Peça | F38: COMPACTOR | G38: 33.90.30.16 | H38: 0.57 | J38: =I38-(SUM(L38:Y38)) -> 0 | K38: =IF(J38<0,"ATENÇÃO","OK") -> OK
C39: 36 | D39: CANETA HIDROCOR, AVULSA - COR VERMELHA - PONTA DE 2MM | E39: Peça | F39: COMPACTOR | G39: 33.90.30.16 | H39: 0.57 | J39: =I39-(SUM(L39:Y39)) -> 0 | K39: =IF(J39<0,"ATENÇÃO","OK") -> OK
C40: 37 | D40: CANETA HIDROCOR, COM 12 CORES, tamanho grande, lavável, com ponta fina de 2mm, com registro no INMETRO | E40: Jogo | F40: LEONORA | G40: 33.90.30.16 | H40: 2.21 | I40: 50 | J40: =I40-(SUM(L40:Y40)) -> 35 | K40: =IF(J40<0,"ATENÇÃO","OK") -> OK | M40: 15
C41: 38 | D41: Caneta nanquim descartável Linha Técnica.Expessura de traços em(mm):0.5. Caneta descartável com ponta de poliester engastada em metal. Cor da tinta Preta | E41: Unidade | F41: UNIBALL | G41: 33.90.30.16 | H41: 7.03 | J41: =I41-(SUM(L41:Y41)) -> 0 | K41: =IF(J41<0,"ATENÇÃO","OK") -> OK
C42: 39 | D42: Caneta marcador permanente, estojo com 60 cores, profissional, tinta base de água e pontas chanfradas. Similar a "magic color" | E42: Estojo | F42: MAGIC COLOR | G42: 33.90.30.16 | H42: 183.5 | J42: =I42-(SUM(L42:Y42)) -> 0 | K42: =IF(J42<0,"ATENÇÃO","OK") -> OK
C43: 40 | D43: CANETA HIDROGRAFICA FOSFORESCENTE, PARA DESTAQUE DE TEXTO, NA COR LARANJA | E43: Peça | F43: JOCAR | G43: 33.90.30.16 | H43: 0.63 | I43: 120 | J43: =I43-(SUM(L43:Y43)) -> 60 | K43: =IF(J43<0,"ATENÇÃO","OK") -> OK | M43: 24 | V43: 36
C44: 41 | D44: CANETA HIDROGRAFICA FOSFORESCENTE, PARA DESTAQUE DE TEXTO, NA COR ROSA | E44: Peça | F44: JOCAR | G44: 33.90.30.16 | H44: 0.63 | I44: 240 | J44: =I44-(SUM(L44:Y44)) -> 168 | K44: =IF(J44<0,"ATENÇÃO","OK") -> OK | M44: 24 | V44: 48
C45: 42 | D45: CANETA HIDROGRAFICA FOSFORESCENTE, PARA DESTAQUE DE TEXTO,NA COR AZUL | E45: Peça | F45: JOCAR | G45: 33.90.30.16 | H45: 0.63 | I45: 240 | J45: =I45-(SUM(L45:Y45)) -> 192 | K45: =IF(J45<0,"ATENÇÃO","OK") -> OK | V45: 48
C46: 43 | D46: CANETA MARCADOR PERMANENTE, COR AZUL, para CD e Retroprojetor, ponta 1 à 2mm | E46: Peça | F46: JOCAR | G46: 33.90.30.16 | H46: 0.93 | J46: =I46-(SUM(L46:Y46)) -> 0 | K46: =IF(J46<0,"ATENÇÃO","OK") -> OK
C47: 44 | D47: CANETA MARCADOR PERMANENTE, COR PRETA PARA CD e Retroprojetor, ponta 1 à 2mm | E47: Peça | F47: JOCAR | G47: 33.90.30.1633.90.30.16 | H47: 0.93 | J47: =I47-(SUM(L47:Y47)) -> 0 | K47: =IF(J47<0,"ATENÇÃO","OK") -> OK
C48: 45 | D48: CANETA MARCADOR PERMANENTE, COR VERDE, para CD e Retroprojetor, ponta 1 à 2mm | E48: Peça | F48: CIS | G48: 33.90.30.16 | H48: 1.23 | J48: =I48-(SUM(L48:Y48)) -> 0 | K48: =IF(J48<0,"ATENÇÃO","OK") -> OK
C49: 46 | D49: CANETA MARCADOR PERMANENTE, COR VERMELHA, para CD e Retroprojetor, ponta 1 à 2mm. | E49: Peça | F49: JOCAR | G49: 33.90.30.16 | H49: 0.93 | J49: =I49-(SUM(L49:Y49)) -> 0 | K49: =IF(J49<0,"ATENÇÃO","OK") -> OK
A50: AQUINPEL SUP. P/ INF. ESC. E PAP. EIRELI | B50: 7 | C50: 47 | D50: CANETA MARCADOR PARA QUADRO BRANCO, NA COR AZUL, não recarregável, ponta arredondada com no mínimo 3mm, refil de no mínimo 5ml. Produto com registro no INMETRO | E50: Peça | F50: GXIN | G50: 33.90.30.16 | H50: 1.97 | I50: 240 | J50: =I50-(SUM(L50:Y50)) -> 132 | K50: =IF(J50<0,"ATENÇÃO","OK") -> OK | O50: 48 | U50: 24 | W50: 36
C51: 48 | D51: CANETA MARCADOR PARA QUADRO BRANCO, NA COR PRETA, não recarregável, ponta arredondada com no mínimo 3mm, refil de no mínimo 5ml. Produto com registro no INMETRO | E51: Peça | F51: GXIN | G51: 33.90.30.16 | H51: 1.97 | I51: 240 | J51: =I51-(SUM(L51:Y51)) -> 156 | K51: =IF(J51<0,"ATENÇÃO","OK") -> OK | U51: 48 | W51: 36
C52: 49 | D52: CANETA MARCADOR PARA QUADRO BRANCO, NA COR VERDE, não recarregável, ponta arredondada com no mínimo 3mm, refil de no mínimo 5ml. Produto com registro no INMETRO | E52: Peça | F52: GXIN | G52: 33.90.30.16 | H52: 1.97 | I52: 120 | J52: =I52-(SUM(L52:Y52)) -> 48 | K52: =IF(J52<0,"ATENÇÃO","OK") -> OK | O52: 48 | T52: 0 | W52: 24
C53: 50 | D53: CANETA MARCADOR PARA QUADRO BRANCO, NA COR VERMELHA, não recarregável, ponta arredondada com no mínimo 3mm, refil de no mínimo 5ml. Produto com registro no INMETRO | E53: Peça | F53: GXIN | G53: 33.90.30.16 | H53: 1.97 | I53: 240 | J53: =I53-(SUM(L53:Y53)) -> 168 | K53: =IF(J53<0,"ATENÇÃO","OK") -> OK | O53: 48 | W53: 24
C54: 51 | D54: LIMPADOR PARA QUADRO BRANCO, REMOVEDOR DE MACHAS PARA QUADRO NAO MAGNETICO, em spray líquido, frasco com 60 ml | E54: Peça | F54: RADEX | G54: 33.90.30.16 | H54: 6.47 | J54: =I54-(SUM(L54:Y54)) -> 0 | K54: =IF(J54<0,"ATENÇÃO","OK") -> OK
A55: DIAL DEPARTAMENTOS EIRELI EPP | B55: 8 | C55: 52 | D55: CAPA DE PROTECAO, PARA DVD/CD, em acrílico transparente, dimensões aproximadas 0,5 X 14 X 12 cm. | E55: Peça | F55: MIDIA | G55: 33.90.30.17 | H55: 1.44 | I55: 100 | J55: =I55-(SUM(L55:Y55)) -> 50 | K55: =IF(J55<0,"ATENÇÃO","OK") -> OK | M55: 50
C56: 53 | D56: CD, MIDIA DE CD, gravavel, R, 700 Mb 80min 52 X | E56: Peça | F56: ELGIN | G56: 33.90.30.17 | H56: 0.51 | I56: 100 | J56: =I56-(SUM(L56:Y56)) -> 0 | K56: =IF(J56<0,"ATENÇÃO","OK") -> OK | M56: 100
C57: 54 | D57: CD, REGRAVAVEL - 80 MINUTOS, 700 Mb 80min 52 X | E57: Peça | F57: ELGIN | G57: 33.90.30.17 | H57: 1.94 | J57: =I57-(SUM(L57:Y57)) -> 0 | K57: =IF(J57<0,"ATENÇÃO","OK") -> OK
C58: 55 | D58: DVD - VIRGEM, MIDIAS DVD-RW, RW (regravavel) 4,7 GB, 120 min | E58: Peça | F58: ELGIN | G58: 33.90.30.17 | H58: 2.32 | J58: =I58-(SUM(L58:Y58)) -> 0 | K58: =IF(J58<0,"ATENÇÃO","OK") -> OK
C59: 56 | D59: DVD, MIDIA DE DVD, R (gravável) 120 Min. 4.7 GB | E59: Peça | F59: ELGIN | G59: 33.90.30.17 | H59: 0.57 | I59: 100 | J59: =I59-(SUM(L59:Y59)) -> 0 | K59: =IF(J59<0,"ATENÇÃO","OK") -> OK | M59: 100
C60: 57 | D60: Estojo para DVD - em plástico preto com Altura: 8,00mm, Largura: 13,50cm, Profundidade: 20,00cm | E60: Peça | F60: MIDIA | G60: 33.90.30.16 | H60: 2.25 | J60: =I60-(SUM(L60:Y60)) -> 0 | K60: =IF(J60<0,"ATENÇÃO","OK") -> OK
A61: DIAL DEPARTAMENTOS EIRELI EPP | B61: 9 | C61: 58 | D61: Cola líquida branca, lavável, não tóxica, tubo com 90 gramas. Com registro no INMETRO | E61: Peça | F61: PIRATININGA | G61: 33.90.30.16 | H61: 0.66 | I61: 100 | J61: =I61-(SUM(L61:Y61)) -> 28 | K61: =IF(J61<0,"ATENÇÃO","OK") -> OK | M61: 48 | V61: 24
C62: 59 | D62: COLA PLASTICA BRANCA,LAVAVEL,NAO TOXICA PASTOSA EM BASTAO COM PESO MINIMO DE 8 GRAMAS .Com registro no INMETRO | E62: Peça | F62: LEONORA | G62: 33.90.30.16 | H62: 0.42 | I62: 100 | J62: =I62-(SUM(L62:Y62)) -> 52 | K62: =IF(J62<0,"ATENÇÃO","OK") -> OK | M62: 24 | V62: 24
C63: 60 | D63: CLIPS METALICO NIQUELADO PARA PAPEIS NUMERO 1/0, CAIXA COM 100 UNIDADES | E63: Peça | F63: RAFA | G63: 33.90.30.16 | H63: 1.19 | I63: 50 | J63: =I63-(SUM(L63:Y63)) -> 50 | K63: =IF(J63<0,"ATENÇÃO","OK") -> OK
C64: 61 | D64: CLIPS METALICO NIQUELADO PARA PAPEIS NUMERO 6/0 ,CAIXA COM 50 UNIDADES | E64: Peça | F64: RAFA | G64: 33.90.30.16 | H64: 1.36 | J64: =I64-(SUM(L64:Y64)) -> 0 | K64: =IF(J64<0,"ATENÇÃO","OK") -> OK
C65: 62 | D65: CLIPS METALICO NIQUELADO PARA PAPEIS NUMERO 3/0, CAIXA COM 50 UNIDADES | E65: Peça | F65: RAFA | G65: 33.90.30.16 | H65: 1.19 | J65: =I65-(SUM(L65:Y65)) -> 0 | K65: =IF(J65<0,"ATENÇÃO","OK") -> OK
C66: 63 | D66: COLCHETE LATONADO PARA PAPEIS NUMERO 03,CAIXA COM 72 UNIDADES | E66: Peça | F66: RAFA | G66: 33.90.30.16 | H66: 1.74 | J66: =I66-(SUM(L66:Y66)) -> 0 | K66: =IF(J66<0,"ATENÇÃO","OK") -> OK
C67: 64 | D67: COLCHETE LATONADO PARA PAPEIS NUMERO 08,CAIXA COM 72 UNIDADES | E67: Peça | F67: RAFA | G67: 33.90.30.16 | H67: 2.55 | J67: =I67-(SUM(L67:Y67)) -> 0 | K67: =IF(J67<0,"ATENÇÃO","OK") -> OK
C68: 65 | D68: ELASTICO EM LATEX NUMERO 18 - EMBALAGEM COM 100 gramas | E68: Peça | F68: PREMIER | G68: 33.90.30.16 | H68: 1.82 | J68: =I68-(SUM(L68:Y68)) -> 0 | K68: =IF(J68<0,"ATENÇÃO","OK") -> OK
C69: 66 | D69: CINTA ELASTICA, PARA PROCESSO, LARGURA APROXIMADA de 4CM e aproximadamente 22 cm de comprimento não esticado | E69: Peça | F69: OLIMPIA | G69: 33.90.30.16 | H69: 0.88 | J69: =I69-(SUM(L69:Y69)) -> 0 | K69: =IF(J69<0,"ATENÇÃO","OK") -> OK
C70: 67 | D70: CLIPS METALICO NIQUELADO PARA PAPEIS, GALVANIZADO N. 8/0, CAIXA COM 25 UNIDADES | E70: Caixa | F70: RAFA | G70: 33.90.30.16 | H70: 1.15 | J70: =I70-(SUM(L70:Y70)) -> 0 | K70: =IF(J70<0,"ATENÇÃO","OK") -> OK
C71: 68 | D71: CLIPS METALICO NIQUELADO PARA PAPEIS, NUMERO 00 CAIXA COM 100 UNIDADES | E71: Peça | F71: RAFA | G71: 33.90.30.16 | H71: 1.19 | I71: 100 | J71: =I71-(SUM(L71:Y71)) -> 0 | K71: =IF(J71<0,"ATENÇÃO","OK") -> OK | M71: 50 | V71: 50
C72: 69 | D72: CLIPS METALICO NIQUELADO PARA PAPEIS, NUMERO 04 COM 100 UNIDADES, | E72: Caixa | F72: RAFA | G72: 33.90.30.16 | H72: 1.19 | I72: 100 | J72: =I72-(SUM(L72:Y72)) -> 100 | K72: =IF(J72<0,"ATENÇÃO","OK") -> OK
C73: 70 | D73: CLIPS METALICO NIQUELADO PARA PAPEIS, NUMERO 2/0, CAIXA COM 100 UNIDADES | E73: Caixa | F73: RAFA | G73: 33.90.30.16 | H73: 1.19 | I73: 100 | J73: =I73-(SUM(L73:Y73)) -> 100 | K73: =IF(J73<0,"ATENÇÃO","OK") -> OK
C74: 71 | D74: CLIPS, TIPO PREDENDOR DE PAPEL, MEDINDO 19MM, CAIXA COM 12 peças, corpo de metal com pintura epóxi e presilha em aço inoxidável. | E74: Caixa | F74: BRW | G74: 33.90.30.16 | H74: 1.34 | J74: =I74-(SUM(L74:Y74)) -> 0 | K74: =IF(J74<0,"ATENÇÃO","OK") -> OK
C75: 72 | D75: CLIPS, TIPO PRENDEDOR DE PAPEL, MEDINDO 32MM,CAIXA COM 12 peças, corpo de metal com pintura epóxi e presilha em aço inoxidável. | E75: Caixa | F75: BRW | G75: 33.90.30.16 | H75: 3.4 | J75: =I75-(SUM(L75:Y75)) -> 0 | K75: =IF(J75<0,"ATENÇÃO","OK") -> OK
C76: 73 | D76: CLIPS, TIPO PRENDEDOR,MEDINDO 51MM, CAIXA COM 12 peças, corpo de metal com pintura epóxi e presilha em aço inoxidável. | E76: Caixa | F76: BRW | G76: 33.90.30.16 | H76: 8.55 | J76: =I76-(SUM(L76:Y76)) -> 0 | K76: =IF(J76<0,"ATENÇÃO","OK") -> OK
C77: 74 | D77: CORRETIVO LIQUIDO, OPACO FRASCO COM 18ml, a base de água, não tóxico, com registro no INMETRO. | E77: Frasco | F77: ATIMA | G77: 33.90.30.16 | H77: 0.76 | I77: 60 | J77: =I77-(SUM(L77:Y77)) -> 36 | K77: =IF(J77<0,"ATENÇÃO","OK") -> OK | M77: 24
C78: 75 | D78: CORRETIVO LIQUIDO, TIPO CANETA, secagem rápida, atóxico, mínimo 7ml, com registro no INMETRO. | E78: Peça | F78: JOCAR | G78: 33.90.30.16 | H78: 1.98 | J78: =I78-(SUM(L78:Y78)) -> 0 | K78: =IF(J78<0,"ATENÇÃO","OK") -> OK
C79: 76 | D79: Cola líquida branca, lavável, não tóxica, tubo com 1kg. Com registro no INMETRO | E79: Unidade | F79: PIRATININGA | G79: 33.90.30.16 | H79: 4.54 | J79: =I79-(SUM(L79:Y79)) -> 0 | K79: =IF(J79<0,"ATENÇÃO","OK") -> OK
C80: 77 | D80: Cola líquida branca, lavável, não tóxica, tubo com 250g. Com registro no INMETRO | E80: Unidade | F80: PIRATININGA | G80: 33.90.30.16 | H80: 1.84 | J80: =I80-(SUM(L80:Y80)) -> 0 | K80: =IF(J80<0,"ATENÇÃO","OK") -> OK
A81: ALEXANDRA DOS PASSOS EIRELI EPP | B81: 10 | C81: 78 | D81: CRACHA PARA IDENTIFICACAO, bolsa em PVC cristal, tamanho aproximado de 10 X 15cm, PVC 20 vertical, com cordão PVC. | E81: Peça | F81: DAC | G81: 33.90.30.16 | H81: 0.75 | I81: 100 | J81: =I81-(SUM(L81:Y81)) -> 100 | K81: =IF(J81<0,"ATENÇÃO","OK") -> OK
C82: 79 | D82: CRACHA PARA IDENTIFICACAO, PARA EVENTOS, com grampo metal tipo jacaré, tamanho 7X10cm | E82: Peça | F82: DAC | G82: 33.90.30.16 | H82: 0.57 | J82: =I82-(SUM(L82:Y82)) -> 0 | K82: =IF(J82<0,"ATENÇÃO","OK") -> OK
A83: CLEONICE OLIVEIRA DOS SANTOS ME | B83: 11 | C83: 80 | D83: DISPLAY EM ACRILICO, TRANSPARENTE PARA FOLHA A4, para sinalizar e identificar portas. Produzido em acrilico 2mm cristal dobrável, para áreas internas ou externas, suporte adesivo dupla face para fixação em qualquer superfície plana. Tamanho aproximado: 320X225mm. | E83: Peça | F83: COMVISÃO | G83: 33.90.30.16 | H83: 24.5 | I83: 300 | J83: =I83-(SUM(L83:Y83)) -> 300 | K83: =IF(J83<0,"ATENÇÃO","OK") -> OK
C84: 81 | D84: DISPLAY EM ACRILICO, TRANSPARENTE, PARA FOLHA A3 | E84: Peça | F84: COMVISÃO | G84: 33.90.30.16 | H84: 39 | J84: =I84-(SUM(L84:Y84)) -> 0 | K84: =IF(J84<0,"ATENÇÃO","OK") -> OK
A85: DIAL DEPARTAMENTOS EIRELI EPP | B85: 12 | C85: 82 | D85: ESTILETE DE CORTE, LARGO, medindo aproximadamente 15cm, com lâmina de 2 cm de largura inclusa, cabo plástico, com registro no INMETRO | E85: Peça | F85: JOCAR | G85: 33.90.30.16 | H85: 0.81 | J85: =I85-(SUM(L85:Y85)) -> 0 | K85: =IF(J85<0,"ATENÇÃO","OK") -> OK
C86: 83 | D86: CARTOLINA MED. 50 X 65 CM COM 180GR/M2, NA COR AMARELA | E86: Folha | F86: BIGNARD | G86: 33.90.30.16 | H86: 0.39 | I86: 20 | J86: =I86-(SUM(L86:Y86)) -> 20 | K86: =IF(J86<0,"ATENÇÃO","OK") -> OK
C87: 84 | D87: CARTOLINA MED. 50 X 65 CM COM 180GR/M2, NA COR AZUL CLARO | E87: Folha | F87: BIGNARD | G87: 33.90.30.16 | H87: 0.39 | I87: 20 | J87: =I87-(SUM(L87:Y87)) -> 20 | K87: =IF(J87<0,"ATENÇÃO","OK") -> OK
C88: 85 | D88: CARTOLINA MED. 50 X 65 CM COM 180GR/M2, NA COR BRANCA | E88: Folha | F88: BIGNARD | G88: 33.90.30.16 | H88: 0.39 | I88: 20 | J88: =I88-(SUM(L88:Y88)) -> 20 | K88: =IF(J88<0,"ATENÇÃO","OK") -> OK
C89: 86 | D89: CARTOLINA MED. 50 X 65 CM COM 180GR/M2, NA COR ROSA | E89: Folha | F89: BIGNARD | G89: 33.90.30.16 | H89: 0.39 | I89: 20 | J89: =I89-(SUM(L89:Y89)) -> 20 | K89: =IF(J89<0,"ATENÇÃO","OK") -> OK
C90: 87 | D90: CARTOLINA MED. 50 X 65 CM COM 180GR/M2, NA COR VERDE | E90: Folha | F90: BIGNARD | G90: 33.90.30.16 | H90: 0.39 | I90: 20 | J90: =I90-(SUM(L90:Y90)) -> 20 | K90: =IF(J90<0,"ATENÇÃO","OK") -> OK
C91: 88 | D91: ETIL VINIL ACETATO (E.V.A), COR LARANJA MEDINDO 40X60 | E91: Folha | F91: MAKE | G91: 33.90.30.16 | H91: 1 | J91: =I91-(SUM(L91:Y91)) -> 0 | K91: =IF(J91<0,"ATENÇÃO","OK") -> OK
C92: 89 | D92: ETIL VINIL ACETATO (E.V.A), COR MARROM MEDINDO 40X60 | E92: Folha | F92: MAKE | G92: 33.90.30.16 | H92: 1 | J92: =I92-(SUM(L92:Y92)) -> 0 | K92: =IF(J92<0,"ATENÇÃO","OK") -> OK
C93: 90 | D93: ETIL VINIL ACETATO (E.V.A), COR PRETA MEDINDO 40X60 | E93: Folha | F93: MAKE | G93: 33.90.30.16 | H93: 1 | J93: =I93-(SUM(L93:Y93)) -> 0 | K93: =IF(J93<0,"ATENÇÃO","OK") -> OK
C94: 91 | D94: ETIL VINIL ACETATO (E.V.A), COR VERDE MEDINDO 40X60, VERDE ESCURO | E94: Folha | F94: MAKE | G94: 33.90.30.16 | H94: 1 | J94: =I94-(SUM(L94:Y94)) -> 0 | K94: =IF(J94<0,"ATENÇÃO","OK") -> OK
C95: 92 | D95: ETIL VINIL ACETATO (E.V.A), COR VERDE MEDINDO 40X60, VERMELHA | E95: Folha | F95: MAKE | G95: 33.90.30.16 | H95: 1 | J95: =I95-(SUM(L95:Y95)) -> 0 | K95: =IF(J95<0,"ATENÇÃO","OK") -> OK
C96: 93 | D96: ETIQUETA AUTO ADESIVA, brana, medindo.25,4 X 66,7mm, caixa com 25 folhas | E96: Caixa | F96: IMPRIMASTER | G96: 33.90.30.16 | H96: 5 | J96: =I96-(SUM(L96:Y96)) -> 0 | K96: =IF(J96<0,"ATENÇÃO","OK") -> OK
C97: 94 | D97: ETIQUETA AUTO ADESIVA, branca medindo 44,45 X 12,7mm, caixa com 25 folhas | E97: Caixa | F97: IMPRIMASTER | G97: 33.90.30.16 | H97: 5 | I97: 10 | J97: =I97-(SUM(L97:Y97)) -> 10 | K97: =IF(J97<0,"ATENÇÃO","OK") -> OK
C98: 95 | D98: ETIQUETA AUTO ADESIVA, BRANCA, medindo 101,6 X 33,9mm, folha com 14 etiquetas, caixa com 25 folhas | E98: Caixa | F98: IMPRIMASTER | G98: 33.90.30.16 | H98: 5 | I98: 5 | J98: =I98-(SUM(L98:Y98)) -> 0 | K98: =IF(J98<0,"ATENÇÃO","OK") -> OK | Q98: 5
C99: 96 | D99: ETIQUETA AUTO ADESIVA, branca, medindo 38,10 X 99,10mm, FOLHA COM 14 ETIQUETAS, caixa com 25 folhas | E99: Caixa | F99: IMPRIMASTER | G99: 33.90.30.16 | H99: 5 | J99: =I99-(SUM(L99:Y99)) -> 0 | K99: =IF(J99<0,"ATENÇÃO","OK") -> OK
C100: 97 | D100: ETIQUETA AUTO ADESIVA, reforço plástico, transparente, 14,5mm de diâmetro, caixa com 150 peças. | E100: Caixa | F100: PIMACO | G100: 33.90.30.16 | H100: 3.52 | J100: =I100-(SUM(L100:Y100)) -> 0 | K100: =IF(J100<0,"ATENÇÃO","OK") -> OK
...

Sheet CERES
A1: PROCESSO: 1651/2014/UDESC | D1: OBJETO: AQUISIÇÃO DE MATERIAIS DE EXPEDIENTE PARA A UDESC | I1: VIGÊNCIA DA ATA: 15/04/2015 até 14/04/2016 | L1: AF/OS nº 0932/2015 Qtde. DT | M1: AF/OS nº 0935/2015 Qtde. DT | N1: AF/OS nº 0937/2015 Qtde. DT | O1: AF/OS nº 1065/2015 Qtde. DT | P1: AF/OS nº 1066/2015 Qtde. DT | Q1: AF/OS nº 1067/2015 Qtde. DT | R1: AF/OS nº 1068/2015 Qtde. DT | S1: AF/OS nº 1069/2015 Qtde. DT | T1: AF/OS nº 1541/2015 Qtde. DT | U1: AF/OS nº 1963/2015 Qtde. DT | V1: AF/OS nº 1962/2015 Qtde. DT | W1: AF/OS nº 1961/2015 Qtde. DT | X1: AF/OS nº 2011/2015 Qtde. DT
A2: CENTRO PARTICIPANTE: CERES
A3: FORNECEDOR | B3: LOTE | C3: ITEM | D3: PRODUTO - CARACTERÍSTICAS MÍNIMAS | E3: UNIDADE | F3: MARCA | G3: DETALHAMENTO | H3: Preço UNITÁRIO (R$) | I3: Qtde Registrada | J3: Saldo / Automático | K3: ALERTA | L3: 42166 | M3: 42166 | N3: 42166 | O3: 42183 | P3: 42183 | Q3: 42183 | R3: 42183 | S3: 42183 | T3: 42247 | U3: 19/10/2015 LICITAMIX | V3: 19/10/2015 AQUINPEL | W3: 19/10/2015 ALEXANDRA | X3: 23/10/2015 DICAPEL
A4: LICITAMIX MAT. DE ESC. LTDA ME | B4: 1 | C4: 1 | D4: AGENDA PERMANENTE, PARA MARCAR COMPROMISSOS, com no mínimo 100 folhas. Com fitilho marcador de páginas, medindo aproximadamente 145 X 205mm | E4: Peça | F4: FTD | G4: 33.90.30.16 | H4: 18.92 | I4: 10 | J4: =I4-(SUM(L4:X4)) -> 0 | K4: =IF(J4<0,"ATENÇÃO","OK") -> OK | L4: 0 | M4: 0 | N4: 0 | O4: 0 | P4: 0 | Q4: 0 | R4: 0 | S4: 0 | T4: 0 | U4: 10 | V4: 0 | W4: 0
C5: 2 | D5: APAGADOR PARA QUADRO BRANCO, com corpo plástico de alta resistência, base com feltro de no mínimo 2mm. Medidas: comprimento entre 15 e 18 cm; largura igual ou maior que 6 cm; altura entre 3cm e 5cm. Espaço no corpo do apagador para armazenar 2 canetas marcadoras para quadro branco. | E5: Peça | F5: KIT | G5: 33.90.30.16 | H5: 5.3 | I5: 100 | J5: =I5-(SUM(L5:X5)) -> 50 | K5: =IF(J5<0,"ATENÇÃO","OK") -> OK | L5: 0 | M5: 0 | N5: 0 | O5: 0 | P5: 0 | Q5: 0 | R5: 0 | S5: 0 | T5: 0 | U5: 50 | V5: 0 | W5: 0
A6: DIAL DEPARTAMENTOS EIRELI EPP | B6: 2 | C6: 3 | D6: Aplicador/suporte para fita adesiva de 48mm X 50m, com serrilha e cabo para empacotamento | E6: peça | F6: JOCAR | G6: 33.90.30.16 | H6: 13.68 | I6: 20 | J6: =I6-(SUM(L6:X6)) -> 20 | K6: =IF(J6<0,"ATENÇÃO","OK") -> OK | L6: 0 | M6: 0 | N6: 0 | O6: 0 | P6: 0 | Q6: 0 | R6: 0 | S6: 0 | T6: 0 | U6: 0 | V6: 0 | W6: 0
C7: 4 | D7: BORRACHA DE PAPELARIA NA COR VERDE PARA COLOCAR NA PARTE DE CIMA LAPIS | E7: peça | F7: LEONORA | G7: 33.90.30.16 | H7: 0.07 | J7: =I7-(SUM(L7:X7)) -> 0 | K7: =IF(J7<0,"ATENÇÃO","OK") -> OK | L7: 0 | M7: 0 | N7: 0 | O7: 0 | P7: 0 | Q7: 0 | R7: 0 | S7: 0 | T7: 0 | U7: 0 | V7: 0 | W7: 0
C8: 5 | D8: BORRACHA PLASTICA, COR BRANCA,COM CINTA PLASTICA,MEDINDO 58X34,5X12mm. Com registro no INMETRO. | E8: peça | F8: LEONORA | G8: 33.90.30.16 | H8: 0.7 | I8: 100 | J8: =I8-(SUM(L8:X8)) -> 56 | K8: =IF(J8<0,"ATENÇÃO","OK") -> OK | L8: 0 | M8: 44 | N8: 0 | O8: 0 | P8: 0 | Q8: 0 | R8: 0 | S8: 0 | T8: 0 | U8: 0 | V8: 0 | W8: 0
C9: 6 | D9: BARBANTE DE ALGODAO, com 08 (oito) fios, ROLO COM APROXIMADAMENTE 400 GRAMAS | E9: peça | F9: KOREA | G9: 33.90.30.16 | H9: 5.74 | I9: 30 | J9: =I9-(SUM(L9:X9)) -> 30 | K9: =IF(J9<0,"ATENÇÃO","OK") -> OK | L9: 0 | M9: 0 | N9: 0 | O9: 0 | P9: 0 | Q9: 0 | R9: 0 | S9: 0 | T9: 0 | U9: 0 | V9: 0 | W9: 0
C10: 7 | D10: APONTADOR DE LAPIS, DE PLASTICO, TIPO COLEGIAL, Com recipiente para segurar sobras do lápis apontado, medindo aproximadamente 5 cm | E10: Peça | F10: LEONORA | G10: 33.90.30.16 | H10: 0.45 | I10: 96 | J10: =I10-(SUM(L10:X10)) -> 96 | K10: =IF(J10<0,"ATENÇÃO","OK") -> OK | L10: 0 | M10: 0 | N10: 0 | O10: 0 | P10: 0 | Q10: 0 | R10: 0 | S10: 0 | T10: 0 | U10: 0 | V10: 0 | W10: 0
C11: 8 | D11: BANDEJA PARA DOCUMENTOS, EM ACRILICO, COM 1 DIVISÃO, na cor transparente – tamanho A4 | E11: Peça | F11: NOVACRIL | G11: 33.90.30.16 | H11: 9.32 | J11: =I11-(SUM(L11:X11)) -> 0 | K11: =IF(J11<0,"ATENÇÃO","OK") -> OK | L11: 0 | M11: 0 | N11: 0 | O11: 0 | P11: 0 | Q11: 0 | R11: 0 | S11: 0 | T11: 0 | U11: 0 | V11: 0 | W11: 0
C12: 9 | D12: BANDEJA PARA DOCUMENTOS, EM ACRILICO, COM 2 DIVISOES, na cor transparente – tamanho A4 | E12: Peça | F12: NOVACRIL | G12: 33.90.30.16 | H12: 18.23 | I12: 100 | J12: =I12-(SUM(L12:X12)) -> 100 | K12: =IF(J12<0,"ATENÇÃO","OK") -> OK | L12: 0 | M12: 0 | N12: 0 | O12: 0 | P12: 0 | Q12: 0 | R12: 0 | S12: 0 | T12: 0 | U12: 0 | V12: 0 | W12: 0
C13: 10 | D13: BANDEJA PARA DOCUMENTOS, EM ACRILICO, COM 3 DIVISOES, NA COR TRANSPARENTE, TAMANHO A4 | E13: Peça | F13: NOVACRIL | G13: 33.90.30.16 | H13: 28.08 | I13: 150 | J13: =I13-(SUM(L13:X13)) -> 150 | K13: =IF(J13<0,"ATENÇÃO","OK") -> OK | L13: 0 | M13: 0 | N13: 0 | O13: 0 | P13: 0 | Q13: 0 | R13: 0 | S13: 0 | T13: 0 | U13: 0 | V13: 0 | W13: 0
A14: ALEXANDRA DOS PASSOS EIRELI EPP | B14: 3 | C14: 11 | D14: BLOCO DE RASCUNHO, AUTO ADESIVO, medindo 38 X 51mm, pacote com 4 blocos. Adesivos removíveis com 100 folhas, similar a marca post it. | E14: pacote | F14: MAKE | G14: 33.90.30.16 | H14: 2.06 | I14: 288 | J14: =I14-(SUM(L14:X14)) -> 188 | K14: =IF(J14<0,"ATENÇÃO","OK") -> OK | L14: 0 | M14: 0 | N14: 0 | O14: 0 | P14: 0 | Q14: 0 | R14: 0 | S14: 0 | T14: 0 | U14: 0 | V14: 0 | W14: 100
C15: 12 | D15: BLOCO DE RASCUNHO, AUTO ADESIVO, medindo 76 X 102mm, pacote com 100 folhas, amarelo, para recados. Adesivos removíveis, similar a marca post it. | E15: Peça | F15: JOCAR | G15: 33.90.30.16 | H15: 1.14 | I15: 288 | J15: =I15-(SUM(L15:X15)) -> 188 | K15: =IF(J15<0,"ATENÇÃO","OK") -> OK | L15: 0 | M15: 0 | N15: 0 | O15: 0 | P15: 0 | Q15: 0 | R15: 0 | S15: 0 | T15: 0 | U15: 0 | V15: 0 | W15: 100
A16: DIAL DEPARTAMENTOS EIRELI EPP | B16: 4 | C16: 13 | D16: ALFINETE COLORIDO, ponta redonda, CAIXA COM 50 UNIDADES | E16: Caixa | F16: JOCAR | G16: 33.90.30.16 | H16: 1.46 | I16: 50 | J16: =I16-(SUM(L16:X16)) -> 50 | K16: =IF(J16<0,"ATENÇÃO","OK") -> OK | L16: 0 | M16: 0 | N16: 0 | O16: 0 | P16: 0 | Q16: 0 | R16: 0 | S16: 0 | T16: 0 | U16: 0 | V16: 0 | W16: 0
C17: 14 | D17: APAGADOR, PARA QUADRO NEGRO, em madeira, base com feltro, medindo aproximadamente 15 X 6 X 4cm | E17: Peça | F17: CAGEMA | G17: 33.90.30.16 | H17: 1.59 | I17: 100 | J17: =I17-(SUM(L17:X17)) -> 100 | K17: =IF(J17<0,"ATENÇÃO","OK") -> OK | L17: 0 | M17: 0 | N17: 0 | O17: 0 | P17: 0 | Q17: 0 | R17: 0 | S17: 0 | T17: 0 | U17: 0 | V17: 0 | W17: 0
C18: 15 | D18: BOBINA DE PAPEL, TÉRMICO, MEDINDO 57MM X 30M, CAIXA COM 10 UNIDADES, 1 via | E18: Caixa | F18: ALLSOMA | G18: 33.90.30.16 | H18: 19.98 | J18: =I18-(SUM(L18:X18)) -> 0 | K18: =IF(J18<0,"ATENÇÃO","OK") -> OK | L18: 0 | M18: 0 | N18: 0 | O18: 0 | P18: 0 | Q18: 0 | R18: 0 | S18: 0 | T18: 0 | U18: 0 | V18: 0 | W18: 0
C19: 16 | D19: BLOCO DE PAPEL, FLIP CHART COM PICOTE, COM 50 FOLHAS, medindo aproximadamente 64cm X 88cm. | E19: Peça | F19: S.R | G19: 33.90.30.16 | H19: 14.85 | J19: =I19-(SUM(L19:X19)) -> 0 | K19: =IF(J19<0,"ATENÇÃO","OK") -> OK | L19: 0 | M19: 0 | N19: 0 | O19: 0 | P19: 0 | Q19: 0 | R19: 0 | S19: 0 | T19: 0 | U19: 0 | V19: 0 | W19: 0
C20: 17 | D20: BOBINA EM PAPEL PARA MAQUINA, BOBINA DE PAPEL TERMICO,MEDINDO 76MM X 40M, COM 1 VIA, | E20: Peça | F20: ALLSOMA | G20: 33.90.30.16 | H20: 3.11 | J20: =I20-(SUM(L20:X20)) -> 0 | K20: =IF(J20<0,"ATENÇÃO","OK") -> OK | L20: 0 | M20: 0 | N20: 0 | O20: 0 | P20: 0 | Q20: 0 | R20: 0 | S20: 0 | T20: 0 | U20: 0 | V20: 0 | W20: 0
C21: 18 | D21: CADERNO TIPO ESCOLAR, CAPA DURA, TIPO UNIVERSITARIO, COM 200 FOLHAS, Formato 203 X 280mm | E21: Peça | F21: PANAMERICANA | G21: 33.90.30.16 | H21: 4.58 | I21: 60 | J21: =I21-(SUM(L21:X21)) -> 60 | K21: =IF(J21<0,"ATENÇÃO","OK") -> OK | L21: 0 | M21: 0 | N21: 0 | O21: 0 | P21: 0 | Q21: 0 | R21: 0 | S21: 0 | T21: 0 | U21: 0 | V21: 0 | W21: 0
C22: 19 | D22: CADERNO TIPO ESCOLAR, TAMANHO PEQUENO COM 48 FOLHAS, capa dura tipo brochura. | E22: Peça | F22: PANAMERICANA | G22: 33.90.30.16 | H22: 1.47 | I22: 60 | J22: =I22-(SUM(L22:X22)) -> 60 | K22: =IF(J22<0,"ATENÇÃO","OK") -> OK | L22: 0 | M22: 0 | N22: 0 | O22: 0 | P22: 0 | Q22: 0 | R22: 0 | S22: 0 | T22: 0 | U22: 0 | V22: 0 | W22: 0
C23: 20 | D23: Calculadora média (portátil), tela inclinada para 12 dígitos, duas fontes de energia e desligamento (bateria e energia solar) telas de raiz quadrada e porcentagem, tela de apagar o último dígito, medidas aproximadas: 9 x 12 cm. | E23: Peça | F23: CLASSE | G23: 33.90.30.16 | H23: 10.13 | I23: 48 | J23: =I23-(SUM(L23:X23)) -> 32 | K23: =IF(J23<0,"ATENÇÃO","OK") -> OK | L23: 0 | M23: 16 | N23: 0 | O23: 0 | P23: 0 | Q23: 0 | R23: 0 | S23: 0 | T23: 0 | U23: 0 | V23: 0 | W23: 0
A24: ALEXANDRA DOS PASSOS EIRELI EPP | B24: 5 | C24: 21 | D24: CANETA ESFEROGRAFICA, NA COR AZUL, Corpo em poliestireno cristal, com protetor plástico entre a carga e o corpo da caneta; esfera em tungstênio; espessura da ponta de 1,00mm; formato redondo; ponta em latão usinado com esfera de tungstênio; tampa antiasfixiante. MARCA BIC, justificativa da marca anexada no processo e embasada no relatório de análise de produtos do "INMETRO". | E24: Peça | F24: BIC | G24: 33.90.30.16 | H24: 0.39 | I24: 300 | J24: =I24-(SUM(L24:X24)) -> 0 | K24: =IF(J24<0,"ATENÇÃO","OK") -> OK | L24: 150 | M24: 0 | N24: 0 | O24: 0 | P24: 0 | Q24: 0 | R24: 0 | S24: 0 | T24: 0 | U24: 0 | V24: 0 | W24: 150
C25: 22 | D25: CANETA ESFEROGRAFICA, NA COR PRETA, Corpo em poliestireno cristal, com protetor plástico entre a carga e o corpo da caneta; esfera em tungstênio;formato redondo; ponta em latão usinado com esfera de tungstênio; tampa antiasfixiante. MARCA BIC, justificativa da marca anexada no processo e embasada no relatório de análise de produtos do "INMETRO". | E25: Peça | F25: BIC | G25: 33.90.30.16 | H25: 0.39 | I25: 250 | J25: =I25-(SUM(L25:X25)) -> 0 | K25: =IF(J25<0,"ATENÇÃO","OK") -> OK | L25: 50 | M25: 0 | N25: 0 | O25: 0 | P25: 0 | Q25: 0 | R25: 0 | S25: 0 | T25: 0 | U25: 0 | V25: 0 | W25: 200
C26: 23 | D26: CANETA ESFEROGRAFICA, NA COR VERDE, Corpo em poliestireno cristal, com protetor plástico entre a carga e o corpo da caneta; esfera em tungstênio; espessura da ponta de 1,00mm; formato redondo; ponta em latão usinado com esfera de tungstênio; tampa antiasfixiante. MARCA BIC, justificativa da marca anexada no processo e embasada no relatório de análise de produtos do "INMETRO". | E26: Peça | F26: BIC | G26: 33.90.30.16 | H26: 0.33 | I26: 100 | J26: =I26-(SUM(L26:X26)) -> 0 | K26: =IF(J26<0,"ATENÇÃO","OK") -> OK | L26: 0 | M26: 0 | N26: 0 | O26: 0 | P26: 0 | Q26: 0 | R26: 0 | S26: 0 | T26: 0 | U26: 0 | V26: 0 | W26: 100
C27: 24 | D27: CANETA ESFEROGRAFICA, NA COR VERMELHA, Corpo em poliestireno cristal, com protetor plástico entre a carga e o corpo da caneta; esfera em tungstênio; espessura da ponta de 1,00mm; formato redondo; ponta em latão usinado com esfera de tungstênio; tampa antiasfixiante. MARCA BIC, justificativa da marca anexada no processo e embasada no relatório de análise de produtos do "INMETRO". | E27: Peça | F27: BIC | G27: 33.90.30.16 | H27: 0.33 | I27: 250 | J27: =I27-(SUM(L27:X27)) -> 150 | K27: =IF(J27<0,"ATENÇÃO","OK") -> OK | L27: 0 | M27: 0 | N27: 0 | O27: 0 | P27: 0 | Q27: 0 | R27: 0 | S27: 0 | T27: 0 | U27: 0 | V27: 0 | W27: 100
A28: DIAL DEPARTAMENTOS EIRELI EPP | B28: 6 | C28: 25 | D28: PINCEL ATOMICO NA COR AZUL, PONTA OBLÍQUA (CHANFRADA), COM REGISTRO NO INMETRO. | E28: Peça | F28: J.STAMP | G28: 33.90.30.16 | H28: 0.82 | I28: 48 | J28: =I28-(SUM(L28:X28)) -> 48 | K28: =IF(J28<0,"ATENÇÃO","OK") -> OK | L28: 0 | M28: 0 | N28: 0 | O28: 0 | P28: 0 | Q28: 0 | R28: 0 | S28: 0 | T28: 0 | U28: 0 | V28: 0 | W28: 0
C29: 26 | D29: PINCEL ATOMICO NA COR PRETA PONTA OBLÍQUA (CHANFRADA), COM REGISTRO NO INMETRO. | E29: Peça | F29: J.STAMP | G29: 33.90.30.16 | H29: 0.82 | I29: 48 | J29: =I29-(SUM(L29:X29)) -> 48 | K29: =IF(J29<0,"ATENÇÃO","OK") -> OK | L29: 0 | M29: 0 | N29: 0 | O29: 0 | P29: 0 | Q29: 0 | R29: 0 | S29: 0 | T29: 0 | U29: 0 | V29: 0 | W29: 0
C30: 27 | D30: PINCEL ATOMICO NA COR VERDE PONTA OBLÍQUA (CHANFRADA), COM REGISTRO NO INMETRO. | E30: Peça | F30: J.STAMP | G30: 33.90.30.16 | H30: 0.82 | I30: 48 | J30: =I30-(SUM(L30:X30)) -> 48 | K30: =IF(J30<0,"ATENÇÃO","OK") -> OK | L30: 0 | M30: 0 | N30: 0 | O30: 0 | P30: 0 | Q30: 0 | R30: 0 | S30: 0 | T30: 0 | U30: 0 | V30: 0 | W30: 0
